Workbook
Name MAO_DE_OBRA: [2]!Tabela1[#Data]
Name MO: [2]!Tabela1[#Data]
Name Print_Area: 'Mob Equipamento'!$A$1:$N$36
Name Print_Area: 'Mob Pessoal'!$A$1:$M$25
Name Print_Titles: 'Mob Equipamento'!$1:$5
Name Print_Titles: 'Mob Pessoal'!$1:$5
Name Serviços: [3]Serviços!$A$3:$F$1403

Sheet Resumo
A1: DISCRIMINAÇÃO | G1: Data Base: Julho/2022 (Des)
A2: I - SERVIÇOS | F2: VALOR (Des) | H2: Percent. (%)
A3: Serviços Preliminares | F3: R$ | G3: =Orçamento!J16 -> 0 | H3: =G3/G$15 -> #DIV/0!
A4: Ponte sobre o Rio Piracicaba
A5: Infraestrutura | F5: R$ | G5: =Orçamento!J46 -> 0 | H5: =G5/G$15 -> #DIV/0!
A6: Mesoestrutura | F6: R$ | G6: =Orçamento!J58 -> 0 | H6: =G6/G$15 -> #DIV/0!
A7: Superestrutura | F7: R$ | G7: =Orçamento!J105 -> 0 | H7: =G7/G$15 -> #DIV/0!
A8: Passagem Inferior | F8: R$ | G8: =Orçamento!J115 -> 0 | H8: =G8/G$15 -> #DIV/0!
A9: Movimento de Terras | F9: R$ | G9: =Orçamento!J123 -> 0 | H9: =G9/G$15 -> #DIV/0!
A10: Drenagem | F10: R$ | G10: =Orçamento!J140 -> 0 | H10: =G10/G$15 -> #DIV/0!
A11: Iluminação | F11: R$ | G11: =Orçamento!J174 -> 0 | H11: =G11/G$15 -> #DIV/0!
A12: Pavimentação | F12: R$ | G12: =Orçamento!J185 -> 0 | H12: =G12/G$15 -> #DIV/0!
A13: Sinalização | F13: R$ | G13: =Orçamento!J196 -> 0 | H13: =G13/G$15 -> #DIV/0!
A14: Administração Local | F14: R$ | G14: =Orçamento!J248 -> 0 | H14: =G14/G$15 -> #DIV/0!
A15: Total geral | F15: R$ | G15: =SUM(G3:G14) -> 0 | H15: =G15/G$15 -> #DIV/0!
A16: Valor por m² de ponte | D16: Área (m²): | E16: =B23*E23 -> 1755.6 | F16: R$ | G16: =G15/E16 -> 0
A17: PREFEITURA MUNICIPAL DE NOVA ERA | F17: RESUMO DO ORÇAMENTO
A19: Obra: | B19: Ponte sob o rio Piracicaba | F19: PROJETO DE ENGENHARIA
A20: Rodovia: | B20: Ligação entre Rua Quincas Honorato e Rua Rio Piracicaba
A21: Trecho: | B21: Ponto localizado
A22: Coord: | B22: 19°45'54.13"S / 43° 1'45.24"O
A23: Extensão: | B23: 125.4 | D23: Largura: | E23: 14
A24: BDI (Serv): | B24: =BDI!D19/100 -> 0.2674 | D24: BDI(Mat-Equip) | E24: =BDI!D35/100 -> 0.2092

Sheet Orçamento
A1: ="OBRA: "&UPPER(Resumo!$B$19) -> OBRA: PONTE SOB O RIO PIRACICABA | D1: BONIFICAÇÃO E | G1: PREFEITURA MUNICIPAL DE ERVAL SECO
A2: ="RODOVIA: "&UPPER(Resumo!$B$20) -> RODOVIA: LIGAÇÃO ENTRE RUA QUINCAS HONORATO E RUA RIO PIRACICABA | D2: DESPESAS INDIRETAS | G2: QUADRO DE QUANTIDADES E CUSTOS
A3: ="TRECHO: "&UPPER(Resumo!$B$21) -> TRECHO: PONTO LOCALIZADO | D3: BDI normal: | F3: =BDI!D19/100 -> 0.2674 | G3: TABELA REFERÊNCIA: SICRO / DNIT
A4: ="COORDENADAS: "&UPPER(Resumo!$B$22) -> COORDENADAS: 19°45'54.13"S / 43° 1'45.24"O | D4: BDI Mat./Equip: | F4: =BDI!D35/100 -> 0.2092 | G4: DATA BASE: JULHO/2022 (DESON)
A5: ITEM | B5: CÓDIGO SICRO/ SINAPI | C5: ITENS DE SERVIÇO | D5: ESPECIF | E5: DMT | F5: UNID | G5: QUANT. | H5: PREÇO UNIT SEM BDI | I5: PREÇO UNIT COM BDI | J5: VALOR (R$)
A7: 1 | C7: SERVIÇOS PRELIMINARES | D7: DNIT-ES 116/09
A8: 1.1 | B8: S/C | C8: Instalação de canteiro de obras e alojamentos | F8: unid | G8: 1 | I8: =TRUNC(H8*(1+$F$3),2) -> 0 | J8: =TRUNC(G8*I8,2) -> 0
A9: 1.2 | B9: S/C | C9: Mobilização de pessoal e baixadas | F9: unid | G9: 1 | I9: =TRUNC(H9*(1+$F$3),2) -> 0 | J9: =TRUNC(G9*I9,2) -> 0
A10: 1.3 | B10: S/C | C10: Desmobilização de pessoal e baixadas | F10: unid | G10: 1 | I10: =TRUNC(H10*(1+$F$3),2) -> 0 | J10: =TRUNC(G10*I10,2) -> 0
A11: 1.4 | B11: S/C | C11: Mobilização de equipamento | F11: unid | G11: 1 | I11: =TRUNC(H11*(1+$F$3),2) -> 0 | J11: =TRUNC(G11*I11,2) -> 0
A12: 1.5 | B12: S/C | C12: Desmobilização de equipamento | F12: unid | G12: 1 | I12: =TRUNC(H12*(1+$F$3),2) -> 0 | J12: =TRUNC(G12*I12,2) -> 0
A13: 1.6 | B13: 74209/001 | C13: Placa de obra em chapa de aço galvanizado | F13: m² | G13: 16 | I13: =TRUNC(H13*(1+$F$3),2) -> 0 | J13: =TRUNC(G13*I13,2) -> 0
A14: 1.7 | B14: 2108169 | C14: Escoramento com pontaletes D = 15 cm - utilização de 1 vez - confecção e instalação | F14: m³ | G14: 1714.6 | I14: =TRUNC(H14*(1+$F$3),2) -> 0 | J14: =TRUNC(G14*I14,2) -> 0
A15: 1.8 | B15: S/C | C15: Demolição manual de construções provisórias de madeira - com reaproveitamento | F15: m² | G15: ='Canteiro Qtd'!E55 -> 17.25 | I15: =TRUNC(H15*(1+$F$3),2) -> 0 | J15: =TRUNC(G15*I15,2) -> 0
C16: Subtotal de serviços preliminares | J16: =SUM(J8:J15) -> 0
A18: 2 | C18: PONTE SOBRE O RIO PIRACICABA
A19: 2.1 | C19: INFRAESTRUTURA
A20: 2.1.1 | C20: Estacas
A21: 2.1.1.1 | B21: 5502135 | C21: Escavação, carga e transporte de material de 1ª categoria - DMT de 50 a 200 m - caminho de serviço em revestimento primário - com escavadeira e caminhão basculante de 14 m³ | F21: m³ | G21: 0 | H21: =Composições!$I$27 -> 5.58 | I21: =TRUNC(H21*(1+$F$3),2) -> 7.07 | J21: =TRUNC(G21*I21,2) -> 0
A22: 2.1.1.2 | B22: 2003864 | C22: Esgotamento de água com bomba submersa | F22: h | G22: 0 | H22: =Composições!$I$56 -> 22.76 | I22: =TRUNC(H22*(1+$F$3),2) -> 28.84 | J22: =TRUNC(G22*I22,2) -> 0
A23: 2.1.1.1 | B23: 2306065 | C23: Estaca raiz perfurada no solo com D = 31 cm – confecção | D23: DNIT-ES 121/09 | F23: m | G23: 636 | I23: =TRUNC(H23*(1+$F$3),2) -> 0 | J23: =TRUNC(G23*I23,2) -> 0
A24: 2.1.1.2 | B24: 2306070 | C24: Estaca raiz perfurada na rocha com D = 31 cm – confecção | D24: DNIT-ES 121/09 | F24: m | G24: 216 | I24: =TRUNC(H24*(1+$F$3),2) -> 0 | J24: =TRUNC(G24*I24,2) -> 0
A25: 2.1.1.3 | B25: M2321 | C25: Revestimento para estaca raiz SCH 80 - D Externo = 323,8 mm - 132,04 kg/m | F25: m | G25: 96 | I25: =TRUNC(H25*(1+$F$4),2) -> 0 | J25: =TRUNC(G25*I25,2) -> 0
A26: 2.1.1.4 | B26: 407819 | C26: Armação em aço CA-50 - fornecimento, preparo e colocação | D26: DNIT-ES 118/09 | F26: kg | G26: 23614 | I26: =TRUNC(H26*(1+$F$3),2) -> 0 | J26: =TRUNC(G26*I26,2) -> 0
C27: Subtotal de Estacas | J27: =SUM(J21:J26) -> 0
A29: 2.1.2 | C29: Blocos + Vigas de Equilíbrio
A30: 2.1.2.1 | B30: 5501706 | C30: Escavação mecânica com retroescavadeira em material de 1ª categoria | F30: m³ | G30: 654.68 | I30: =TRUNC(H30*(1+$F$3),2) -> 0 | J30: =TRUNC(G30*I30,2) -> 0
A31: 2.1.2.2 | B31: 1106057 | C31: Concreto magro - confecção em betoneira e lançamento manual - areia e brita comerciais | D31: DNIT-ES 117/09 | F31: m³ | G31: 10.61 | I31: =TRUNC(H31*(1+$F$3),2) -> 0 | J31: =TRUNC(G31*I31,2) -> 0
A32: 2.1.2.3 | B32: 1107900 | C32: Concreto fck = 30 MPa - confecção em betoneira e lançamento manual - areia e brita comerciais | D32: DNIT-ES 117/09 | F32: m³ | G32: 175 | I32: =TRUNC(H32*(1+$F$3),2) -> 0 | J32: =TRUNC(G32*I32,2) -> 0
A33: 2.1.2.4 | B33: 1106050 | C33: Lançamento livre de concreto usinado por meio de caminhão betoneira - confecção em central dosadora de 30 m³/h | F33: m³ | G33: =G32 -> 175 | I33: =TRUNC(H33*(1+$F$3),2) -> 0 | J33: =TRUNC(G33*I33,2) -> 0
A34: 2.1.2.5 | B34: 1107860 | C34: Lançamento mecânico de concreto com bomba lança sobre chassi com capacidade de 50 m³/h - confecção em central dosadora de 40 m³/h | F34: m³ | G34: =G32 -> 175 | I34: =TRUNC(H34*(1+$F$3),2) -> 0 | J34: =TRUNC(G34*I34,2) -> 0
A35: 2.1.2.6 | B35: 1100657 | C35: Adensamento de concreto por vibrador de imersão | F35: m³ | G35: =G32+G31 -> 185.61 | I35: =TRUNC(H35*(1+$F$3),2) -> 0 | J35: =TRUNC(G35*I35,2) -> 0
A36: 2.1.2.7 | B36: 407819 | C36: Armação em aço CA-50 - fornecimento, preparo e colocação | D36: DNIT-ES 118/09 | F36: kg | G36: 11251 | I36: =TRUNC(H36*(1+$F$3),2) -> 0 | J36: =TRUNC(G36*I36,2) -> 0
A37: 2.1.2.8 | B37: 3108017 | C37: Formas de compensado resinado 14 mm - utilização de 3 vezes - confecção, instalação e retirada | D37: DNIT-ES 120/09 | F37: m² | G37: 327.76 | I37: =TRUNC(H37*(1+$F$3),2) -> 0 | J37: =TRUNC(G37*I37,2) -> 0
A38: 2.1.2.9 | B38: 2003850 | C38: Lastro de brita comercial compactado com soquete vibratório - espalhamento manual | F38: m³ | G38: 10.03 | I38: =TRUNC(H38*(1+$F$3),2) -> 0 | J38: =TRUNC(G38*I38,2) -> 0
A39: 2.1.2.10 | B39: 2306247 | C39: Arrazamento de estacasde concretocom seção de até 900 cm³ | F39: m³ | G39: 15.07 | I39: =TRUNC(H39*(1+$F$3),2) -> 0 | J39: =TRUNC(G39*I39,2) -> 0
A40: 2.1.2.11 | B40: 4915671 | C40: Reaterro e compactação com soquete vibratório | F40: m² | G40: 348.34 | I40: =TRUNC(H40*(1+$F$3),2) -> 0 | J40: =TRUNC(G40*I40,2) -> 0
A41: 2.1.2.12 | B41: 2108167 | C41: Escoramento com pontaletes D = 10 cm - utilização de 3 vez - confeccção e instalação e retirada | F41: m³ | G41: 149.36 | I41: =TRUNC(H41*(1+$F$3),2) -> 0 | J41: =TRUNC(G41*I41,2) -> 0
A42: 2.1.2.13 | B42: 2106235 | C42: Escoramento metálico com quadro tubular contraventado - capacidade de carga até 3,8 t/m² - quadro de 1,0 x 1,0 x 1,2 m - utilização de 50 vezes - fornecimento, instalação e retirada - ( plataforma de trabalho ) | F42: m³ | G42: 44.26 | I42: =TRUNC(H42*(1+$F$3),2) -> 0 | J42: =TRUNC(G42*I42,2) -> 0
A43: 2.1.2.14 | B43: 1106165 | C43: Concreto ciclópico fck = 20 MPa - confecção em betoneira e lançamento manual - areia, brita e pedra de mão comerciais | F43: m² | G43: 0 | H43: =Composições!$I$2309 -> 312.03 | I43: =TRUNC(H43*(1+$F$3),2) -> 395.46 | J43: =TRUNC(G43*I43,2) -> 0
C44: Subtotal de Blocos | J44: =SUM(J30:J43) -> 0
C46: Subtotal de Infraestrutura | J46: =J27+J44 -> 0
A48: 2.2 | C48: MESOESTRUTURA
A49: 2.2.1 | C49: Viga do Pórtico + Aparelhos de Apoio
A50: 2.2.1.1 | B50: 1107900 | C50: Concreto fck = 30 MPa - confecção em betoneira e lançamento manual - areia e brita comerciais | D50: DNIT-ES 117/09 | F50: m³ | G50: 171.35 | I50: =TRUNC(H50*(1+$F$3),2) -> 0 | J50: =TRUNC(G50*I50,2) -> 0
A51: 2.2.1.2 | B51: 1107860 | C51: Lançamento mecânico de concreto com bomba lança sobre chassi com capacidade de 50 m³/h - confecção em central dosadora de 40 m³/h | F51: m³ | G51: =G50 -> 171.35 | I51: =TRUNC(H51*(1+$F$3),2) -> 0 | J51: =TRUNC(G51*I51,2) -> 0
A52: 2.2.1.3 | B52: 1100657 | C52: Adensamento de concreto por vibrador de imersão | F52: m³ | G52: =G50 -> 171.35 | I52: =TRUNC(H52*(1+$F$3),2) -> 0 | J52: =TRUNC(G52*I52,2) -> 0
A53: 2.2.1.4 | B53: 407819 | C53: Armação em aço CA-50 - fornecimento, preparo e colocação | D53: DNIT-ES 118/09 | F53: kg | G53: 18796 | I53: =ROUND(H53*(1+$F$3),2) -> 0 | J53: =TRUNC(G53*I53,2) -> 0
A54: 2.2.1.5 | B54: 3108017 | C54: Formas de compensado resinado 14 mm - utilização de 3 vezes - confecção, instalação e retirada | D54: DNIT-ES 120/09 | F54: m² | G54: 439.5 | I54: =TRUNC(H54*(1+$F$3),2) -> 0 | J54: =TRUNC(G54*I54,2) -> 0
A55: 2.2.1.6 | B55: 307732 | C55: Aparelho de apoio de neoprene fretado para estruturas pré-moldadas - fornecimento e instalação | F55: dm³ | G55: 312 | I55: =TRUNC(H55*(1+$F$3),2) -> 0 | J55: =TRUNC(G55*I55,2) -> 0
A56: 2.2.1.7 | B56: 2108167 | C56: Escoramento com pontaletes D = 10 cm - utilização de 3 vez - confeccção e instalação e retirada | F56: m³ | G56: 362.7 | I56: =TRUNC(H56*(1+$F$3),2) -> 0 | J56: =TRUNC(G56*I56,2) -> 0
A57: 2.2.1.8 | B57: 2106235 | C57: Escoramento metálico com quadro tubular contraventado - capacidade de carga até 3,8 t/m² - quadro de 1,0 x 1,0 x 1,2 m - utilização de 50 vezes - fornecimento, instalação e retirada - ( plataforma de trabalho ) | F57: m³ | G57: 93.6 | I57: =TRUNC(H57*(1+$F$3),2) -> 0 | J57: =TRUNC(G57*I57,2) -> 0
C58: Subtotal de mesoestrutura | J58: =SUM(J50:J57) -> 0
A60: 2.3 | C60: SUPERESTRUTURA
A61: 2.3.1 | C61: Longarinas
A62: 2.3.1.1 | B62: 1107908 | C62: Concreto fck = 40 MPa - confecção em betoneira e lançamento manual - areia e brita comerciais | D62: DNIT-ES 117/09 | F62: m³ | G62: 349.9 | I62: =TRUNC(H62*(1+$F$3),2) -> 0 | J62: =TRUNC(G62*I62,2) -> 0
A63: 2.3.1.2 | B63: 1107860 | C63: Lançamento mecânico de concreto com bomba lança sobre chassi com capacidade de 50 m³/h - confecção em central dosadora de 40 m³/h | F63: m³ | G63: =G62 -> 349.9 | I63: =TRUNC(H63*(1+$F$3),2) -> 0 | J63: =TRUNC(G63*I63,2) -> 0
A64: 2.3.1.3 | B64: 1100657 | C64: Adensamento de concreto por vibrador de imersão | F64: m³ | G64: =G62 -> 349.9 | I64: =TRUNC(H64*(1+$F$3),2) -> 0 | J64: =TRUNC(G64*I64,2) -> 0
A65: 2.3.1.4 | B65: 0407819 | C65: Armação em aço CA-50 - fornecimento, preparo e colocação | D65: DNIT-ES 118/09 | F65: kg | G65: 58825 | I65: =TRUNC(H65*(1+$F$3),2) -> 0 | J65: =TRUNC(G65*I65,2) -> 0
A66: 2.3.1.5 | B66: 3108017 | C66: Formas de compensado resinado 14 mm - utilização de 3 vezes - confecção, instalação e retirada | D66: DNIT-ES 120/09 | F66: m² | G66: 2289.3 | I66: =TRUNC(H66*(1+$F$3),2) -> 0 | J66: =TRUNC(G66*I66,2) -> 0
A67: 2.3.1.6 | B67: 4507956 | C67: Cordoalha CP 190 RB D = 12,7 mm - fornecimento, preparo e colocação | D67: DNIT-ES 119/09 | F67: kg | G67: 18498 | I67: =TRUNC(H67*(1+$F$3),2) -> 0 | J67: =TRUNC(G67*I67,2) -> 0
A68: 2.3.1.7 | B68: 4507755 | C68: Ancoragem ativa com 12 cordoalhas aderentes D = 12,7 mm - fornecimento e instalação | F68: un | G68: 300 | I68: =TRUNC(H68*(1+$F$3),2) -> 0 | J68: =TRUNC(G68*I68,2) -> 0
A69: 2.3.1.8 | B69: 4507835 | C69: Bainha metálica diâmetro 65 mm para 12 cordoalhas D = 12,7 mm, semirrígida, redonda, com montagem e injeção de nata de cimento | F69: m | G69: 3978 | I69: =TRUNC(H69*(1+$F$3),2) -> 0 | J69: =TRUNC(G69*I69,2) -> 0
A70: 2.3.1.9 | B70: 3806420 | C70: Lançamento de viga pré-moldada de até 500 kN com utilização de guindaste | F70: un | G70: 25 | I70: =TRUNC(H70*(1+$F$3),2) -> 0 | J70: =TRUNC(G70*I70,2) -> 0
A71: 2.3.1.10 | B71: 5915400 | C71: Carga, descarga e manobra de vigas pré-moldadas de até 500 kN em cavalo mecânico com dolly de 4 eixos com capacidade de 57 t | F71: un | G71: 25 | I71: =TRUNC(H71*(1+$F$3),2) -> 0 | J71: =TRUNC(G71*I71,2) -> 0
C72: Subtotal de Longarinas | J72: =SUM(J62:J71) -> 0
A74: 2.3.2 | C74: Laje + Alas + Transversinas + Cortinas
A75: 2.3.2.1 | B75: 1107900 | C75: Concreto fck = 30 MPa - confecção em betoneira e lançamento manual - areia e brita comerciais | D75: DNIT-ES 117/09 | F75: m³ | G75: 433.26 | I75: =TRUNC(H75*(1+$F$3),2) -> 0 | J75: =TRUNC(G75*I75,2) -> 0
A76: 2.3.2.2 | B76: 1107860 | C76: Lançamento mecânico de concreto com bomba lança sobre chassi com capacidade de 50 m³/h - confecção em central dosadora de 40 m³/h | F76: m³ | G76: =G75 -> 433.26 | I76: =TRUNC(H76*(1+$F$3),2) -> 0 | J76: =TRUNC(G76*I76,2) -> 0
A77: 2.3.2.3 | B77: 1100657 | C77: Adensamento de concreto por vibrador de imersão | F77: m³ | G77: =G75 -> 433.26 | I77: =TRUNC(H77*(1+$F$3),2) -> 0 | J77: =TRUNC(G77*I77,2) -> 0
A78: 2.3.2.4 | B78: 0407819 | C78: Armação em aço CA-50 - fornecimento, preparo e colocação | D78: DNIT-ES 118/09 | F78: kg | G78: 60576 | I78: =TRUNC(H78*(1+$F$3),2) -> 0 | J78: =TRUNC(G78*I78,2) -> 0
A79: 2.3.2.5 | B79: 407820 | C79: Armação em aço CA-60 - fornecimento, preparo e colocação | D79: DNIT-ES 118/09 | F79: kg | G79: 2096 | I79: =TRUNC(H79*(1+$F$3),2) -> 0 | J79: =TRUNC(G79*I79,2) -> 0
A80: 2.3.2.6 | B80: 3108017 | C80: Formas de compensado resinado 14 mm - utilização de 3 vezes - confecção, instalação e retirada | D80: DNIT-ES 120/09 | F80: m² | G80: 776.5 | I80: =TRUNC(H80*(1+$F$3),2) -> 0 | J80: =TRUNC(G80*I80,2) -> 0
A81: 2.3.2.7 | B81: 3806426 | C81: Lançamento de pré-laje com utilização de guindauto | F81: t | G81: 155 | I81: =TRUNC(H81*(1+$F$3),2) -> 0 | J81: =TRUNC(G81*I81,2) -> 0
A82: 2.3.2.8 | B82: 5915373 | C82: Carga, manobra e descarga de materiais diversos em caminhão carroceria com capacidade de 7t e com guindauto de 20 t.m | F82: t | G82: =G81 -> 155 | I82: =TRUNC(H82*(1+$F$3),2) -> 0 | J82: =TRUNC(G82*I82,2) -> 0
C83: Subtotal de Laje + Alas + Berços + Transversinas + Cortinas | J83: =SUM(J75:J82) -> 0
A85: 2.3.3 | C85: Barreia New Jersey + Placa de Transição
A86: 2.3.3.1 | B86: 1107900 | C86: Concreto fck = 30 MPa - confecção em betoneira e lançamento manual - areia e brita comerciais | D86: DNIT-ES 117/09 | F86: m³ | G86: 89.06 | I86: =TRUNC(H86*(1+$F$3),2) -> 0 | J86: =TRUNC(G86*I86,2) -> 0
A87: 2.3.3.2 | B87: 1106057 | C87: Concreto magro - confecção em betoneira e lançamento manual - areia e brita comerciais | F87: m³ | G87: 9.88 | I87: =TRUNC(H87*(1+$F$3),2) -> 0 | J87: =TRUNC(G87*I87,2) -> 0
A88: 2.3.3.3 | B88: 1107860 | C88: Lançamento mecânico de concreto com bomba lança sobre chassi com capacidade de 50 m³/h - confecção em central dosadora de 40 m³/h | F88: m³ | G88: =G86 -> 89.06 | I88: =TRUNC(H88*(1+$F$3),2) -> 0 | J88: =TRUNC(G88*I88,2) -> 0
A89: 2.3.3.4 | B89: 1100657 | C89: Adensamento de concreto por vibrador de imersão | F89: m³ | G89: =G86+G87 -> 98.94 | I89: =TRUNC(H89*(1+$F$3),2) -> 0 | J89: =TRUNC(G89*I89,2) -> 0
A90: 2.3.3.5 | B90: 0407819 | C90: Armação em aço CA-50 - fornecimento, preparo e colocação | D90: DNIT-ES 118/09 | F90: kg | G90: 8317 | I90: =TRUNC(H90*(1+$F$3),2) -> 0 | J90: =TRUNC(G90*I90,2) -> 0
A91: 2.3.3.6 | B91: 2003850 | C91: Lastro de brita comercial compactado com soquete vibratório - espalhamento manual | D91: DNIT-ES 118/09 | F91: kg | G91: 4.94 | I91: =TRUNC(H91*(1+$F$3),2) -> 0 | J91: =TRUNC(G91*I91,2) -> 0
A92: 2.3.3.7 | B92: 3108017 | C92: Formas de compensado resinado 14 mm - utilização de 3 vezes - confecção, instalação e retirada | D92: DNIT-ES 120/09 | F92: m² | G92: 524.7 | I92: =TRUNC(H92*(1+$F$3),2) -> 0 | J92: =TRUNC(G92*I92,2) -> 0
A93: 2.3.3.5 | B93: 2007971 | C93: Dreno de PVC D = 100 mm - fornecimento e instalação | F93: un | G93: =26*4*0.6 -> 62.4 | I93: =TRUNC(H93*(1+$F$3),2) -> 0 | J93: =TRUNC(G93*I93,2) -> 0
A94: 2.3.3.6 | B94: 99837 | C94: Guarda-corpo de aço galvanizado de 1,10m, montantes tubulares de 1.1/4"" espaçados de 1,20m, travessa superior de 1.1/2"", gradil formado por tubos horizontais de 1"" e verticais de 3/4"", fixado com chumbador mecânico | F94: m | G94: =264+40+40 -> 344 | I94: =TRUNC(H94*(1+$F$4),2) -> 0 | J94: =TRUNC(G94*I94,2) -> 0
C95: Subtotal de Barreia New Jersey + Placa de Transição | J95: =SUM(J86:J94) -> 0
A97: 2.3.4 | C97: Acabamentos
A98: 2.3.4.1 | B98: 1600989 | C98: Demolição de concreto simples com martelete | F98: m³ | G98: =(266.03+277.34)*0.06 -> 32.6022 | I98: =TRUNC(H98*(1+$F$3),2) -> 0 | J98: =TRUNC(G98*I98,2) -> 0
A99: 2.3.4.2 | B99: 0407819 | C99: Armação em aço CA-50 - fornecimento, preparo e colocação | D99: DNIT-ES 118/09 | F99: kg | G99: 1164.9 | I99: =TRUNC(H99*(1+$F$3),2) -> 0 | J99: =TRUNC(G99*I99,2) -> 0
A100: 2.3.4.3 | B100: 1107900 | C100: Concreto fck = 30 MPa - confecção em betoneira e lançamento manual - areia e brita comerciais | F100: m³ | G100: =1260.71*0.06 -> 75.6426 | I100: =TRUNC(H100*(1+$F$3),2) -> 0 | J100: =TRUNC(G100*I100,2) -> 0
A101: 2.3.4.4 | B101: 1107860 | C101: Lançamento mecânico de concreto com bomba lança sobre chassi com capacidade de 50 m³/h - confecção em central dosadora de 40 m³/h | F101: m³ | G101: =G100 -> 75.6426 | I101: =TRUNC(H101*(1+$F$3),2) -> 0 | J101: =TRUNC(G101*I101,2) -> 0
A102: 2.3.4.5 | B102: 1100657 | C102: Adensamento de concreto por vibrador de imersão | F102: m³ | G102: =G100 -> 75.6426 | I102: =TRUNC(H102*(1+$F$3),2) -> 0 | J102: =TRUNC(G102*I102,2) -> 0
C103: Acabamentos | J103: =SUM(J98:J102) -> 0
C105: Subtotal de Superestrutura | J105: =J72+J83+J95+J103 -> 0
A107: 2.4 | C107: PASSAGEM INFERIOR
A108: 2.4.1 | B108: 1107900 | C108: Concreto fck = 30 MPa - confecção em betoneira e lançamento manual - areia e brita comerciais | D108: DNIT-ES 117/09 | F108: m³ | G108: =261.98+74.4+8.6+32.7 -> 377.68 | I108: =TRUNC(H108*(1+$F$3),2) -> 0 | J108: =TRUNC(G108*I108,2) -> 0
A109: 2.4.2 | B109: 1106057 | C109: Concreto magro - confecção em betoneira e lançamento manual - areia e brita comerciais | F109: m³ | G109: 9.88 | I109: =TRUNC(H109*(1+$F$3),2) -> 0 | J109: =TRUNC(G109*I109,2) -> 0
A110: 2.4.3 | B110: 1107860 | C110: Lançamento mecânico de concreto com bomba lança sobre chassi com capacidade de 50 m³/h - confecção em central dosadora de 40 m³/h | F110: m³ | G110: =G108 -> 377.68 | I110: =TRUNC(H110*(1+$F$3),2) -> 0 | J110: =TRUNC(G110*I110,2) -> 0
A111: 2.4.4 | B111: 1100657 | C111: Adensamento de concreto por vibrador de imersão | F111: m³ | G111: =G108+G109 -> 387.56 | I111: =TRUNC(H111*(1+$F$3),2) -> 0 | J111: =TRUNC(G111*I111,2) -> 0
...

Sheet Cronograma
A1: PREFEITURA MUNICIPAL DE NOVA ERA | I1: ESTADO DE MINAS GERAIS
A4: ="Obra: "&Resumo!B19 -> Obra: Ponte sob o rio Piracicaba | I4: CRONOGRAMA FÍSICO - FINANCEIRO
A5: ="Rodovia: "&Resumo!B20 -> Rodovia: Ligação entre Rua Quincas Honorato e Rua Rio Piracicaba
A6: ="Trecho: "&Resumo!B21 -> Trecho: Ponto localizado
A7: ="Coordenadas: "&UPPER(Resumo!$B$22) -> Coordenadas: 19°45'54.13"S / 43° 1'45.24"O | H7: D. Base: Jul/2022 (Des)
A9: ITEM | B9: SERVIÇOS | E9: CRONOGRAMA FÍSICO - FINANCEIRO
E10: Meses
B11: DISCRIMINAÇÃO | D11: TOTAL | E11: 1 | G11: =E11+1 -> 2 | I11: =G11+1 -> 3 | K11: =I11+1 -> 4 | M11: =K11+1 -> 5
D12: (R$) | E12: % | F12: VALOR | G12: % | H12: VALOR | I12: % | J12: VALOR | K12: % | L12: VALOR | M12: % | N12: VALOR
A13: 1 | B13: Serviços preliminares | D13: =Orçamento!J16 -> 0 | E13: 0.75 | F13: =E13*$D13 -> 0 | H13: =G13*$D13 -> 0 | J13: =I13*$D13 -> 0 | L13: =K13*$D13 -> 0 | N13: =M13*$D13 -> 0
A14: 2 | B14: Ponte sobre o Rio Guarita
A15: 2.1 | B15: Infraestrutura | D15: =Resumo!G5 -> 0 | G15: =1/3 -> 0.33333333 | H15: =G15*$D15 -> 0 | I15: =1/3 -> 0.33333333 | J15: =I15*$D15 -> 0 | K15: =1/3 -> 0.33333333 | L15: =K15*$D15 -> 0 | N15: =M15*$D15 -> 0
A16: 2.2 | B16: Mesoestrutura | D16: =Resumo!G6 -> 0 | I16: =1/3 -> 0.33333333 | J16: =I16*$D16 -> 0 | K16: =1/3 -> 0.33333333 | L16: =K16*$D16 -> 0 | M16: =1/3 -> 0.33333333 | N16: =M16*$D16 -> 0
A17: 2.3 | B17: Superestrutura | D17: =Resumo!G7 -> 0 | K17: 0.15 | L17: =K17*$D17 -> 0 | M17: 0.15 | N17: =M17*$D17 -> 0
A18: 2.4 | B18: Passagem Inferior | D18: =Resumo!G8 -> 0 | I18: 0.2 | J18: =I18*$D18 -> 0 | K18: 0.2 | L18: =K18*$D18 -> 0 | M18: 0.2 | N18: =M18*$D18 -> 0
A19: 2.5 | B19: Movimento de terras | D19: =Resumo!G9 -> 0 | J19: =I19*$D19 -> 0 | L19: =K19*$D19 -> 0 | N19: =M19*$D19 -> 0
A20: 2.6 | B20: Drenagem | D20: =Resumo!G10 -> 0
A21: 2.7 | B21: Iluminação | D21: =Resumo!G11 -> 0
A22: 2.8 | B22: Pavimentação | D22: =Resumo!G12 -> 0
A23: 2.9 | B23: Sinalização | D23: =Resumo!G13 -> 0 | J23: =I23*$D23 -> 0 | L23: =K23*$D23 -> 0 | N23: =M23*$D23 -> 0
A24: 3 | B24: Administração local | D24: =Resumo!G14 -> 0 | G24: =1/9 -> 0.11111111 | H24: =G24*$D24 -> 0 | I24: =G24 -> 0.11111111 | J24: =I24*$D24 -> 0 | K24: =I24 -> 0.11111111 | L24: =K24*$D24 -> 0 | M24: =K24 -> 0.11111111 | N24: =M24*$D24 -> 0
A25: Faturamento simples (R$) | D25: =SUM(D13:D24) -> 0 | E25: =ROUND(F25/$D$26,4) -> #DIV/0! | F25: =SUM(F13:F24) -> 0 | G25: =ROUND(H25/$D$26,4) -> #DIV/0! | H25: =SUM(H13:H24) -> 0 | I25: =ROUND(J25/$D$26,4) -> #DIV/0! | J25: =SUM(J13:J24) -> 0 | K25: =ROUND(L25/$D$26,4) -> #DIV/0! | L25: =SUM(L13:L24) -> 0 | M25: =ROUND(N25/$D$26,4) -> #DIV/0! | N25: =SUM(N13:N24) -> 0
A26: Faturamento acumulado (R$) | D26: =D25 -> 0 | E26: =ROUND(F26/$D$26,4) -> #DIV/0! | F26: =F25 -> 0 | G26: =ROUND(H26/$D$26,4) -> #DIV/0! | H26: =SUM(F26+H25) -> 0 | I26: =ROUND(J26/$D$26,4) -> #DIV/0! | J26: =SUM(H26+J25) -> 0 | K26: =ROUND(L26/$D$26,4) -> #DIV/0! | L26: =SUM(J26+L25) -> 0 | M26: =ROUND(N26/$D$26,4) -> #DIV/0! | N26: =SUM(L26+N25) -> 0
A28: ITEM | B28: SERVIÇOS | E28: CRONOGRAMA FÍSICO - FINANCEIRO
E29: Meses
B30: DISCRIMINAÇÃO | D30: TOTAL | E30: 6 | G30: =E30+1 -> 7 | I30: =G30+1 -> 8 | K30: =I30+1 -> 9 | M30: =K30+1 -> 10
D31: (R$) | E31: % | F31: VALOR | G31: % | H31: VALOR | I31: % | J31: VALOR | K31: % | L31: VALOR | M31: % | N31: VALOR
A32: 1 | B32: Serviços preliminares | D32: =D13 -> 0 | H32: =G32*$D32 -> 0 | J32: =I32*$D32 -> 0 | M32: 0.25 | N32: =M32*$D32 -> 0
A33: 2 | B33: Ponte sobre o Rio Guarita
A34: 2.1 | B34: Infraestrutura | D34: =D15 -> 0 | J34: =I34*$D34 -> 0 | L34: =K34*$D34 -> 0 | N34: =M34*$D34 -> 0
A35: 2.2 | B35: Mesoestrutura | D35: =D16 -> 0 | F35: =E35*$D35 -> 0 | H35: =G35*$D35 -> 0 | J35: =I35*$D35 -> 0 | L35: =K35*$D35 -> 0 | N35: =M35*$D35 -> 0
A36: 2.3 | B36: Superestrutura | D36: =D17 -> 0 | E36: 0.15 | F36: =E36*$D36 -> 0 | G36: 0.15 | H36: =G36*$D36 -> 0 | I36: 0.15 | J36: =I36*$D36 -> 0 | K36: 0.15 | L36: =K36*$D36 -> 0 | M36: 0.1 | N36: =M36*$D36 -> 0
A37: 2.4 | B37: Passagem Inferior | D37: =D18 -> 0 | E37: 0.2 | F37: =E37*$D37 -> 0 | G37: 0.2 | H37: =G37*$D37 -> 0
A38: 2.5 | B38: Movimento de terras | D38: =D19 -> 0 | J38: =I38*$D38 -> 0 | M38: 1 | N38: =M38*$D38 -> 0
A39: 2.6 | B39: Drenagem | D39: =D20 -> 0 | G39: 0.1 | H39: =G39*$D39 -> 0 | I39: 0.3 | J39: =I39*$D39 -> 0 | K39: 0.3 | L39: =K39*$D39 -> 0 | M39: 0.3 | N39: =M39*$D39 -> 0
A40: 2.7 | B40: Iluminação | D40: =D21 -> 0 | G40: 0.1 | H40: =G40*$D40 -> 0 | I40: 0.3 | J40: =I40*$D40 -> 0 | K40: 0.3 | L40: =K40*$D40 -> 0 | M40: 0.3 | N40: =M40*$D40 -> 0
A41: 2.8 | B41: Pavimentação | D41: =D22 -> 0 | E41: 0.2 | F41: =E41*$D41 -> 0 | G41: 0.2 | H41: =G41*$D41 -> 0 | I41: 0.2 | J41: =I41*$D41 -> 0 | K41: 0.2 | L41: =K41*$D41 -> 0 | M41: 0.2 | N41: =M41*$D41 -> 0
A42: 2.9 | B42: Sinalização | D42: =D23 -> 0 | J42: =I42*$D42 -> 0 | K42: 0.5 | L42: =K42*$D42 -> 0 | M42: 0.5 | N42: =M42*$D42 -> 0
A43: 3 | B43: Administração local | D43: =D24 -> 0 | E43: =M24 -> 0.11111111 | F43: =E43*$D43 -> 0 | G43: =E43 -> 0.11111111 | H43: =G43*$D43 -> 0 | I43: =G43 -> 0.11111111 | J43: =I43*$D43 -> 0 | K43: =I43 -> 0.11111111 | L43: =K43*$D43 -> 0 | M43: =K43 -> 0.11111111 | N43: =M43*$D43 -> 0
A44: Faturamento simples (R$) | D44: =SUM(D32:D43) -> 0 | E44: =ROUND(F44/$D$26,4) -> #DIV/0! | F44: =SUM(F32:F43) -> 0 | G44: =ROUND(H44/$D$26,4) -> #DIV/0! | H44: =SUM(H32:H43) -> 0 | I44: =ROUND(J44/$D$26,4) -> #DIV/0! | J44: =SUM(J32:J43) -> 0 | K44: =ROUND(L44/$D$26,4) -> #DIV/0! | L44: =SUM(L32:L43) -> 0 | M44: =ROUND(N44/$D$26,4) -> #DIV/0! | N44: =SUM(N32:N43) -> 0
A45: Faturamento acumulado (R$) | D45: =D44 -> 0 | E45: =ROUND(F45/$D$26,4) -> #DIV/0! | F45: =F44+N26 -> 0 | G45: =ROUND(H45/$D$26,4) -> #DIV/0! | H45: =SUM(F45+H44) -> 0 | I45: =ROUND(J45/$D$26,4) -> #DIV/0! | J45: =SUM(H45+J44) -> 0 | K45: =ROUND(L45/$D$26,4) -> #DIV/0! | L45: =SUM(J45+L44) -> 0 | M45: =ROUND(N45/$D$26,4) -> #DIV/0! | N45: =SUM(L45+N44) -> 0

Sheet Curva ABC
A1: ="OBRA: "&UPPER(Resumo!$B$19) -> OBRA: PONTE SOB O RIO PIRACICABA | C1: BONIFICAÇÃO E | F1: =Orçamento!G1 -> PREFEITURA MUNICIPAL DE ERVAL SECO
A2: ="RODOVIA: "&UPPER(Resumo!$B$20) -> RODOVIA: LIGAÇÃO ENTRE RUA QUINCAS HONORATO E RUA RIO PIRACICABA | C2: DESPESAS INDIRETAS | F2: =Orçamento!G2 -> QUADRO DE QUANTIDADES E CUSTOS
A3: ="TRECHO: "&UPPER(Resumo!$B$21) -> TRECHO: PONTO LOCALIZADO | C3: BDI normal: | E3: =Orçamento!F3 -> 0.2674 | F3: =Orçamento!G3 -> TABELA REFERÊNCIA: SICRO / DNIT
A4: ="COORDENADAS: "&UPPER(Resumo!$B$22) -> COORDENADAS: 19°45'54.13"S / 43° 1'45.24"O | C4: BDI Mat./Equip: | E4: =Orçamento!F4 -> 0.2092 | F4: =Orçamento!G4 -> DATA BASE: JULHO/2022 (DESON)
A5: CÓDIGO SICRO | B5: ITENS DE SERVIÇO | C5: ESPECIF | D5: DMT | E5: UNID | F5: QUANT. | G5: PREÇO UNIT COM BDI | H5: VALOR (R$) | I5: % | J5: % Acum.
A7: 407819 | B7: Armação em aço CA-50 - fornecimento, preparo e colocação | C7: =VLOOKUP(B7,Orçamento!$C$7:$I$245,2,0) -> DNIT-ES 118/09 | E7: =VLOOKUP(B7,Orçamento!$C$7:$I$245,4,0) -> kg | F7: =SUMIFS(Orçamento!$G$7:$G$245,Orçamento!$C$7:$C$245,B7) -> 242620.9 | G7: =VLOOKUP(B7,Orçamento!$C$7:$I$245,7,0) -> 0 | H7: =SUMIFS(Orçamento!$J$7:$J$245,Orçamento!$C$7:$C$245,B7) -> 0 | I7: =H7/$H$115 -> #DIV/0! | J7: =I7+J6 -> #DIV/0!
A8: 1107900 | B8: Concreto fck = 30 MPa - confecção em betoneira e lançamento manual - areia e brita comerciais | C8: =VLOOKUP(B8,Orçamento!$C$7:$I$245,2,0) -> DNIT-ES 117/09 | E8: =VLOOKUP(B8,Orçamento!$C$7:$I$245,4,0) -> m³ | F8: =SUMIFS(Orçamento!$G$7:$G$245,Orçamento!$C$7:$C$245,B8) -> 1405.8764 | G8: =VLOOKUP(B8,Orçamento!$C$7:$I$245,7,0) -> 0 | H8: =SUMIFS(Orçamento!$J$7:$J$245,Orçamento!$C$7:$C$245,B8) -> 0 | I8: =H8/$H$115 -> #DIV/0! | J8: =I8+J7 -> #DIV/0!
A9: 3108017 | B9: Formas de compensado resinado 14 mm - utilização de 3 vezes - confecção, instalação e retirada | C9: =VLOOKUP(B9,Orçamento!$C$7:$I$245,2,0) -> DNIT-ES 120/09 | E9: =VLOOKUP(B9,Orçamento!$C$7:$I$245,4,0) -> m² | F9: =SUMIFS(Orçamento!$G$7:$G$245,Orçamento!$C$7:$C$245,B9) -> 6072.435 | G9: =VLOOKUP(B9,Orçamento!$C$7:$I$245,7,0) -> 0 | H9: =SUMIFS(Orçamento!$J$7:$J$245,Orçamento!$C$7:$C$245,B9) -> 0 | I9: =H9/$H$115 -> #DIV/0! | J9: =I9+J8 -> #DIV/0!
A10: 92407 | B10: Pavimentação de via em piso de concreto pré-moldado intertravado, tipo Pavi-S, 17x9,5cm, E = 10 cm, Fck ≥ 35 Mpa, assentado sobre colchão de assentamento em cimento com pó de pedra, na proporção 1:8 e espessura de 6 cm, incluindo fornecimento e transporte de todos os materiais | E10: =Orçamento!F184 -> m² | F10: =Orçamento!H184 -> 0 | G10: =Orçamento!I184 -> 0 | H10: =Orçamento!J184 -> 0 | I10: =H10/$H$115 -> #DIV/0! | J10: =I10+J9 -> #DIV/0!
A11: 4507755 | B11: Ancoragem ativa com 12 cordoalhas aderentes D = 12,7 mm - fornecimento e instalação | C11: =VLOOKUP(B11,Orçamento!$C$7:$I$245,2,0) -> 0 | E11: =VLOOKUP(B11,Orçamento!$C$7:$I$245,4,0) -> un | F11: =SUMIFS(Orçamento!$G$7:$G$245,Orçamento!$C$7:$C$245,B11) -> 300 | G11: =VLOOKUP(B11,Orçamento!$C$7:$I$245,7,0) -> 0 | H11: =SUMIFS(Orçamento!$J$7:$J$245,Orçamento!$C$7:$C$245,B11) -> 0 | I11: =H11/$H$115 -> #DIV/0! | J11: =I11+J10 -> #DIV/0!
A12: 4507835 | B12: Bainha metálica diâmetro 65 mm para 12 cordoalhas D = 12,7 mm, semirrígida, redonda, com montagem e injeção de nata de cimento | C12: =VLOOKUP(B12,Orçamento!$C$7:$I$245,2,0) -> 0 | E12: =VLOOKUP(B12,Orçamento!$C$7:$I$245,4,0) -> m | F12: =SUMIFS(Orçamento!$G$7:$G$245,Orçamento!$C$7:$C$245,B12) -> 3978 | G12: =VLOOKUP(B12,Orçamento!$C$7:$I$245,7,0) -> 0 | H12: =SUMIFS(Orçamento!$J$7:$J$245,Orçamento!$C$7:$C$245,B12) -> 0 | I12: =H12/$H$115 -> #DIV/0! | J12: =I12+J11 -> #DIV/0!
A13: 2306070 | B13: Estaca raiz perfurada na rocha com D = 31 cm – confecção | C13: =VLOOKUP(B13,Orçamento!$C$7:$I$245,2,0) -> DNIT-ES 121/09 | E13: =VLOOKUP(B13,Orçamento!$C$7:$I$245,4,0) -> m | F13: =SUMIFS(Orçamento!$G$7:$G$245,Orçamento!$C$7:$C$245,B13) -> 216 | G13: =VLOOKUP(B13,Orçamento!$C$7:$I$245,7,0) -> 0 | H13: =SUMIFS(Orçamento!$J$7:$J$245,Orçamento!$C$7:$C$245,B13) -> 0 | I13: =H13/$H$115 -> #DIV/0! | J13: =I13+J12 -> #DIV/0!
A14: 4507956 | B14: Cordoalha CP 190 RB D = 12,7 mm - fornecimento, preparo e colocação | C14: =VLOOKUP(B14,Orçamento!$C$7:$I$245,2,0) -> DNIT-ES 119/09 | E14: =VLOOKUP(B14,Orçamento!$C$7:$I$245,4,0) -> kg | F14: =SUMIFS(Orçamento!$G$7:$G$245,Orçamento!$C$7:$C$245,B14) -> 18498 | G14: =VLOOKUP(B14,Orçamento!$C$7:$I$245,7,0) -> 0 | H14: =SUMIFS(Orçamento!$J$7:$J$245,Orçamento!$C$7:$C$245,B14) -> 0 | I14: =H14/$H$115 -> #DIV/0! | J14: =I14+J13 -> #DIV/0!
A15: M2321 | B15: Revestimento para estaca raiz SCH 80 - D Externo = 323,8 mm - 132,04 kg/m | C15: =VLOOKUP(B15,Orçamento!$C$7:$I$245,2,0) -> 0 | E15: =VLOOKUP(B15,Orçamento!$C$7:$I$245,4,0) -> m | F15: =SUMIFS(Orçamento!$G$7:$G$245,Orçamento!$C$7:$C$245,B15) -> 96 | G15: =VLOOKUP(B15,Orçamento!$C$7:$I$245,7,0) -> 0 | H15: =SUMIFS(Orçamento!$J$7:$J$245,Orçamento!$C$7:$C$245,B15) -> 0 | I15: =H15/$H$115 -> #DIV/0! | J15: =I15+J14 -> #DIV/0!
A16: 96400 | B16: Execução e compactação de base e ou sub base com macadame seco - exclusive escavação, carga e transporte | C16: =VLOOKUP(B16,Orçamento!$C$7:$I$245,2,0) -> 0 | E16: =VLOOKUP(B16,Orçamento!$C$7:$I$245,4,0) -> m³ | F16: =SUMIFS(Orçamento!$G$7:$G$245,Orçamento!$C$7:$C$245,B16) -> 1482.334 | G16: =VLOOKUP(B16,Orçamento!$C$7:$I$245,7,0) -> 0 | H16: =SUMIFS(Orçamento!$J$7:$J$245,Orçamento!$C$7:$C$245,B16) -> 0 | I16: =H16/$H$115 -> #DIV/0! | J16: =I16+J15 -> #DIV/0!
A17: 99837 | B17: Guarda-corpo de aço galvanizado de 1,10m, montantes tubulares de 1.1/4"" espaçados de 1,20m, travessa superior de 1.1/2"", gradil formado por tubos horizontais de 1"" e verticais de 3/4"", fixado com chumbador mecânico | C17: =VLOOKUP(B17,Orçamento!$C$7:$I$245,2,0) -> 0 | E17: =VLOOKUP(B17,Orçamento!$C$7:$I$245,4,0) -> m | F17: =SUMIFS(Orçamento!$G$7:$G$245,Orçamento!$C$7:$C$245,B17) -> 344 | G17: =VLOOKUP(B17,Orçamento!$C$7:$I$245,7,0) -> 0 | H17: =SUMIFS(Orçamento!$J$7:$J$245,Orçamento!$C$7:$C$245,B17) -> 0 | I17: =H17/$H$115 -> #DIV/0! | J17: =I17+J16 -> #DIV/0!
A18: S/C | B18: Fornecimento e instalação de poste ornamental republiano, de aço galvanizado 4,8 metros metros de altura flangeado, com 4 luminarias do tipo RGB LED (EWS TECNOLOGIA) 30 W | C18: =VLOOKUP(B18,Orçamento!$C$7:$I$245,2,0) -> 0 | E18: =VLOOKUP(B18,Orçamento!$C$7:$I$245,4,0) -> und | F18: =SUMIFS(Orçamento!$G$7:$G$245,Orçamento!$C$7:$C$245,B18) -> 26 | G18: =VLOOKUP(B18,Orçamento!$C$7:$I$245,7,0) -> 0 | H18: =SUMIFS(Orçamento!$J$7:$J$245,Orçamento!$C$7:$C$245,B18) -> 0 | I18: =H18/$H$115 -> #DIV/0! | J18: =I18+J17 -> #DIV/0!
A19: P9819 | B19: Engenheiro supervisor | C19: =VLOOKUP(B19,Orçamento!$C$7:$I$245,2,0) -> 0 | E19: =VLOOKUP(B19,Orçamento!$C$7:$I$245,4,0) -> mês | F19: =SUMIFS(Orçamento!$G$7:$G$245,Orçamento!$C$7:$C$245,B19) -> 9 | G19: =VLOOKUP(B19,Orçamento!$C$7:$I$245,7,0) -> 0 | H19: =SUMIFS(Orçamento!$J$7:$J$245,Orçamento!$C$7:$C$245,B19) -> 0 | I19: =H19/$H$115 -> #DIV/0! | J19: =I19+J18 -> #DIV/0!
A20: 1107908 | B20: Concreto fck = 40 MPa - confecção em betoneira e lançamento manual - areia e brita comerciais | C20: =VLOOKUP(B20,Orçamento!$C$7:$I$245,2,0) -> DNIT-ES 117/09 | E20: =VLOOKUP(B20,Orçamento!$C$7:$I$245,4,0) -> m³ | F20: =SUMIFS(Orçamento!$G$7:$G$245,Orçamento!$C$7:$C$245,B20) -> 349.9 | G20: =VLOOKUP(B20,Orçamento!$C$7:$I$245,7,0) -> 0 | H20: =SUMIFS(Orçamento!$J$7:$J$245,Orçamento!$C$7:$C$245,B20) -> 0 | I20: =H20/$H$115 -> #DIV/0! | J20: =I20+J19 -> #DIV/0!
A21: S/C | B21: Instalação de canteiro de obras e alojamentos | C21: =VLOOKUP(B21,Orçamento!$C$7:$I$245,2,0) -> 0 | E21: =VLOOKUP(B21,Orçamento!$C$7:$I$245,4,0) -> unid | F21: =SUMIFS(Orçamento!$G$7:$G$245,Orçamento!$C$7:$C$245,B21) -> 1 | G21: =VLOOKUP(B21,Orçamento!$C$7:$I$245,7,0) -> 0 | H21: =SUMIFS(Orçamento!$J$7:$J$245,Orçamento!$C$7:$C$245,B21) -> 0 | I21: =H21/$H$115 -> #DIV/0! | J21: =I21+J20 -> #DIV/0!
A22: 96396 | B22: Execução e compactação de base e ou sub base com brita graduada simples - exclusive carga e transporte | C22: =VLOOKUP(B22,Orçamento!$C$7:$I$245,2,0) -> 0 | E22: =VLOOKUP(B22,Orçamento!$C$7:$I$245,4,0) -> m³ | F22: =SUMIFS(Orçamento!$G$7:$G$245,Orçamento!$C$7:$C$245,B22) -> 635.286 | G22: =VLOOKUP(B22,Orçamento!$C$7:$I$245,7,0) -> 0 | H22: =SUMIFS(Orçamento!$J$7:$J$245,Orçamento!$C$7:$C$245,B22) -> 0 | I22: =H22/$H$115 -> #DIV/0! | J22: =I22+J21 -> #DIV/0!
A23: 95875 | B23: Transporte com caminhão basculante de 10 m3, em via urbana pavimentada, DMT até 30 km | C23: =VLOOKUP(B23,Orçamento!$C$7:$I$245,2,0) -> 0 | E23: =VLOOKUP(B23,Orçamento!$C$7:$I$245,4,0) -> m³ x km | F23: =SUMIFS(Orçamento!$G$7:$G$245,Orçamento!$C$7:$C$245,B23) -> 41272.414 | G23: =VLOOKUP(B23,Orçamento!$C$7:$I$245,7,0) -> 0 | H23: =SUMIFS(Orçamento!$J$7:$J$245,Orçamento!$C$7:$C$245,B23) -> 0 | I23: =H23/$H$115 -> #DIV/0! | J23: =I23+J22 -> #DIV/0!
A24: 3806420 | B24: Lançamento de viga pré-moldada de até 500 kN com utilização de guindaste | C24: =VLOOKUP(B24,Orçamento!$C$7:$I$245,2,0) -> 0 | E24: =VLOOKUP(B24,Orçamento!$C$7:$I$245,4,0) -> un | F24: =SUMIFS(Orçamento!$G$7:$G$245,Orçamento!$C$7:$C$245,B24) -> 25 | G24: =VLOOKUP(B24,Orçamento!$C$7:$I$245,7,0) -> 0 | H24: =SUMIFS(Orçamento!$J$7:$J$245,Orçamento!$C$7:$C$245,B24) -> 0 | I24: =H24/$H$115 -> #DIV/0! | J24: =I24+J23 -> #DIV/0!
A25: 2306065 | B25: Estaca raiz perfurada no solo com D = 31 cm – confecção | C25: =VLOOKUP(B25,Orçamento!$C$7:$I$245,2,0) -> DNIT-ES 121/09 | E25: =VLOOKUP(B25,Orçamento!$C$7:$I$245,4,0) -> m | F25: =SUMIFS(Orçamento!$G$7:$G$245,Orçamento!$C$7:$C$245,B25) -> 636 | G25: =VLOOKUP(B25,Orçamento!$C$7:$I$245,7,0) -> 0 | H25: =SUMIFS(Orçamento!$J$7:$J$245,Orçamento!$C$7:$C$245,B25) -> 0 | I25: =H25/$H$115 -> #DIV/0! | J25: =I25+J24 -> #DIV/0!
A26: 2108169 | B26: Escoramento com pontaletes D = 15 cm - utilização de 1 vez - confecção e instalação | C26: =VLOOKUP(B26,Orçamento!$C$7:$I$245,2,0) -> 0 | E26: =VLOOKUP(B26,Orçamento!$C$7:$I$245,4,0) -> m³ | F26: =SUMIFS(Orçamento!$G$7:$G$245,Orçamento!$C$7:$C$245,B26) -> 1714.6 | G26: =VLOOKUP(B26,Orçamento!$C$7:$I$245,7,0) -> 0 | H26: =SUMIFS(Orçamento!$J$7:$J$245,Orçamento!$C$7:$C$245,B26) -> 0 | I26: =H26/$H$115 -> #DIV/0! | J26: =I26+J25 -> #DIV/0!
A27: 41180 | B27: Poste reto 12 metros de altura engastado | C27: =VLOOKUP(B27,Orçamento!$C$7:$I$245,2,0) -> 0 | E27: =VLOOKUP(B27,Orçamento!$C$7:$I$245,4,0) -> und | F27: =SUMIFS(Orçamento!$G$7:$G$245,Orçamento!$C$7:$C$245,B27) -> 16 | G27: =VLOOKUP(B27,Orçamento!$C$7:$I$245,7,0) -> 0 | H27: =SUMIFS(Orçamento!$J$7:$J$245,Orçamento!$C$7:$C$245,B27) -> 0 | I27: =H27/$H$115 -> #DIV/0! | J27: =I27+J26 -> #DIV/0!
A28: 5915400 | B28: Carga, descarga e manobra de vigas pré-moldadas de até 500 kN em cavalo mecânico com dolly de 4 eixos com capacidade de 57 t | C28: =VLOOKUP(B28,Orçamento!$C$7:$I$245,2,0) -> 0 | E28: =VLOOKUP(B28,Orçamento!$C$7:$I$245,4,0) -> un | F28: =SUMIFS(Orçamento!$G$7:$G$245,Orçamento!$C$7:$C$245,B28) -> 25 | G28: =VLOOKUP(B28,Orçamento!$C$7:$I$245,7,0) -> 0 | H28: =SUMIFS(Orçamento!$J$7:$J$245,Orçamento!$C$7:$C$245,B28) -> 0 | I28: =H28/$H$115 -> #DIV/0! | J28: =I28+J27 -> #DIV/0!
A29: P9869 | B29: Encarregado de obra de arte especial | C29: =VLOOKUP(B29,Orçamento!$C$7:$I$245,2,0) -> 0 | E29: =VLOOKUP(B29,Orçamento!$C$7:$I$245,4,0) -> mês | F29: =SUMIFS(Orçamento!$G$7:$G$245,Orçamento!$C$7:$C$245,B29) -> 10 | G29: =VLOOKUP(B29,Orçamento!$C$7:$I$245,7,0) -> 0 | H29: =SUMIFS(Orçamento!$J$7:$J$245,Orçamento!$C$7:$C$245,B29) -> 0 | I29: =H29/$H$115 -> #DIV/0! | J29: =I29+J28 -> #DIV/0!
A30: 1107860 | B30: Lançamento mecânico de concreto com bomba lança sobre chassi com capacidade de 50 m³/h - confecção em central dosadora de 40 m³/h | C30: =VLOOKUP(B30,Orçamento!$C$7:$I$245,2,0) -> 0 | E30: =VLOOKUP(B30,Orçamento!$C$7:$I$245,4,0) -> m³ | F30: =SUMIFS(Orçamento!$G$7:$G$245,Orçamento!$C$7:$C$245,B30) -> 1755.7764 | G30: =VLOOKUP(B30,Orçamento!$C$7:$I$245,7,0) -> 0 | H30: =SUMIFS(Orçamento!$J$7:$J$245,Orçamento!$C$7:$C$245,B30) -> 0 | I30: =H30/$H$115 -> #DIV/0! | J30: =I30+J29 -> #DIV/0!
A31: 92223 | B31: Tubo de concreto para redes coletoras de águas pluviais, diâmetro de 800 mm, junta rígida, instalado em local com alto nível de interferências - fornecimento e assentamento | C31: =VLOOKUP(B31,Orçamento!$C$7:$I$245,2,0) -> 0 | E31: =VLOOKUP(B31,Orçamento!$C$7:$I$245,4,0) -> un | F31: =SUMIFS(Orçamento!$G$7:$G$245,Orçamento!$C$7:$C$245,B31) -> 114.2 | G31: =VLOOKUP(B31,Orçamento!$C$7:$I$245,7,0) -> 0 | H31: =SUMIFS(Orçamento!$J$7:$J$245,Orçamento!$C$7:$C$245,B31) -> 0 | I31: =H31/$H$115 -> #DIV/0! | J31: =I31+J30 -> #DIV/0!
A32: E9093 | B32: Veículo leve - 53 kW (sem motorista) | C32: =VLOOKUP(B32,Orçamento!$C$7:$I$245,2,0) -> 0 | E32: =VLOOKUP(B32,Orçamento!$C$7:$I$245,4,0) -> mês | F32: =SUMIFS(Orçamento!$G$7:$G$245,Orçamento!$C$7:$C$245,B32) -> 19 | G32: =VLOOKUP(B32,Orçamento!$C$7:$I$245,7,0) -> 0 | H32: =SUMIFS(Orçamento!$J$7:$J$245,Orçamento!$C$7:$C$245,B32) -> 0 | I32: =H32/$H$115 -> #DIV/0! | J32: =I32+J31 -> #DIV/0!
A33: S/C | B33: Instalação de fita de advertência subterrânea (7,6cmx300m) | C33: =VLOOKUP(B33,Orçamento!$C$7:$I$245,2,0) -> 0 | E33: =VLOOKUP(B33,Orçamento!$C$7:$I$245,4,0) -> m | F33: =SUMIFS(Orçamento!$G$7:$G$245,Orçamento!$C$7:$C$245,B33) -> 190 | G33: =VLOOKUP(B33,Orçamento!$C$7:$I$245,7,0) -> 0 | H33: =SUMIFS(Orçamento!$J$7:$J$245,Orçamento!$C$7:$C$245,B33) -> 0 | I33: =H33/$H$115 -> #DIV/0! | J33: =I33+J32 -> #DIV/0!
A34: 3713604 | B34: Defensa H2 A W4 | C34: =VLOOKUP(B34,Orçamento!$C$7:$I$245,2,0) -> 0 | E34: =VLOOKUP(B34,Orçamento!$C$7:$I$245,4,0) -> m | F34: =SUMIFS(Orçamento!$G$7:$G$245,Orçamento!$C$7:$C$245,B34) -> 94 | G34: =VLOOKUP(B34,Orçamento!$C$7:$I$245,7,0) -> 0 | H34: =SUMIFS(Orçamento!$J$7:$J$245,Orçamento!$C$7:$C$245,B34) -> 0 | I34: =H34/$H$115 -> #DIV/0! | J34: =I34+J33 -> #DIV/0!
A35: E9125 | B35: Van furgão a diesel - 93 kW | C35: =VLOOKUP(B35,Orçamento!$C$7:$I$245,2,0) -> 0 | E35: =VLOOKUP(B35,Orçamento!$C$7:$I$245,4,0) -> mês | F35: =SUMIFS(Orçamento!$G$7:$G$245,Orçamento!$C$7:$C$245,B35) -> 4.554 | G35: =VLOOKUP(B35,Orçamento!$C$7:$I$245,7,0) -> 0 | H35: =SUMIFS(Orçamento!$J$7:$J$245,Orçamento!$C$7:$C$245,B35) -> 0 | I35: =H35/$H$115 -> #DIV/0! | J35: =I35+J34 -> #DIV/0!
A36: 5213360 | B36: Tacha refletiva em plástico injetado - bidirecional tipo I - com um pino - fornecimento e colocação | C36: =VLOOKUP(B36,Orçamento!$C$7:$I$245,2,0) -> 0 | E36: =VLOOKUP(B36,Orçamento!$C$7:$I$245,4,0) -> un | F36: =SUMIFS(Orçamento!$G$7:$G$245,Orçamento!$C$7:$C$245,B36) -> 513 | G36: =VLOOKUP(B36,Orçamento!$C$7:$I$245,7,0) -> 0 | H36: =SUMIFS(Orçamento!$J$7:$J$245,Orçamento!$C$7:$C$245,B36) -> 0 | I36: =H36/$H$115 -> #DIV/0! | J36: =I36+J35 -> #DIV/0!
A37: 92219 | B37: Tubo de concreto para redes coletoras de águas pluviais, diâmetro de 400 mm, junta rígida, instalado em local com alto nível de interferências - fornecimento e assentamento | C37: =VLOOKUP(B37,Orçamento!$C$7:$I$245,2,0) -> 0 | E37: =VLOOKUP(B37,Orçamento!$C$7:$I$245,4,0) -> un | F37: =SUMIFS(Orçamento!$G$7:$G$245,Orçamento!$C$7:$C$245,B37) -> 212.8 | G37: =VLOOKUP(B37,Orçamento!$C$7:$I$245,7,0) -> 0 | H37: =SUMIFS(Orçamento!$J$7:$J$245,Orçamento!$C$7:$C$245,B37) -> 0 | I37: =H37/$H$115 -> #DIV/0! | J37: =I37+J36 -> #DIV/0!
A38: 61802 | B38: Poço de visita tipo 2 - 1,60 x 1,60 x 1,60m | C38: =VLOOKUP(B38,Orçamento!$C$7:$I$245,2,0) -> 0 | E38: =VLOOKUP(B38,Orçamento!$C$7:$I$245,4,0) -> un | F38: =SUMIFS(Orçamento!$G$7:$G$245,Orçamento!$C$7:$C$245,B38) -> 6 | G38: =VLOOKUP(B38,Orçamento!$C$7:$I$245,7,0) -> 0 | H38: =SUMIFS(Orçamento!$J$7:$J$245,Orçamento!$C$7:$C$245,B38) -> 0 | I38: =H38/$H$115 -> #DIV/0! | J38: =I38+J37 -> #DIV/0!
A39: P9827 | B39: Vigia | C39: =VLOOKUP(B39,Orçamento!$C$7:$I$245,2,0) -> 0 | E39: =VLOOKUP(B39,Orçamento!$C$7:$I$245,4,0) -> mês | F39: =SUMIFS(Orçamento!$G$7:$G$245,Orçamento!$C$7:$C$245,B39) -> 10 | G39: =VLOOKUP(B39,Orçamento!$C$7:$I$245,7,0) -> 0 | H39: =SUMIFS(Orçamento!$J$7:$J$245,Orçamento!$C$7:$C$245,B39) -> 0 | I39: =H39/$H$115 -> #DIV/0! | J39: =I39+J38 -> #DIV/0!
A40: P9804 | B40: Apontador | C40: =VLOOKUP(B40,Orçamento!$C$7:$I$245,2,0) -> 0 | E40: =VLOOKUP(B40,Orçamento!$C$7:$I$245,4,0) -> mês | F40: =SUMIFS(Orçamento!$G$7:$G$245,Orçamento!$C$7:$C$245,B40) -> 10 | G40: =VLOOKUP(B40,Orçamento!$C$7:$I$245,7,0) -> 0 | H40: =SUMIFS(Orçamento!$J$7:$J$245,Orçamento!$C$7:$C$245,B40) -> 0 | I40: =H40/$H$115 -> #DIV/0! | J40: =I40+J39 -> #DIV/0!
A41: S/C | B41: Desmobilização de equipamento | C41: =VLOOKUP(B41,Orçamento!$C$7:$I$245,2,0) -> 0 | E41: =VLOOKUP(B41,Orçamento!$C$7:$I$245,4,0) -> unid | F41: =SUMIFS(Orçamento!$G$7:$G$245,Orçamento!$C$7:$C$245,B41) -> 1 | G41: =VLOOKUP(B41,Orçamento!$C$7:$I$245,7,0) -> 0 | H41: =SUMIFS(Orçamento!$J$7:$J$245,Orçamento!$C$7:$C$245,B41) -> 0 | I41: =H41/$H$115 -> #DIV/0! | J41: =I41+J40 -> #DIV/0!
A42: S/C | B42: Mobilização de equipamento | C42: =VLOOKUP(B42,Orçamento!$C$7:$I$245,2,0) -> 0 | E42: =VLOOKUP(B42,Orçamento!$C$7:$I$245,4,0) -> unid | F42: =SUMIFS(Orçamento!$G$7:$G$245,Orçamento!$C$7:$C$245,B42) -> 1 | G42: =VLOOKUP(B42,Orçamento!$C$7:$I$245,7,0) -> 0 | H42: =SUMIFS(Orçamento!$J$7:$J$245,Orçamento!$C$7:$C$245,B42) -> 0 | I42: =H42/$H$115 -> #DIV/0! | J42: =I42+J41 -> #DIV/0!
A43: 3713605 | B43: Ancoragem de defensa semimaleável simples - fornecimento e implantação | C43: =VLOOKUP(B43,Orçamento!$C$7:$I$245,2,0) -> 0 | E43: =VLOOKUP(B43,Orçamento!$C$7:$I$245,4,0) -> m | F43: =SUMIFS(Orçamento!$G$7:$G$245,Orçamento!$C$7:$C$245,B43) -> 64 | G43: =VLOOKUP(B43,Orçamento!$C$7:$I$245,7,0) -> 0 | H43: =SUMIFS(Orçamento!$J$7:$J$245,Orçamento!$C$7:$C$245,B43) -> 0 | I43: =H43/$H$115 -> #DIV/0! | J43: =I43+J42 -> #DIV/0!
A44: 1505877 | B44: Enrocamento com pedra de mão, inclusive espalhamento e compactação mecânica - fornecimento e assentamento | C44: =VLOOKUP(B44,Orçamento!$C$7:$I$245,2,0) -> 0 | E44: =VLOOKUP(B44,Orçamento!$C$7:$I$245,4,0) -> m³ | F44: =SUMIFS(Orçamento!$G$7:$G$245,Orçamento!$C$7:$C$245,B44) -> 185.71 | G44: =VLOOKUP(B44,Orçamento!$C$7:$I$245,7,0) -> 0 | H44: =SUMIFS(Orçamento!$J$7:$J$245,Orçamento!$C$7:$C$245,B44) -> 0 | I44: =H44/$H$115 -> #DIV/0! | J44: =I44+J43 -> #DIV/0!
A45: 91933 | B45: Cabo de cobre flexível isolado, 10 mm², anti-chama 0,6/1,0 kV, para circuitos terminais - fornecimento e instalação | C45: =VLOOKUP(B45,Orçamento!$C$7:$I$245,2,0) -> 0 | E45: =VLOOKUP(B45,Orçamento!$C$7:$I$245,4,0) -> m | F45: =SUMIFS(Orçamento!$G$7:$G$245,Orçamento!$C$7:$C$245,B45) -> 1900 | G45: =VLOOKUP(B45,Orçamento!$C$7:$I$245,7,0) -> 0 | H45: =SUMIFS(Orçamento!$J$7:$J$245,Orçamento!$C$7:$C$245,B45) -> 0 | I45: =H45/$H$115 -> #DIV/0! | J45: =I45+J44 -> #DIV/0!
A46: 3713873 | B46: Módulo de transição de defensa metálica para barreira rígida - fornecimento e implantação | C46: =VLOOKUP(B46,Orçamento!$C$7:$I$245,2,0) -> 0 | E46: =VLOOKUP(B46,Orçamento!$C$7:$I$245,4,0) -> un | F46: =SUMIFS(Orçamento!$G$7:$G$245,Orçamento!$C$7:$C$245,B46) -> 4 | G46: =VLOOKUP(B46,Orçamento!$C$7:$I$245,7,0) -> 0 | H46: =SUMIFS(Orçamento!$J$7:$J$245,Orçamento!$C$7:$C$245,B46) -> 0 | I46: =H46/$H$115 -> #DIV/0! | J46: =I46+J45 -> #DIV/0!
A47: 307732 | B47: Aparelho de apoio de neoprene fretado para estruturas pré-moldadas - fornecimento e instalação | C47: =VLOOKUP(B47,Orçamento!$C$7:$I$245,2,0) -> 0 | E47: =VLOOKUP(B47,Orçamento!$C$7:$I$245,4,0) -> dm³ | F47: =SUMIFS(Orçamento!$G$7:$G$245,Orçamento!$C$7:$C$245,B47) -> 312 | G47: =VLOOKUP(B47,Orçamento!$C$7:$I$245,7,0) -> 0 | H47: =SUMIFS(Orçamento!$J$7:$J$245,Orçamento!$C$7:$C$245,B47) -> 0 | I47: =H47/$H$115 -> #DIV/0! | J47: =I47+J46 -> #DIV/0!
B48: Despesas Diversas (5,00% da Adm. Local) | C48: =VLOOKUP(B48,Orçamento!$C$7:$I$245,2,0) -> 0 | E48: =VLOOKUP(B48,Orçamento!$C$7:$I$245,4,0) -> un | F48: =SUMIFS(Orçamento!$G$7:$G$245,Orçamento!$C$7:$C$245,B48) -> 1 | G48: =VLOOKUP(B48,Orçamento!$C$7:$I$245,7,0) -> 0 | H48: =SUMIFS(Orçamento!$J$7:$J$245,Orçamento!$C$7:$C$245,B48) -> 0 | I48: =H48/$H$115 -> #DIV/0! | J48: =I48+J47 -> #DIV/0!
A49: 91935 | B49: Cabo de cobre flexível isolado, 16 mm², anti-chama 0,6/1,0 kV, para circuitos terminais - fornecimento e instalação | C49: =VLOOKUP(B49,Orçamento!$C$7:$I$245,2,0) -> 0 | E49: =VLOOKUP(B49,Orçamento!$C$7:$I$245,4,0) -> m | F49: =SUMIFS(Orçamento!$G$7:$G$245,Orçamento!$C$7:$C$245,B49) -> 1142 | G49: =VLOOKUP(B49,Orçamento!$C$7:$I$245,7,0) -> 0 | H49: =SUMIFS(Orçamento!$J$7:$J$245,Orçamento!$C$7:$C$245,B49) -> 0 | I49: =H49/$H$115 -> #DIV/0! | J49: =I49+J48 -> #DIV/0!
A50: 407820 | B50: Armação em aço CA-60 - fornecimento, preparo e colocação | C50: =VLOOKUP(B50,Orçamento!$C$7:$I$245,2,0) -> DNIT-ES 118/09 | E50: =VLOOKUP(B50,Orçamento!$C$7:$I$245,4,0) -> kg | F50: =SUMIFS(Orçamento!$G$7:$G$245,Orçamento!$C$7:$C$245,B50) -> 2096 | G50: =VLOOKUP(B50,Orçamento!$C$7:$I$245,7,0) -> 0 | H50: =SUMIFS(Orçamento!$J$7:$J$245,Orçamento!$C$7:$C$245,B50) -> 0 | I50: =H50/$H$115 -> #DIV/0! | J50: =I50+J49 -> #DIV/0!
A51: 2108167 | B51: Escoramento com pontaletes D = 10 cm - utilização de 3 vez - confeccção e instalação e retirada | C51: =VLOOKUP(B51,Orçamento!$C$7:$I$245,2,0) -> 0 | E51: =VLOOKUP(B51,Orçamento!$C$7:$I$245,4,0) -> m³ | F51: =SUMIFS(Orçamento!$G$7:$G$245,Orçamento!$C$7:$C$245,B51) -> 1304.24 | G51: =VLOOKUP(B51,Orçamento!$C$7:$I$245,7,0) -> 0 | H51: =SUMIFS(Orçamento!$J$7:$J$245,Orçamento!$C$7:$C$245,B51) -> 0 | I51: =H51/$H$115 -> #DIV/0! | J51: =I51+J50 -> #DIV/0!
A52: 94265 | B52: Guia (meio-fio) concreto, moldada in loco em trecho reto com extrusora, 15 cm base x 30 cm altura | C52: =VLOOKUP(B52,Orçamento!$C$7:$I$245,2,0) -> 0 | E52: =VLOOKUP(B52,Orçamento!$C$7:$I$245,4,0) -> m | F52: =SUMIFS(Orçamento!$G$7:$G$245,Orçamento!$C$7:$C$245,B52) -> 572.7 | G52: =VLOOKUP(B52,Orçamento!$C$7:$I$245,7,0) -> 0 | H52: =SUMIFS(Orçamento!$J$7:$J$245,Orçamento!$C$7:$C$245,B52) -> 0 | I52: =H52/$H$115 -> #DIV/0! | J52: =I52+J51 -> #DIV/0!
A53: P9876 | B53: Técnico de segurança do trabalho | C53: =VLOOKUP(B53,Orçamento!$C$7:$I$245,2,0) -> 0 | E53: =VLOOKUP(B53,Orçamento!$C$7:$I$245,4,0) -> mês | F53: =SUMIFS(Orçamento!$G$7:$G$245,Orçamento!$C$7:$C$245,B53) -> 4 | G53: =VLOOKUP(B53,Orçamento!$C$7:$I$245,7,0) -> 0 | H53: =SUMIFS(Orçamento!$J$7:$J$245,Orçamento!$C$7:$C$245,B53) -> 0 | I53: =H53/$H$115 -> #DIV/0! | J53: =I53+J52 -> #DIV/0!
A54: 100974 | B54: Carga, manobras e descarga de areia, brita, pedra de mão e solos com caminhão basculante 10 m3 (descarga livre) | C54: =VLOOKUP(B54,Orçamento!$C$7:$I$245,2,0) -> 0 | E54: =VLOOKUP(B54,Orçamento!$C$7:$I$245,4,0) -> m³ | F54: =SUMIFS(Orçamento!$G$7:$G$245,Orçamento!$C$7:$C$245,B54) -> 2117.62 | G54: =VLOOKUP(B54,Orçamento!$C$7:$I$245,7,0) -> 0 | H54: =SUMIFS(Orçamento!$J$7:$J$245,Orçamento!$C$7:$C$245,B54) -> 0 | I54: =H54/$H$115 -> #DIV/0! | J54: =I54+J53 -> #DIV/0!
A55: P9806 | B55: Auxiliar administrativo | C55: =VLOOKUP(B55,Orçamento!$C$7:$I$245,2,0) -> 0 | E55: =VLOOKUP(B55,Orçamento!$C$7:$I$245,4,0) -> mês | F55: =SUMIFS(Orçamento!$G$7:$G$245,Orçamento!$C$7:$C$245,B55) -> 5 | G55: =VLOOKUP(B55,Orçamento!$C$7:$I$245,7,0) -> 0 | H55: =SUMIFS(Orçamento!$J$7:$J$245,Orçamento!$C$7:$C$245,B55) -> 0 | I55: =H55/$H$115 -> #DIV/0! | J55: =I55+J54 -> #DIV/0!
A56: S/C | B56: Van passageiro - 93 kW | C56: =VLOOKUP(B56,Orçamento!$C$7:$I$245,2,0) -> 0 | E56: =VLOOKUP(B56,Orçamento!$C$7:$I$245,4,0) -> mês | F56: =SUMIFS(Orçamento!$G$7:$G$245,Orçamento!$C$7:$C$245,B56) -> 9 | G56: =VLOOKUP(B56,Orçamento!$C$7:$I$245,7,0) -> 0 | H56: =SUMIFS(Orçamento!$J$7:$J$245,Orçamento!$C$7:$C$245,B56) -> 0 | I56: =H56/$H$115 -> #DIV/0! | J56: =I56+J55 -> #DIV/0!
A57: 94266 | B57: Guia (meio-fio) concreto, moldada in loco em trecho curvo com extrusora, 15 cm base x 30 cm altura | C57: =VLOOKUP(B57,Orçamento!$C$7:$I$245,2,0) -> 0 | E57: =VLOOKUP(B57,Orçamento!$C$7:$I$245,4,0) -> m | F57: =SUMIFS(Orçamento!$G$7:$G$245,Orçamento!$C$7:$C$245,B57) -> 349.8 | G57: =VLOOKUP(B57,Orçamento!$C$7:$I$245,7,0) -> 0 | H57: =SUMIFS(Orçamento!$J$7:$J$245,Orçamento!$C$7:$C$245,B57) -> 0 | I57: =H57/$H$115 -> #DIV/0! | J57: =I57+J56 -> #DIV/0!
A58: S/C | B58: Eletroduto de aço galvanizado eletrolítico, tipo leve I - 2" | C58: =VLOOKUP(B58,Orçamento!$C$7:$I$245,2,0) -> 0 | E58: =VLOOKUP(B58,Orçamento!$C$7:$I$245,4,0) -> m | F58: =SUMIFS(Orçamento!$G$7:$G$245,Orçamento!$C$7:$C$245,B58) -> 277 | G58: =VLOOKUP(B58,Orçamento!$C$7:$I$245,7,0) -> 0 | H58: =SUMIFS(Orçamento!$J$7:$J$245,Orçamento!$C$7:$C$245,B58) -> 0 | I58: =H58/$H$115 -> #DIV/0! | J58: =I58+J57 -> #DIV/0!
A59: P9949 | B59: Topógrafo | C59: =VLOOKUP(B59,Orçamento!$C$7:$I$245,2,0) -> 0 | E59: =VLOOKUP(B59,Orçamento!$C$7:$I$245,4,0) -> mês | F59: =SUMIFS(Orçamento!$G$7:$G$245,Orçamento!$C$7:$C$245,B59) -> 3 | G59: =VLOOKUP(B59,Orçamento!$C$7:$I$245,7,0) -> 0 | H59: =SUMIFS(Orçamento!$J$7:$J$245,Orçamento!$C$7:$C$245,B59) -> 0 | I59: =H59/$H$115 -> #DIV/0! | J59: =I59+J58 -> #DIV/0!
A60: P9833 | B60: Auxiliar de laboratório | C60: =VLOOKUP(B60,Orçamento!$C$7:$I$245,2,0) -> 0 | E60: =VLOOKUP(B60,Orçamento!$C$7:$I$245,4,0) -> equip.mês | F60: =SUMIFS(Orçamento!$G$7:$G$245,Orçamento!$C$7:$C$245,B60) -> 3.108 | G60: =VLOOKUP(B60,Orçamento!$C$7:$I$245,7,0) -> 0 | H60: =SUMIFS(Orçamento!$J$7:$J$245,Orçamento!$C$7:$C$245,B60) -> 0 | I60: =H60/$H$115 -> #DIV/0! | J60: =I60+J59 -> #DIV/0!
A61: 5502978 | B61: Compactação de aterros a 100% do Proctor normal | C61: =VLOOKUP(B61,Orçamento!$C$7:$I$245,2,0) -> 0 | E61: =VLOOKUP(B61,Orçamento!$C$7:$I$245,4,0) -> m³ | F61: =SUMIFS(Orçamento!$G$7:$G$245,Orçamento!$C$7:$C$245,B61) -> 2901.23 | G61: =VLOOKUP(B61,Orçamento!$C$7:$I$245,7,0) -> 0 | H61: =SUMIFS(Orçamento!$J$7:$J$245,Orçamento!$C$7:$C$245,B61) -> 0 | I61: =H61/$H$115 -> #DIV/0! | J61: =I61+J60 -> #DIV/0!
A62: 90102 | B62: Escavação mecanizada de vala com prof. maior que 1,5 m até 3,0 m (média entre montante e jusante/uma composição por trecho) com retroescavadeira (capacidade da caçamba da retro: 0,26 m3 / potência: 88 hp), largura de 0,8 m a 1,5 m, em solo de 1a categoria, locais com alto nível de interferência | E62: =Orçamento!F132 -> m³ | F62: =Orçamento!H132 -> 0 | G62: =Orçamento!I132 -> 0 | H62: =Orçamento!J132 -> 0 | I62: =H62/$H$115 -> #DIV/0! | J62: =I62+J61 -> #DIV/0!
A63: 1106057 | B63: Concreto magro - confecção em betoneira e lançamento manual - areia e brita comerciais | C63: =VLOOKUP(B63,Orçamento!$C$7:$I$245,2,0) -> DNIT-ES 117/09 | E63: =VLOOKUP(B63,Orçamento!$C$7:$I$245,4,0) -> m³ | F63: =SUMIFS(Orçamento!$G$7:$G$245,Orçamento!$C$7:$C$245,B63) -> 35.37 | G63: =VLOOKUP(B63,Orçamento!$C$7:$I$245,7,0) -> 0 | H63: =SUMIFS(Orçamento!$J$7:$J$245,Orçamento!$C$7:$C$245,B63) -> 0 | I63: =H63/$H$115 -> #DIV/0! | J63: =I63+J62 -> #DIV/0!
A64: 1600989 | B64: Demolição de concreto simples com martelete | C64: =VLOOKUP(B64,Orçamento!$C$7:$I$245,2,0) -> 0 | E64: =VLOOKUP(B64,Orçamento!$C$7:$I$245,4,0) -> m³ | F64: =SUMIFS(Orçamento!$G$7:$G$245,Orçamento!$C$7:$C$245,B64) -> 32.6022 | G64: =VLOOKUP(B64,Orçamento!$C$7:$I$245,7,0) -> 0 | H64: =SUMIFS(Orçamento!$J$7:$J$245,Orçamento!$C$7:$C$245,B64) -> 0 | I64: =H64/$H$115 -> #DIV/0! | J64: =I64+J63 -> #DIV/0!
A65: 3806426 | B65: Lançamento de pré-laje com utilização de guindauto | C65: =VLOOKUP(B65,Orçamento!$C$7:$I$245,2,0) -> 0 | E65: =VLOOKUP(B65,Orçamento!$C$7:$I$245,4,0) -> t | F65: =SUMIFS(Orçamento!$G$7:$G$245,Orçamento!$C$7:$C$245,B65) -> 155 | G65: =VLOOKUP(B65,Orçamento!$C$7:$I$245,7,0) -> 0 | H65: =SUMIFS(Orçamento!$J$7:$J$245,Orçamento!$C$7:$C$245,B65) -> 0 | I65: =H65/$H$115 -> #DIV/0! | J65: =I65+J64 -> #DIV/0!
A66: 100576 | B66: Regularização e compactação de subleito de solo predominantemente argilosos | C66: =VLOOKUP(B66,Orçamento!$C$7:$I$245,2,0) -> 0 | E66: =VLOOKUP(B66,Orçamento!$C$7:$I$245,4,0) -> m² | F66: =SUMIFS(Orçamento!$G$7:$G$245,Orçamento!$C$7:$C$245,B66) -> 4235.24 | G66: =VLOOKUP(B66,Orçamento!$C$7:$I$245,7,0) -> 0 | H66: =SUMIFS(Orçamento!$J$7:$J$245,Orçamento!$C$7:$C$245,B66) -> 0 | I66: =H66/$H$115 -> #DIV/0! | J66: =I66+J65 -> #DIV/0!
A67: 92221 | B67: Tubo de concreto para redes coletoras de águas pluviais, diâmetro de 600 mm, junta rígida, instalado em local com alto nível de interferências - fornecimento e assentamento | C67: =VLOOKUP(B67,Orçamento!$C$7:$I$245,2,0) -> 0 | E67: =VLOOKUP(B67,Orçamento!$C$7:$I$245,4,0) -> un | F67: =SUMIFS(Orçamento!$G$7:$G$245,Orçamento!$C$7:$C$245,B67) -> 27.2 | G67: =VLOOKUP(B67,Orçamento!$C$7:$I$245,7,0) -> 0 | H67: =SUMIFS(Orçamento!$J$7:$J$245,Orçamento!$C$7:$C$245,B67) -> 0 | I67: =H67/$H$115 -> #DIV/0! | J67: =I67+J66 -> #DIV/0!
A68: 93377 | B68: Reaterro mecanizado de vala com retroescavadeira (capacidade da caçamba da retro: 0,26 m³ / potência: 88 hp), largura de 0,8 a 1,5 m, profundidade de 1,5 a 3,0 m, com solo (sem substituição) de 1ª categoria em locais com alto nível de interferência | C68: =VLOOKUP(B68,Orçamento!$C$7:$I$245,2,0) -> 0 | E68: =VLOOKUP(B68,Orçamento!$C$7:$I$245,4,0) -> m³ | F68: =SUMIFS(Orçamento!$G$7:$G$245,Orçamento!$C$7:$C$245,B68) -> 774.618 | G68: =VLOOKUP(B68,Orçamento!$C$7:$I$245,7,0) -> 0 | H68: =SUMIFS(Orçamento!$J$7:$J$245,Orçamento!$C$7:$C$245,B68) -> 0 | I68: =H68/$H$115 -> #DIV/0! | J68: =I68+J67 -> #DIV/0!
A69: 91929 | B69: Cabo de cobre flexível isolado, 4 mm², anti-chama 0,6/1,0 kv, para circuitos terminais - fornecimento e instalação | C69: =VLOOKUP(B69,Orçamento!$C$7:$I$245,2,0) -> 0 | E69: =VLOOKUP(B69,Orçamento!$C$7:$I$245,4,0) -> m | F69: =SUMIFS(Orçamento!$G$7:$G$245,Orçamento!$C$7:$C$245,B69) -> 1200 | G69: =VLOOKUP(B69,Orçamento!$C$7:$I$245,7,0) -> 0 | H69: =SUMIFS(Orçamento!$J$7:$J$245,Orçamento!$C$7:$C$245,B69) -> 0 | I69: =H69/$H$115 -> #DIV/0! | J69: =I69+J68 -> #DIV/0!
A70: S/C | B70: Desmobilização de pessoal e baixadas | C70: =VLOOKUP(B70,Orçamento!$C$7:$I$245,2,0) -> 0 | E70: =VLOOKUP(B70,Orçamento!$C$7:$I$245,4,0) -> unid | F70: =SUMIFS(Orçamento!$G$7:$G$245,Orçamento!$C$7:$C$245,B70) -> 1 | G70: =VLOOKUP(B70,Orçamento!$C$7:$I$245,7,0) -> 0 | H70: =SUMIFS(Orçamento!$J$7:$J$245,Orçamento!$C$7:$C$245,B70) -> 0 | I70: =H70/$H$115 -> #DIV/0! | J70: =I70+J69 -> #DIV/0!
A71: S/C | B71: Mobilização de pessoal e baixadas | C71: =VLOOKUP(B71,Orçamento!$C$7:$I$245,2,0) -> 0 | E71: =VLOOKUP(B71,Orçamento!$C$7:$I$245,4,0) -> unid | F71: =SUMIFS(Orçamento!$G$7:$G$245,Orçamento!$C$7:$C$245,B71) -> 1 | G71: =VLOOKUP(B71,Orçamento!$C$7:$I$245,7,0) -> 0 | H71: =SUMIFS(Orçamento!$J$7:$J$245,Orçamento!$C$7:$C$245,B71) -> 0 | I71: =H71/$H$115 -> #DIV/0! | J71: =I71+J70 -> #DIV/0!
A72: P9858 | B72: Laboratorista | C72: =VLOOKUP(B72,Orçamento!$C$7:$I$245,2,0) -> 0 | E72: =VLOOKUP(B72,Orçamento!$C$7:$I$245,4,0) -> equip.mês | F72: =SUMIFS(Orçamento!$G$7:$G$245,Orçamento!$C$7:$C$245,B72) -> 1.554 | G72: =VLOOKUP(B72,Orçamento!$C$7:$I$245,7,0) -> 0 | H72: =SUMIFS(Orçamento!$J$7:$J$245,Orçamento!$C$7:$C$245,B72) -> 0 | I72: =H72/$H$115 -> #DIV/0! | J72: =I72+J71 -> #DIV/0!
A73: P9950 | B73: Auxiliar de topografia | C73: =VLOOKUP(B73,Orçamento!$C$7:$I$245,2,0) -> 0 | E73: =VLOOKUP(B73,Orçamento!$C$7:$I$245,4,0) -> mês | F73: =SUMIFS(Orçamento!$G$7:$G$245,Orçamento!$C$7:$C$245,B73) -> 1.5 | G73: =VLOOKUP(B73,Orçamento!$C$7:$I$245,7,0) -> 0 | H73: =SUMIFS(Orçamento!$J$7:$J$245,Orçamento!$C$7:$C$245,B73) -> 0 | I73: =H73/$H$115 -> #DIV/0! | J73: =I73+J72 -> #DIV/0!
A74: 5213403 | B74: Pintura de faixa - tinta base acrílica emulsionada em água - espessura de 0,5 mm | C74: =VLOOKUP(B74,Orçamento!$C$7:$I$245,2,0) -> 0 | E74: =VLOOKUP(B74,Orçamento!$C$7:$I$245,4,0) -> m² | F74: =SUMIFS(Orçamento!$G$7:$G$245,Orçamento!$C$7:$C$245,B74) -> 416.79 | G74: =VLOOKUP(B74,Orçamento!$C$7:$I$245,7,0) -> 0 | H74: =SUMIFS(Orçamento!$J$7:$J$245,Orçamento!$C$7:$C$245,B74) -> 0 | I74: =H74/$H$115 -> #DIV/0! | J74: =I74+J73 -> #DIV/0!
A75: 74209/001 | B75: Placa de obra em chapa de aço galvanizado | C75: =VLOOKUP(B75,Orçamento!$C$7:$I$245,2,0) -> 0 | E75: =VLOOKUP(B75,Orçamento!$C$7:$I$245,4,0) -> m² | F75: =SUMIFS(Orçamento!$G$7:$G$245,Orçamento!$C$7:$C$245,B75) -> 16 | G75: =VLOOKUP(B75,Orçamento!$C$7:$I$245,7,0) -> 0 | H75: =SUMIFS(Orçamento!$J$7:$J$245,Orçamento!$C$7:$C$245,B75) -> 0 | I75: =H75/$H$115 -> #DIV/0! | J75: =I75+J74 -> #DIV/0!
A76: 4915671 | B76: Reaterro e compactação com soquete vibratório | C76: =VLOOKUP(B76,Orçamento!$C$7:$I$245,2,0) -> 0 | E76: =VLOOKUP(B76,Orçamento!$C$7:$I$245,4,0) -> m² | F76: =SUMIFS(Orçamento!$G$7:$G$245,Orçamento!$C$7:$C$245,B76) -> 379.34 | G76: =VLOOKUP(B76,Orçamento!$C$7:$I$245,7,0) -> 0 | H76: =SUMIFS(Orçamento!$J$7:$J$245,Orçamento!$C$7:$C$245,B76) -> 0 | I76: =H76/$H$115 -> #DIV/0! | J76: =I76+J75 -> #DIV/0!
A77: P9897 | B77: Tecnico em meio ambiente | C77: =VLOOKUP(B77,Orçamento!$C$7:$I$245,2,0) -> 0 | E77: =VLOOKUP(B77,Orçamento!$C$7:$I$245,4,0) -> mês | F77: =SUMIFS(Orçamento!$G$7:$G$245,Orçamento!$C$7:$C$245,B77) -> 1 | G77: =VLOOKUP(B77,Orçamento!$C$7:$I$245,7,0) -> 0 | H77: =SUMIFS(Orçamento!$J$7:$J$245,Orçamento!$C$7:$C$245,B77) -> 0 | I77: =H77/$H$115 -> #DIV/0! | J77: =I77+J76 -> #DIV/0!
A78: 1106050 | B78: Lançamento livre de concreto usinado por meio de caminhão betoneira - confecção em central dosadora de 30 m³/h | C78: =VLOOKUP(B78,Orçamento!$C$7:$I$245,2,0) -> 0 | E78: =VLOOKUP(B78,Orçamento!$C$7:$I$245,4,0) -> m³ | F78: =SUMIFS(Orçamento!$G$7:$G$245,Orçamento!$C$7:$C$245,B78) -> 175 | G78: =VLOOKUP(B78,Orçamento!$C$7:$I$245,7,0) -> 0 | H78: =SUMIFS(Orçamento!$J$7:$J$245,Orçamento!$C$7:$C$245,B78) -> 0 | I78: =H78/$H$115 -> #DIV/0! | J78: =I78+J77 -> #DIV/0!
A79: 4413996 | B79: Enleivamento | C79: =VLOOKUP(B79,Orçamento!$C$7:$I$245,2,0) -> 0 | E79: =VLOOKUP(B79,Orçamento!$C$7:$I$245,4,0) -> m² | F79: =SUMIFS(Orçamento!$G$7:$G$245,Orçamento!$C$7:$C$245,B79) -> 714 | G79: =VLOOKUP(B79,Orçamento!$C$7:$I$245,7,0) -> 0 | H79: =SUMIFS(Orçamento!$J$7:$J$245,Orçamento!$C$7:$C$245,B79) -> 0 | I79: =H79/$H$115 -> #DIV/0! | J79: =I79+J78 -> #DIV/0!
A80: 2007971 | B80: Dreno de PVC D = 100 mm - fornecimento e instalação | C80: =VLOOKUP(B80,Orçamento!$C$7:$I$245,2,0) -> 0 | E80: =VLOOKUP(B80,Orçamento!$C$7:$I$245,4,0) -> un | F80: =SUMIFS(Orçamento!$G$7:$G$245,Orçamento!$C$7:$C$245,B80) -> 62.4 | G80: =VLOOKUP(B80,Orçamento!$C$7:$I$245,7,0) -> 0 | H80: =SUMIFS(Orçamento!$J$7:$J$245,Orçamento!$C$7:$C$245,B80) -> 0 | I80: =H80/$H$115 -> #DIV/0! | J80: =I80+J79 -> #DIV/0!
A81: 1100657 | B81: Adensamento de concreto por vibrador de imersão | C81: =VLOOKUP(B81,Orçamento!$C$7:$I$245,2,0) -> 0 | E81: =VLOOKUP(B81,Orçamento!$C$7:$I$245,4,0) -> m³ | F81: =SUMIFS(Orçamento!$G$7:$G$245,Orçamento!$C$7:$C$245,B81) -> 1786.1464 | G81: =VLOOKUP(B81,Orçamento!$C$7:$I$245,7,0) -> 0 | H81: =SUMIFS(Orçamento!$J$7:$J$245,Orçamento!$C$7:$C$245,B81) -> 0 | I81: =H81/$H$115 -> #DIV/0! | J81: =I81+J80 -> #DIV/0!
A82: S/C | B82: Manutenção de canteiro de obra e acampamento | C82: =VLOOKUP(B82,Orçamento!$C$7:$I$245,2,0) -> 0 | E82: =VLOOKUP(B82,Orçamento!$C$7:$I$245,4,0) -> mês | F82: =SUMIFS(Orçamento!$G$7:$G$245,Orçamento!$C$7:$C$245,B82) -> 10 | G82: =VLOOKUP(B82,Orçamento!$C$7:$I$245,7,0) -> 0 | H82: =SUMIFS(Orçamento!$J$7:$J$245,Orçamento!$C$7:$C$245,B82) -> 0 | I82: =H82/$H$115 -> #DIV/0! | J82: =I82+J81 -> #DIV/0!
A83: 5501706 | B83: Escavação mecânica com retroescavadeira em material de 1ª categoria | C83: =VLOOKUP(B83,Orçamento!$C$7:$I$245,2,0) -> 0 | E83: =VLOOKUP(B83,Orçamento!$C$7:$I$245,4,0) -> m³ | F83: =SUMIFS(Orçamento!$G$7:$G$245,Orçamento!$C$7:$C$245,B83) -> 728.68 | G83: =VLOOKUP(B83,Orçamento!$C$7:$I$245,7,0) -> 0 | H83: =SUMIFS(Orçamento!$J$7:$J$245,Orçamento!$C$7:$C$245,B83) -> 0 | I83: =H83/$H$115 -> #DIV/0! | J83: =I83+J82 -> #DIV/0!
A84: 66506 | B84: Instalação de boca de leão simples com grelha articulada, exceto o fornecimento da grelha | C84: =VLOOKUP(B84,Orçamento!$C$7:$I$245,2,0) -> 0 | E84: =VLOOKUP(B84,Orçamento!$C$7:$I$245,4,0) -> un | F84: =SUMIFS(Orçamento!$G$7:$G$245,Orçamento!$C$7:$C$245,B84) -> 2 | G84: =VLOOKUP(B84,Orçamento!$C$7:$I$245,7,0) -> 0 | H84: =SUMIFS(Orçamento!$J$7:$J$245,Orçamento!$C$7:$C$245,B84) -> 0 | I84: =H84/$H$115 -> #DIV/0! | J84: =I84+J83 -> #DIV/0!
A85: S/C | B85: Luminária fechada para iluminação pública, inclusive lâmpadas de Led 120W | C85: =VLOOKUP(B85,Orçamento!$C$7:$I$245,2,0) -> 0 | E85: =VLOOKUP(B85,Orçamento!$C$7:$I$245,4,0) -> und | F85: =SUMIFS(Orçamento!$G$7:$G$245,Orçamento!$C$7:$C$245,B85) -> 16 | G85: =VLOOKUP(B85,Orçamento!$C$7:$I$245,7,0) -> 0 | H85: =SUMIFS(Orçamento!$J$7:$J$245,Orçamento!$C$7:$C$245,B85) -> 0 | I85: =H85/$H$115 -> #DIV/0! | J85: =I85+J84 -> #DIV/0!
A86: S/C | B86: Duto espiral flexível singelo PEAD D=50mm (2") revestido com PVC com fio guia de aço galvanizado, lançado direto no solo, incl. Conexões | C86: =VLOOKUP(B86,Orçamento!$C$7:$I$245,2,0) -> 0 | E86: =VLOOKUP(B86,Orçamento!$C$7:$I$245,4,0) -> m | F86: =SUMIFS(Orçamento!$G$7:$G$245,Orçamento!$C$7:$C$245,B86) -> 380 | G86: =VLOOKUP(B86,Orçamento!$C$7:$I$245,7,0) -> 0 | H86: =SUMIFS(Orçamento!$J$7:$J$245,Orçamento!$C$7:$C$245,B86) -> 0 | I86: =H86/$H$115 -> #DIV/0! | J86: =I86+J85 -> #DIV/0!
A87: 5915373 | B87: Carga, manobra e descarga de materiais diversos em caminhão carroceria com capacidade de 7t e com guindauto de 20 t.m | C87: =VLOOKUP(B87,Orçamento!$C$7:$I$245,2,0) -> 0 | E87: =VLOOKUP(B87,Orçamento!$C$7:$I$245,4,0) -> t | F87: =SUMIFS(Orçamento!$G$7:$G$245,Orçamento!$C$7:$C$245,B87) -> 155 | G87: =VLOOKUP(B87,Orçamento!$C$7:$I$245,7,0) -> 0 | H87: =SUMIFS(Orçamento!$J$7:$J$245,Orçamento!$C$7:$C$245,B87) -> 0 | I87: =H87/$H$115 -> #DIV/0! | J87: =I87+J86 -> #DIV/0!
A88: 2306247 | B88: Arrazamento de estacasde concretocom seção de até 900 cm³ | C88: =VLOOKUP(B88,Orçamento!$C$7:$I$245,2,0) -> 0 | E88: =VLOOKUP(B88,Orçamento!$C$7:$I$245,4,0) -> m³ | F88: =SUMIFS(Orçamento!$G$7:$G$245,Orçamento!$C$7:$C$245,B88) -> 15.07 | G88: =VLOOKUP(B88,Orçamento!$C$7:$I$245,7,0) -> 0 | H88: =SUMIFS(Orçamento!$J$7:$J$245,Orçamento!$C$7:$C$245,B88) -> 0 | I88: =H88/$H$115 -> #DIV/0! | J88: =I88+J87 -> #DIV/0!
A89: S/C | B89: Duto espiral flexível singelo PEAD D=100mm (4") revestido com PVC com fio guia de aço galvanizado, lançado direto no solo, incl. Conexões | C89: =VLOOKUP(B89,Orçamento!$C$7:$I$245,2,0) -> 0 | E89: =VLOOKUP(B89,Orçamento!$C$7:$I$245,4,0) -> m | F89: =SUMIFS(Orçamento!$G$7:$G$245,Orçamento!$C$7:$C$245,B89) -> 88 | G89: =VLOOKUP(B89,Orçamento!$C$7:$I$245,7,0) -> 0 | H89: =SUMIFS(Orçamento!$J$7:$J$245,Orçamento!$C$7:$C$245,B89) -> 0 | I89: =H89/$H$115 -> #DIV/0! | J89: =I89+J88 -> #DIV/0!
A90: 3713690 | B90: Terminal de ancoragem de defensa metálica em barreira New Jersey - fornecimento e implantação | C90: =VLOOKUP(B90,Orçamento!$C$7:$I$245,2,0) -> 0 | E90: =VLOOKUP(B90,Orçamento!$C$7:$I$245,4,0) -> un | F90: =SUMIFS(Orçamento!$G$7:$G$245,Orçamento!$C$7:$C$245,B90) -> 4 | G90: =VLOOKUP(B90,Orçamento!$C$7:$I$245,7,0) -> 0 | H90: =SUMIFS(Orçamento!$J$7:$J$245,Orçamento!$C$7:$C$245,B90) -> 0 | I90: =H90/$H$115 -> #DIV/0! | J90: =I90+J89 -> #DIV/0!
A91: 5502146 | B91: Escav., carga e transp. de mat. 1ª cat. - DMT de 2.500 a 3.000 m - cam. serviço em rev. Primário | C91: =VLOOKUP(B91,Orçamento!$C$7:$I$245,2,0) -> DNIT 106/107/09 | E91: =VLOOKUP(B91,Orçamento!$C$7:$I$245,4,0) -> m³ | F91: =SUMIFS(Orçamento!$G$7:$G$245,Orçamento!$C$7:$C$245,B91) -> 204.95 | G91: =VLOOKUP(B91,Orçamento!$C$7:$I$245,7,0) -> 0 | H91: =SUMIFS(Orçamento!$J$7:$J$245,Orçamento!$C$7:$C$245,B91) -> 0 | I91: =H91/$H$115 -> #DIV/0! | J91: =I91+J90 -> #DIV/0!
A92: 5501700 | B92: Desmat., destoc., limp. de área e estocagem do mat. de limpeza com árvores de diâm. até 0,15 m | C92: =VLOOKUP(B92,Orçamento!$C$7:$I$245,2,0) -> 0 | E92: =VLOOKUP(B92,Orçamento!$C$7:$I$245,4,0) -> m² | F92: =SUMIFS(Orçamento!$G$7:$G$245,Orçamento!$C$7:$C$245,B92) -> 3229 | G92: =VLOOKUP(B92,Orçamento!$C$7:$I$245,7,0) -> 0 | H92: =SUMIFS(Orçamento!$J$7:$J$245,Orçamento!$C$7:$C$245,B92) -> 0 | I92: =H92/$H$115 -> #DIV/0! | J92: =I92+J91 -> #DIV/0!
A93: S/C | B93: Caixa de passagem e tampa pré-moldadas em concreto, sem fundo, 40x40cm | C93: =VLOOKUP(B93,Orçamento!$C$7:$I$245,2,0) -> 0 | E93: =VLOOKUP(B93,Orçamento!$C$7:$I$245,4,0) -> und | F93: =SUMIFS(Orçamento!$G$7:$G$245,Orçamento!$C$7:$C$245,B93) -> 17 | G93: =VLOOKUP(B93,Orçamento!$C$7:$I$245,7,0) -> 0 | H93: =SUMIFS(Orçamento!$J$7:$J$245,Orçamento!$C$7:$C$245,B93) -> 0 | I93: =H93/$H$115 -> #DIV/0! | J93: =I93+J92 -> #DIV/0!
A94: 5213571 | B94: Fornecimento e implantação de placa em aço - película I + III | C94: =VLOOKUP(B94,Orçamento!$C$7:$I$245,2,0) -> 0 | E94: =VLOOKUP(B94,Orçamento!$C$7:$I$245,4,0) -> m² | F94: =SUMIFS(Orçamento!$G$7:$G$245,Orçamento!$C$7:$C$245,B94) -> 3.96 | G94: =VLOOKUP(B94,Orçamento!$C$7:$I$245,7,0) -> 0 | H94: =SUMIFS(Orçamento!$J$7:$J$245,Orçamento!$C$7:$C$245,B94) -> 0 | I94: =H94/$H$115 -> #DIV/0! | J94: =I94+J93 -> #DIV/0!
A95: 2003850 | B95: Lastro de brita comercial compactado com soquete vibratório - espalhamento manual | C95: =VLOOKUP(B95,Orçamento!$C$7:$I$245,2,0) -> 0 | E95: =VLOOKUP(B95,Orçamento!$C$7:$I$245,4,0) -> m³ | F95: =SUMIFS(Orçamento!$G$7:$G$245,Orçamento!$C$7:$C$245,B95) -> 14.97 | G95: =VLOOKUP(B95,Orçamento!$C$7:$I$245,7,0) -> 0 | H95: =SUMIFS(Orçamento!$J$7:$J$245,Orçamento!$C$7:$C$245,B95) -> 0 | I95: =H95/$H$115 -> #DIV/0! | J95: =I95+J94 -> #DIV/0!
A96: S/C | B96: Caixa de passagem e tampa pré-moldadas em concreto, sem fundo, 85x65x80cm | C96: =VLOOKUP(B96,Orçamento!$C$7:$I$245,2,0) -> 0 | E96: =VLOOKUP(B96,Orçamento!$C$7:$I$245,4,0) -> und | F96: =SUMIFS(Orçamento!$G$7:$G$245,Orçamento!$C$7:$C$245,B96) -> 7 | G96: =VLOOKUP(B96,Orçamento!$C$7:$I$245,7,0) -> 0 | H96: =SUMIFS(Orçamento!$J$7:$J$245,Orçamento!$C$7:$C$245,B96) -> 0 | I96: =H96/$H$115 -> #DIV/0! | J96: =I96+J95 -> #DIV/0!
A97: 5216111 | B97: Fornecimento e implantação de suporte e travessa para placa de sinalização em madeira de lei tratada 8 x 8 cm | C97: =VLOOKUP(B97,Orçamento!$C$7:$I$245,2,0) -> 0 | E97: =VLOOKUP(B97,Orçamento!$C$7:$I$245,4,0) -> un | F97: =SUMIFS(Orçamento!$G$7:$G$245,Orçamento!$C$7:$C$245,B97) -> 10 | G97: =VLOOKUP(B97,Orçamento!$C$7:$I$245,7,0) -> 0 | H97: =SUMIFS(Orçamento!$J$7:$J$245,Orçamento!$C$7:$C$245,B97) -> 0 | I97: =H97/$H$115 -> #DIV/0! | J97: =I97+J96 -> #DIV/0!
A98: 66525 | B98: Fornecimento de grelha tipo "boca de leão" de ferro fund. dúctil cl. mín.d400 - 40t - dim. apr=500x500mm - nbr 10160 - t. articu. - p/ gal. águas pluv. | C98: =VLOOKUP(B98,Orçamento!$C$7:$I$245,2,0) -> 0 | E98: =VLOOKUP(B98,Orçamento!$C$7:$I$245,4,0) -> un | F98: =SUMIFS(Orçamento!$G$7:$G$245,Orçamento!$C$7:$C$245,B98) -> 2 | G98: =VLOOKUP(B98,Orçamento!$C$7:$I$245,7,0) -> 0 | H98: =SUMIFS(Orçamento!$J$7:$J$245,Orçamento!$C$7:$C$245,B98) -> 0 | I98: =H98/$H$115 -> #DIV/0! | J98: =I98+J97 -> #DIV/0!
A99: 101875 | B99: Quadro de distribuição de energia em chapa de aco galvanizado, para 12 disjuntores termomagneticos monopolares, com barramento trifasico e neutro - fornecimento e instalação | C99: =VLOOKUP(B99,Orçamento!$C$7:$I$245,2,0) -> 0 | E99: =VLOOKUP(B99,Orçamento!$C$7:$I$245,4,0) -> und | F99: =SUMIFS(Orçamento!$G$7:$G$245,Orçamento!$C$7:$C$245,B99) -> 2 | G99: =VLOOKUP(B99,Orçamento!$C$7:$I$245,7,0) -> 0 | H99: =SUMIFS(Orçamento!$J$7:$J$245,Orçamento!$C$7:$C$245,B99) -> 0 | I99: =H99/$H$115 -> #DIV/0! | J99: =I99+J98 -> #DIV/0!
A100: 96985 | B100: Haste de aterramento 5/8 para SPDA - fornecimento e instalação | C100: =VLOOKUP(B100,Orçamento!$C$7:$I$245,2,0) -> 0 | E100: =VLOOKUP(B100,Orçamento!$C$7:$I$245,4,0) -> und | F100: =SUMIFS(Orçamento!$G$7:$G$245,Orçamento!$C$7:$C$245,B100) -> 10 | G100: =VLOOKUP(B100,Orçamento!$C$7:$I$245,7,0) -> 0 | H100: =SUMIFS(Orçamento!$J$7:$J$245,Orçamento!$C$7:$C$245,B100) -> 0 | I100: =H100/$H$115 -> #DIV/0! | J100: =I100+J99 -> #DIV/0!
A101: 101903 | B101: Contator tripolar I nominal 36A - fornecimento e instalaçãoinclusive eletrotécnico | C101: =VLOOKUP(B101,Orçamento!$C$7:$I$245,2,0) -> 0 | E101: =VLOOKUP(B101,Orçamento!$C$7:$I$245,4,0) -> und | F101: =SUMIFS(Orçamento!$G$7:$G$245,Orçamento!$C$7:$C$245,B101) -> 2 | G101: =VLOOKUP(B101,Orçamento!$C$7:$I$245,7,0) -> 0 | H101: =SUMIFS(Orçamento!$J$7:$J$245,Orçamento!$C$7:$C$245,B101) -> 0 | I101: =H101/$H$115 -> #DIV/0! | J101: =I101+J100 -> #DIV/0!
...

Sheet Canteiro Id
A1: =Cronograma!A1 -> PREFEITURA MUNICIPAL DE NOVA ERA
A3: =Cronograma!A4 -> Obra: Ponte sob o rio Piracicaba
A4: =Cronograma!A5 -> Rodovia: Ligação entre Rua Quincas Honorato e Rua Rio Piracicaba
A5: =Cronograma!A6 -> Trecho: Ponto localizado
A6: =Cronograma!A7 -> Coordenadas: 19°45'54.13"S / 43° 1'45.24"O | H6: =Cronograma!H7 -> D. Base: Jul/2022 (Des)
A7: CANTEIRO DE OBRA E ACAMPAMENTO - IDENTIFICAÇÃO
A9: A | B9: Identificação do empreendimento
A10: =A3 -> Obra: Ponte sob o rio Piracicaba
A11: =A4 -> Rodovia: Ligação entre Rua Quincas Honorato e Rua Rio Piracicaba | F11: Código SRE:
A12: =A5 -> Trecho: Ponto localizado
A13: =A6 -> Coordenadas: 19°45'54.13"S / 43° 1'45.24"O
A14: Extensão: 125,40m | G14: Largura: 14,00 m
A15: Prazo de execução: 300 dias
A16: Mão de obra ordinária média (funcionários/mês): | G16: 24 | H16: funcionários
A17: Mão de obra parcela fixa da administ local (especializada funcion/mês): | G17: 2 | H17: funcionários
A18: Mão de obra parcela fixa da administ local (não especializ funcion/mês): | G18: 3 | H18: funcionários
A19: Mão de obra parcela vinculada da administ local (espec funcion/mês): | G19: 3 | H19: funcionários
A20: Mão de obra parcela vinculada da administ local (não espec funcion/mês): | G20: 3 | H20: funcionários
A21: Mão de obra parcela variável da administração local (funcionários/mês): | G21: 0 | H21: funcionários
A22: Distância entre o canteiro e a cidade mais próxima (pavimentado): | G22: 0 | H22: km
A23: Distância entre o canteiro e a cidade mais próxima (não pavimentado): | G23: 0 | H23: km
A24: Unidade da Federação: | G24: Minas Gerais
A25: Mês-base: | G25: Julho de 2022
A27: B | B27: Classificação da Obra
A28: Obra de Arte Especial de Pequeno Porte (1 unid de 125,40 m / 270 dias)
A30: C | B30: Caracterização da Mão de Obra
A31: • Número de funcionários da mão de obra ordinária no mês de pico (NMO)
A32: NMO = | B32: 1,33 x | C32: =G16 -> 24 | D32: = | E32: =ROUND(1.33*C32,0) -> 32 | F32: funcionários/mês
A33: • Número de funcionários da parcela variável no mês de pico (NPV)
A34: NPV = | B34: 1,33 x | C34: =G21 -> 0 | D34: = | E34: =ROUND(1.33*C34,0) -> 0 | F34: funcionários/mês
A35: • Número de funcionários especializ e não especializ da parcela fixa da administração local (NPF)
A36: NPF = | B36: =G17 -> 2 | C36: funcion espec/mês | F36: =G18 -> 3 | G36: funcion não espec/mês
A37: • Número de funcionários especializ e não especializados das parcelas fixa e vinculada (NPF-V)
A38: NPF-V1 = | B38: =G17+G19 -> 5 | C38: funcion espec/mês | E38: NPF-V2 = | F38: =G18+G20 -> 6 | G38: funcion não espec/mês
A39: • Número de funcionários alojados no canteiro (NFA) (Obra no Pantanal, s/ comunidades próximas)
A40: NFA = | B40: (NPF + NPVINC)+((NPV+NMORDIN)/2) = | E40: =ROUND((G17+G18+G19+G20)+((G21+G16)/2),0) -> 23 | F40: funcionários/mês
A41: • Número máximo de funcionários (NMAX)
A42: NMAX = | B42: =E32+E34+B38+F38 -> 43 | C42: funcionários/mês
A44: D | B44: Fator de Produção de Construção (k1)
A45: Padrão de construção provisório - k1 = | E45: 0.8
A46: E | B46: Fator de Mobiliário e Aparelhagem (k2)
A47: Const. de OAEs de pequeno porte - k2 = | F47: 1.06
A48: F | B48: Fator de Distância do Canteiro aos Centros Fornecedores (k3)
A49: ="Revest Paviment - k3 = 1 + (0,0008 x "&G22&" km) + (0,0009 x "&G23&" km) = " -> Revest Paviment - k3 = 1 + (0,0008 x 0 km) + (0,0009 x 0 km) = | H49: =ROUND(1+(0.0008*G22)+(0.0009*G23),3) -> 1
A50: G | B50: Custo Médio da Construção Civil (CMCC)
A51: Mês-base: Outubro de 2022 | E51: CMCC = | F51: =D54 -> 1618.41
B53: Sem Desoneração | D53: 1711.76
B54: Com Desoneração | D54: 1618.41

Sheet Canteiro Qtd
A1: =Cronograma!A1 -> PREFEITURA MUNICIPAL DE NOVA ERA
A3: =Cronograma!A4 -> Obra: Ponte sob o rio Piracicaba
A4: =Cronograma!A5 -> Rodovia: Ligação entre Rua Quincas Honorato e Rua Rio Piracicaba
A5: =Cronograma!A6 -> Trecho: Ponto localizado
A6: =Cronograma!A7 -> Coordenadas: 19°45'54.13"S / 43° 1'45.24"O | H6: =Cronograma!H7 -> D. Base: Jul/2022 (Des)
A7: CANTEIRO DE OBRA E ACAMPAMENTO - QUANTIFICAÇÃO
A9: H | B9: Instalações com Utilização de Container
A10: Instalações | C10: Container | F10: Área | G10: Valor Aquis | H10: Custo (R$)
A11: Escritório e Seção Téc | C11: 1 TEU revest térm (ar cond) c/ jan e 1 ban | F11: 29.72 | G11: 52156 | H11: =ROUND(G11*10/60,2) -> 8692.67 | I11: M0066
A12: Alojamento (2 unid) | C12: 2 TEU revest térm (ar cond) c/ jan e 1 ban | F12: 29.72 | G12: 43247.276 | H12: =ROUND(G12*10*2/60,2) -> 14415.76 | I12: M0059
A13: Residencia (2 unid) | C13: 2 TEU revest térm (ar cond) c/ jan e 1 ban | F13: 29.72 | G13: 43247.276 | H13: =ROUND(G13*10*2/60,2) -> 14415.76 | I13: M0059
A14: Refeitório (1 unid) | C14: 1 TEU duplo (6,0 m x 4,88 m) c/ jan e 2 lav | F14: =1*14.77 -> 14.77 | G14: 78077.269 | H14: =ROUND(G14*10/60,2) -> 13012.88 | I14: M0058
A15: Cozinha | C15: 1 TEU duplo (6,0 m x 4,88 m) c/ jan | F15: 14.77 | G15: 74265.869 | H15: =ROUND(G15*10/60,2) -> 12377.64 | I15: M0057
A16: Banh e vestiário (2 un) | C16: 1 TEU com 2 banheiros | F16: =2*14.77 -> 29.54 | G16: 51082.073 | H16: =ROUND(G16*10/60,2) -> 8513.68 | I16: M0041
A17: Almoxarifado | C17: 1 TEU duplo (6,0 m x 4,88 m) com janela | F17: 14.77 | G17: 74265.869 | H17: =ROUND(G17*10/60,2) -> 12377.64 | I17: M0057
C18: Total | F18: =SUM(F11:F17) -> 163.01 | H18: =SUM(H11:H17) -> 83806.03
A20: I.1 | B20: Cálculo de Áreas de Instalações pela Quantidade de Funcionários | G20: Cálculo | H20: Projeto
A21: Alojamentos (50 % alojados) | D21: AAL = 3,11 x 50% (NMO + NPV + NP-FV2) | G21: =ROUND(3.11*(0.5*('Canteiro Id'!E32+'Canteiro Id'!E34+'Canteiro Id'!F38)),2) -> 59.09 | H21: Locação
A22: Refeitório e cozinha | D22: AR-C = 1,55 x 50% Nmax | G22: =ROUND(1.55*0.5*'Canteiro Id'!B42,2) -> 33.33 | H22: =F14+F15 -> 29.54
A23: Banheiros e vestiário | D23: AB-V = 0,77 x (NMO + NPV + NP-FV2) | G23: =ROUND(0.77*('Canteiro Id'!E32+'Canteiro Id'!E34+'Canteiro Id'!F38),2) -> 29.26 | H23: =F16 -> 29.54
A24: Área de recreação | D24: AAR = 1,5 x 50% NFA | G24: =ROUND(1.5*0.5*'Canteiro Id'!E40,2) -> 17.25 | H24: =G24 -> 17.25
A25: Residências | D25: ARES = 8,46 x NPF-V1 | G25: =ROUND(8.46*('Canteiro Id'!B38),2) -> 42.3 | H25: Locação
A27: I.2 | B27: Áreas do Canteiro de Obra em Construção Provisória (Barracão - com reaproveitamento)
A28: Instalações | G28: Unidade | H28: Área (m²)
A29: Alojamentos em barracão de madeira - Desenho 4.1-07 | G29: m² | H29: 0
A30: Refeitório e cozinha em barracão de madeira - Desenho 4.1-06 | G30: m² | H30: =H22*0 -> 0
A31: Banheiros e vestiários em barracão de madeira - Desenho 4.1-08 | G31: m² | H31: =H23*0 -> 0
A32: Área de recreação em barracão de madeira | G32: m² | H32: =H24 -> 17.25
A33: Residências em barracão de madeira - Desenho 3.1-18 | G33: m² | H33: 0
A34: Almoxarifado em barracão de madeira - Desenho 4.1-03 | G34: m² | H34: =36.42*0 -> 0
A35: Depósito de cimento em barracão de madeira - Desenho 4.1-04 | G35: m² | H35: =62.44*0 -> 0
A36: Central de armaduras em barracão de madeira - Desenho 4.1-05 | G36: m² | H36: 84.79
A37: Oficina em barracão de madeira - Desenho 4.1-09 | G37: m² | H37: =0*18.1 -> 0
A38: Carpintaria em barracão de madeira - Desenho 4.1-15 | G38: m² | H38: 111.26
A39: Guarita em barracão de madeira - Desenho 4.1-17 | G39: m² | H39: =0*6.1 -> 0
A40: Garagens - Desenho 4.1-10 (Área descoberta - prevista no FEAD) | G40: m² | H40: 224.35
A41: Posto de combustível - Desenho 4.1-14 (Área descoberta - prevista no FEAD) | G41: m² | H41: 0
A43: J | B43: Fatores de Equivalência de Áreas
A44: J.1 | B44: Áreas Cobertas | F44: Aproveitamento do material de 3 vezes
A45: Instalações | D45: Unidade | E45: Área Refer | F45: FEAC (%) | G45: Aproveitam | H45: Áreas Equiv.
A46: Alojamentos | D46: m² | E46: =H29 -> 0 | F46: 0.7 | G46: =ROUND((0.36/1)+(0.64/3),3) -> 0.573 | H46: =ROUND(E46*F46*G46,2) -> 0
A47: Refeitório e cozinha | D47: m² | E47: =H30 -> 0 | F47: 0.7 | G47: =ROUND((0.36/1)+(0.64/3),3) -> 0.573 | H47: =ROUND(E47*F47*G47,2) -> 0
A48: Banheiros e vestiário | D48: m² | E48: =H31 -> 0 | F48: 0.7 | G48: =ROUND((0.36/1)+(0.64/3),3) -> 0.573 | H48: =ROUND(E48*F48*G48,2) -> 0
A49: Área de recreação | D49: m² | E49: =H32 -> 17.25 | F49: 0.5 | G49: =ROUND((0.36/1)+(0.64/3),3) -> 0.573 | H49: =ROUND(E49*F49*G49,2) -> 4.94
A50: Residências | D50: m² | E50: =H33 -> 0 | F50: 0.7 | G50: =ROUND((0.36/1)+(0.64/3),3) -> 0.573 | H50: =ROUND(E50*F50*G50,2) -> 0
A51: Almoxarifado | D51: m² | E51: =H34 -> 0 | F51: 0.5 | G51: =ROUND((0.36/1)+(0.64/3),3) -> 0.573 | H51: =ROUND(E51*F51*G51,2) -> 0
A52: Depósito de cimento | D52: m² | E52: =H35 -> 0 | F52: 0.5 | G52: =ROUND((0.36/1)+(0.64/3),3) -> 0.573 | H52: =ROUND(E52*F52*G52,2) -> 0
A53: Oficina | D53: m² | E53: =H37 -> 0 | F53: 0.5 | G53: =ROUND((0.36/1)+(0.64/3),3) -> 0.573 | H53: =ROUND(E53*F53*G53,2) -> 0
A54: Guarita | D54: m² | E54: =H39 -> 0 | F54: 0.7 | G54: =ROUND((0.36/1)+(0.64/3),3) -> 0.573 | H54: =ROUND(E54*F54*G54,2) -> 0
A55: Total | D55: m² | E55: =SUM(E46:E54) -> 17.25 | H55: =SUM(H46:H54) -> 4.94
A57: J.1.1 | B57: Custo das Áreas Cobertas
A58: CAC = | B58: (k1 x k2 x k3 x Área coberta equivalente) x CMCC | G58: CMCC = | H58: ='Canteiro Id'!F51 -> 1618.41 | J58: =29.72*F46*G46*B59*D59*F59*H58 -> 16448.843
A59: K1 = | B59: 0.8 | C59: K2 = | D59: 1.05 | E59: K3 = | F59: 1.015 | G59: CAC = | H59: =ROUND(B59*D59*F59*H55*H58,2) -> 6816.49
A61: J.2 | B61: Áreas Descobertas
A62: Área coberta calculada (Container + Barracão de Madeira) = | F62: =F18+E55 -> 180.26
A63: Área total de referência do terreno (Área coberta / 0,35) (m²) = | F63: =ROUND(F62/0.35,2) -> 515.03
A64: Áreas descobertas (Área total de referência do terreno - Área coberta) (m²) = | G64: =F63-F62 -> 334.77
A65: FEAD = | B65: 0.05
A67: J.2.1 | B67: Custo das Áreas Descobertas
A68: CAD = | B68: (Área descoberta x FEAD) x CMCC | G68: CMCC = | H68: ='Canteiro Id'!F51 -> 1618.41
G69: CAD = | H69: =ROUND(G64*B65*H68,2) -> 27089.76
A71: K | B71: Custo com locações de alojamentos e residências na cidade de taúba
A72: Instalações | C72: Imóvel | F72: Quantid | G72: Valor Aquis | H72: Custo (R$)
A73: Alojamentos | C73: Ocup 12 pessoas - 18 meses | F73: 0 | G73: 1000 | H73: =14*F73*G73 -> 0
A74: Residências | C74: Ocup 6 pessoas - 18 meses | F74: 0 | G74: 1000 | H74: =14*F74*G74 -> 0
G75: Total | H75: =SUM(H73:H74) -> 0
A77: L | B77: Custo Total de Referência do Canteiro de Obra e Alojamentos
A78: CCP = | B78: CCO (C. de Container) + CAC (C. Áreas Cobertas) + CAD (C. Áreas Descobertas) + Custo com Locações
A79: CCP = | B79: =ROUND(H18+H59+H69+H75,2) -> 117712.28
A81: Observação:
A82: Conforme o Manual de Custos do SICRO - Volume 7, os custos com as seguintes instalações estão
A83: previstas no cálculo do FEAD (Fator de Equivalência de Áreas Descobertas)
A84: 1- Limpeza da camada vegetal do terreno
A85: 2- Locação da obra
A86: 3- Execução de sub-base ou base
A87: 4- Lançamento de lastro de brita
A88: 5- Execução de meio fio de concreto
A89: 6- Instalação de cercas
A90: 7- Plantio de mudas arbustivas
A91: 8- Central de armaduras
A92: 9- Carpintaria
... A123: de vida útil.

Sheet Adm Local
A1: =Cronograma!A1 -> PREFEITURA MUNICIPAL DE NOVA ERA
A3: =Cronograma!A4 -> Obra: Ponte sob o rio Piracicaba
A4: =Cronograma!A5 -> Rodovia: Ligação entre Rua Quincas Honorato e Rua Rio Piracicaba
A5: =Cronograma!A6 -> Trecho: Ponto localizado
A6: =Cronograma!A7 -> Coordenadas: 19°45'54.13"S / 43° 1'45.24"O | J6: =Cronograma!H7 -> D. Base: Jul/2022 (Des)
A7: ADMINISTRAÇÃO LOCAL - PARCELA FIXA E VINCULADA
A8: ITEM | B8: CÓDIGO | C8: DESCRIÇÃO | D8: Unid | E8: Quantid | F8: Ocupação Produtiva | G8: Unidade Produtiva | H8: Quantid Produtiva | I8: Preço unitário | J8: Preço Total
A9: 1 | C9: Parcela Fixa - Gerência Técnica / Administrativa
A10: 1.1 | C10: Gerência técnica
A11: 1.1.1 | C11: Mão de Obra
A12: 1.1.1.1 | B12: P9819 | C12: Engenheiro supervisor | D12: unid | E12: 9 | F12: 1 | G12: mês | H12: =F12*E12 -> 9 | I12: =VLOOKUP(B12,'Mão de obra'!$A$3:$E$34,4,0) -> 20145.679 | J12: =TRUNC(I12*H12,2) -> 181311.1 | K12: =J12*1.207 -> 218842.5
A13: 1.1.1.2 | B13: P9897 | C13: Tecnico em meio ambiente | D13: unid | E13: 1 | F13: 1 | G13: mês | H13: =F13*E13 -> 1 | I13: =VLOOKUP(B13,'Mão de obra'!$A$3:$E$34,4,0) -> 5972.8843 | J13: =TRUNC(I13*H13,2) -> 5972.88 | K13: =J13*1.207 -> 7209.2662
A15: 1.1.2 | C15: Veículos | F15: Utiliz Prod | G15: Utiliz Impr | H15: Hora Prod | I15: Hora Impr
A16: 1.1.2.1 | B16: E9093 | C16: Veículo leve - 53 kW (sem motorista) | D16: unid | E16: =E12 -> 9 | F16: 44 | G16: 176 | H16: =VLOOKUP(B16,Equipamento!$A$8:$E$91,4,0) -> 42.3946 | I16: =VLOOKUP(B16,Equipamento!$A$8:$E$91,5,0) -> 5.6387 | J16: =TRUNC(E16*(F16*H16+G16*I16),2) -> 25719.96 | K16: =J16*1.207 -> 31043.992
A17: 1.1.2.2 | B17: S/C | C17: Van passageiro - 93 Kw | D17: unid | E17: =E16 -> 9 | F17: 25 | G17: =220-F17 -> 195 | H17: =Equipamento!D89 -> 52.1513 | I17: ='Custo Equipamentos'!K15 -> 7.2297 | J17: =TRUNC(E17*(F17*H17+G17*I17),2) -> 24422.16 | K17: =J17*1.207 -> 29477.547
C18: Obra com canteiro de obra pontual. A empresa não mantem um motorista só para atuar na van, ficando o custo de operação somente na hora produtiva
A20: 1.2 | C20: Gerência administrativa
A21: 1.2.1 | C21: Mão de Obra
A22: 1.2.1.1 | B22: P9827 | C22: Vigia | D22: unid | E22: 10 | F22: 1 | G22: mês | H22: =F22*E22 -> 10 | I22: =VLOOKUP(B22,'Mão de obra'!$A$3:$E$34,4,0) -> 3666.1621 | J22: =TRUNC(I22*H22,2) -> 36661.62 | K22: =J22*1.207 -> 44250.575
A23: 1.2.1.2 | B23: P9806 | C23: Auxiliar administrativo | D23: unid | E23: 5 | F23: 1 | G23: mês | H23: =F23*E23 -> 5 | I23: =VLOOKUP(B23,'Mão de obra'!$A$3:$E$34,4,0) -> 3501.0247 | J23: =TRUNC(I23*H23,2) -> 17505.12 | K23: =J23*1.207 -> 21128.68
A25: 2 | C25: Parcela Vinculada
A26: 2.1 | C26: Equipe de obra de arte especial
A27: 2.1.1 | C27: Mão de Obra
A28: 2.1.1 | B28: P9869 | C28: Encarregado de obra de arte especial | D28: unid | E28: 10 | F28: 1 | G28: mês | H28: =F28*E28 -> 10 | I28: =VLOOKUP(B28,'Mão de obra'!$A$3:$E$34,4,0) -> 7461.9394 | J28: =TRUNC(I28*H28,2) -> 74619.39 | K28: =TRUNC(J28*1.207,2) -> 90065.6
A29: 2.1.3 | B29: P9804 | C29: Apontador | D29: unid | E29: 10 | F29: 1 | G29: mês | H29: =F29*E29 -> 10 | I29: =VLOOKUP(B29,'Mão de obra'!$A$3:$E$34,4,0) -> 3636.1655 | J29: =TRUNC(I29*H29,2) -> 36361.65 | K29: =TRUNC(J29*1.207,2) -> 43888.51
A31: 2.1.2 | C31: Veículos | F31: Utiliz Prod | G31: Utiliz Impr | H31: Hora Prod | I31: Hora Impr
A32: 2.1.2.1 | B32: E9093 | C32: Veículo leve - 53 kW (sem motorista) | D32: unid | E32: =E29 -> 10 | F32: 44 | G32: 176 | H32: =VLOOKUP(B32,Equipamento!$A$8:$E$91,4,0) -> 42.3946 | I32: =VLOOKUP(B32,Equipamento!$A$8:$E$91,5,0) -> 5.6387 | J32: =TRUNC(E32*(F32*H32+G32*I32),2) -> 28577.73 | K32: =TRUNC(J32*1.207,2) -> 34493.32
A34: 2.2 | C34: Equipe de topografia
A35: 2.2.1 | C35: Mão de Obra
A36: 2.2.1.1 | B36: P9949 | C36: Topógrafo | D36: unid | E36: 3 | F36: 1 | G36: mês | H36: =F36*E36 -> 3 | I36: =VLOOKUP(B36,'Mão de obra'!$A$3:$E$34,4,0) -> 5341.4178 | J36: =TRUNC(I36*H36,2) -> 16024.25 | K36: =TRUNC(J36*1.207,2) -> 19341.26
A37: 2.2.1.2 | B37: P9950 | C37: Auxiliar de topografia | D37: unid | E37: 1.5 | F37: =F36 -> 1 | G37: mês | H37: =F37*E37 -> 1.5 | I37: =VLOOKUP(B37,'Mão de obra'!$A$3:$E$34,4,0) -> 4985.1869 | J37: =TRUNC(I37*H37,2) -> 7477.78 | K37: =TRUNC(J37*1.207,2) -> 9025.68
A39: 2.2.2 | C39: Veículos | F39: Utiliz Prod | G39: Utiliz Impr | H39: Hora Prod | I39: Hora Impr
A40: 2.2.2.1 | B40: E9125 | C40: Van furgão a diesel - 93 kW | D40: unid | E40: =E36 -> 3 | F40: 44 | G40: 176 | H40: =VLOOKUP(B40,Equipamento!$A$8:$E$91,4,0) -> 77.3436 | I40: =VLOOKUP(B40,Equipamento!$A$8:$E$91,5,0) -> 35.8093 | J40: =TRUNC(E40*(F40*H40+G40*I40),2) -> 29116.66 | K40: =TRUNC(J40*1.207,2) -> 35143.8
A42: 2.3 | C42: Equipe de medicina e segurança do trabalho
A43: 2.3.1 | C43: Mão de Obra
A44: 2.3.1.1 | B44: P9876 | C44: Técnico de segurança do trabalho | D44: unid | E44: 4 | F44: 1 | G44: mês | H44: =F44*E44 -> 4 | I44: =VLOOKUP(B44,'Mão de obra'!$A$3:$E$34,4,0) -> 5720.5522 | J44: =TRUNC(I44*H44,2) -> 22882.2 | K44: =TRUNC(J44*1.207,2) -> 27618.81
C46: Valor da Parcela Fixa e Vinculada - Equipe de Administração Local (Sem BDI) | J46: =SUM(J9:J45) -> 506652.5

Sheet Adm Lab
A1: =Cronograma!A1 -> PREFEITURA MUNICIPAL DE NOVA ERA
A3: =Cronograma!A4 -> Obra: Ponte sob o rio Piracicaba
A4: =Cronograma!A5 -> Rodovia: Ligação entre Rua Quincas Honorato e Rua Rio Piracicaba
A5: =Cronograma!A6 -> Trecho: Ponto localizado
A6: =Cronograma!A7 -> Coordenadas: 19°45'54.13"S / 43° 1'45.24"O | F6: =Cronograma!H7 -> D. Base: Jul/2022 (Des)
A7: EQUIPES DE CONTROLE TECNOLÓGICO
A8: CÓDIGO | B8: DESCRIÇÃO | C8: Unid | D8: Quant (QP) | E8: Quant (QE) | F8: Equipe (ELS)
B9: 1 - Equipes de Controle Tecnológico
B10: 1.1 - Laboratório de Solo
A11: 5502978 | B11: Compactação de aterros a 100% do Proctor normal | C11: m³ | D11: =Orçamento!G120 -> 2901.23 | E11: 169000 | F11: =TRUNC(D11/E11,4) -> 0.0171
B13: Total de equipes de laboratório de solo | F13: =SUM(F11:F12) -> 0.0171
B15: 1.1 - Laboratório de Concreto
B16: INFRAESTRUTURA
A17: 1107900 | B17: Concreto fck = 30 MPa - confecção em betoneira e lançamento manual - areia e brita comerciais | C17: m³ | D17: =Orçamento!G31 -> 10.61 | E17: 1100 | F17: =D17/E17 -> 0.0096454545
A18: 1106057 | B18: Concreto magro - confecção em betoneira e lançamento manual - areia e brita comerciais | C18: m³ | D18: =Orçamento!G30 -> 654.68 | E18: 1100 | F18: =D18/E18 -> 0.59516364
B19: MESOESTRUTURA
A20: 1107900 | B20: Concreto fck = 30 MPa - confecção em betoneira e lançamento manual - areia e brita comerciais | C20: m³ | D20: =Orçamento!G50 -> 171.35 | E20: 1100 | F20: =D20/E20 -> 0.15577273
B21: SUPERESTRUTURA
B22: Longarinas
A23: 1107904 | B23: Concreto fck = 35 MPa - confecção em betoneira e lançamento manual - areia e brita comerciais | C23: m³ | D23: =Orçamento!G62 -> 349.9 | E23: 1100 | F23: =D23/E23 -> 0.31809091
B24: Alas + Cortinas + Berços
A25: 1107900 | B25: Concreto fck = 30 MPa - confecção em betoneira e lançamento manual - areia e brita comerciais | C25: m³ | D25: =Orçamento!G75 -> 433.26 | E25: 1100 | F25: =D25/E25 -> 0.39387273
B26: Barreia New Jersey + Placa de Transição
A27: 1107900 | B27: Concreto fck = 30 MPa - confecção em betoneira e lançamento manual - areia e brita comerciais | C27: m³ | D27: =Orçamento!G86 -> 89.06 | E27: 1100 | F27: =D27/E27 -> 0.080963636
B29: Total de equipes de laboratório de concreto | F29: =SUM(F15:F28) -> 1.5535091

Sheet Manut. Canteiro
A1: =Cronograma!A1 -> PREFEITURA MUNICIPAL DE NOVA ERA
A3: =Cronograma!A4 -> Obra: Ponte sob o rio Piracicaba
A4: =Cronograma!A5 -> Rodovia: Ligação entre Rua Quincas Honorato e Rua Rio Piracicaba
A5: =Cronograma!A6 -> Trecho: Ponto localizado
A6: =Cronograma!A7 -> Coordenadas: 19°45'54.13"S / 43° 1'45.24"O | J6: =Cronograma!H7 -> D. Base: Jul/2022 (Des)
A7: PARCELA VARIÁVEL DA ADMIN LOCAL - EQUIPE DE MANUTENÇÃO DE CANTEIRO - SEM DESONER
A8: ITEM | B8: CÓDIGO | C8: DESCRIÇÃO | D8: Unid | E8: Quantid | F8: Propor de Áreas | G8: Unidade Produtiva | H8: Quantid Produtiva | I8: Preço unitário | J8: Preço Total
A9: 1 | C9: Manutenção de Canteiro de Obras e Acampamento
A10: 1.1 | C10: ="Mão de Obra (Área coberta de referência: 1.919,27 m² - Área coberta de projeto: "&E24&" m²)" -> Mão de Obra (Área coberta de referência: 1.919,27 m² - Área coberta de projeto: 180,26 m²)
A11: 1.1.1 | B11: P9953 | C11: Eletricista | D11: mês | E11: =44/220 -> 0.2 | F11: =ROUND((E24)/1919.27,2) -> 0.09 | G11: mês | H11: =E11*F11 -> 0.018 | I11: =VLOOKUP(B11,'Mão de obra'!$A$3:$E$34,4,0) -> 4345.0148 | J11: =ROUND(H11*I11,2) -> 78.21
A12: 1.1.2 | B12: P9952 | C12: Pedreiro | D12: mês | E12: =44/220 -> 0.2 | F12: =F11 -> 0.09 | G12: mês | H12: =E12*F12 -> 0.018 | I12: =VLOOKUP(B12,'Mão de obra'!$A$3:$E$34,4,0) -> 3799.5236 | J12: =ROUND(H12*I12,2) -> 68.39
A13: 1.1.3 | B13: P9954 | C13: Servente | D13: mês | E13: =44/220 -> 0.2 | F13: =F11 -> 0.09 | G13: mês | H13: =E13*F13 -> 0.018 | I13: =VLOOKUP(B13,'Mão de obra'!$A$3:$E$34,4,0) -> 3097.444 | J13: =ROUND(H13*I13,2) -> 55.75
A15: 1.2 | C15: ="Veículos e Equipamentos (Área descoberta de ref.: 3.838,60 m² - Área descoberta de projeto: "&E26&" m²)" -> Veículos e Equipamentos (Área descoberta de ref.: 3.838,60 m² - Área descoberta de projeto: 334,77 m²)
A16: 1.2.1 | B16: E9686 | C16: Caminhão carroceria com guindauto com capacidade de 20 t.m - 136 kW | D16: h.mês | E16: 11 | F16: =ROUND(E26/3838.6,2) -> 0.09 | G16: h.mês | H16: =E16*F16 -> 0.99 | I16: =VLOOKUP(B16,Equipamento!$A$8:$E$91,4,0) -> 329.2901 | J16: =ROUND(H16*I16,2) -> 326
A17: 1.2.2 | B17: E9669 | C17: Caminhão tanque de 8.000 l - 136 kW | D17: h.mês | E17: 0 | F17: =F16 -> 0.09 | G17: h.mês | H17: =E17*F17 -> 0 | I17: =VLOOKUP(B17,Equipamento!$A$8:$E$91,4,0) -> 286.837 | J17: =ROUND(H17*I17,2) -> 0
A18: 1.2.3 | B18: E9524 | C18: Motoniveladora - 93 kW | D18: h.mês | E18: 0 | F18: =F16 -> 0.09 | G18: h.mês | H18: =E18*F18 -> 0 | I18: =VLOOKUP(B18,Equipamento!$A$8:$E$91,4,0) -> 249.7197 | J18: =ROUND(H18*I18,2) -> 0
C20: Valor Mensal da Parcela Variável - Equipe de Manutenção de Canteiro | J20: =SUM(J9:J19) -> 528.35
C22: Área coberta - Canteiro de Obra: | E22: ='Canteiro Qtd'!F62 -> 180.26
C23: Área coberta - Usina de Asfalto: | E23: 0
C24: Área total coberta (Canteiro + Usina): | E24: =E22+E23 -> 180.26
C25: Área total do canteiro + usina: | E25: ='Canteiro Qtd'!F63 -> 515.03
C26: Área descoberta do canteiro + usina: | E26: =E25-E24 -> 334.77

Sheet Mob Pessoal
A1: =Cronograma!A4 -> Obra: Ponte sob o rio Piracicaba | M1: Governo de Minas Gerais
A2: =Cronograma!A5 -> Rodovia: Ligação entre Rua Quincas Honorato e Rua Rio Piracicaba | M2: Prefeitura Municipal de Nova Era
A3: =Cronograma!A6 -> Trecho: Ponto localizado
A4: =Cronograma!A7 -> Coordenadas: 19°45'54.13"S / 43° 1'45.24"O | M4: Mobilização de Pessoal
A5: ="Extensão: "&Resumo!B23&" - Largura: "&Resumo!E23 -> Extensão: 125,4 - Largura: 14 | M5: Data base: Julho de 2022
A6: Item | B6: Discriminação | D6: Pessoal | G6: Meses | H6: Debanda (mês) | I6: Quantidade | K6: Preço | L6: Custo
B7: Cód | C7: Equipamento | D7: Quantid | E7: FU | F7: Quantid | I7: Mobiliz | J7: Desmobiliz | K7: (R$) | L7: Mobiliz | M7: Desmobiliz
A8: 1.2 | C8: Mobilização de pessoal
A9: 1.2.1 | C9: Parcela Fixa
A10: 1.2.1.1 | C10: Gerência técnica - Engenheiro | D10: 1 | E10: 1 | F10: =E10*D10 -> 1 | G10: 9 | H10: 4 | I10: =F10*G10*H10 -> 36 | J10: =F10*G10*H10 -> 36 | K10: =L28 -> 35.86 | L10: =I10*K10 -> 1290.96 | M10: =J10*K10 -> 1290.96
A11: 1.2.1.2 | C11: Gerência técnica - Técnico em Meio Ambiente | D11: 1 | E11: 1 | F11: =E11*D11 -> 1 | G11: 7 | H11: 1 | I11: =F11*G11*H11 -> 7 | J11: =F11*G11*H11 -> 7 | K11: =K10 -> 35.86 | L11: =I11*K11 -> 251.02 | M11: =J11*K11 -> 251.02
A12: 1.2.1.3 | C12: Gerência administrativa | D12: 1 | E12: 1 | F12: =E12*D12 -> 1 | G12: =G10 -> 9 | H12: 4 | I12: =F12*G12*H12 -> 36 | J12: =F12*G12*H12 -> 36 | K12: =K10 -> 35.86 | L12: =I12*K12 -> 1290.96 | M12: =J12*K12 -> 1290.96
A13: 1.2.2 | C13: Parcela Vinculada
A14: 1.2.2.1 | C14: Equipe de obra de arte especial - Mobilização com o veic do encarreg | D14: 3 | E14: 0 | F14: =E14*D14 -> 0 | G14: 9 | H14: 4 | I14: =F14*G14*H14 -> 0 | J14: =F14*G14*H14 -> 0 | K14: =K10 -> 35.86 | L14: =I14*K14 -> 0 | M14: =J14*K14 -> 0
A15: 1.2.2.2 | C15: Equipe de topografia - Mobilização com a van | D15: 3 | E15: 0 | F15: =E15*D15 -> 0 | G15: 7 | H15: 1 | I15: =F15*G15*H15 -> 0 | J15: =F15*G15*H15 -> 0 | K15: =K10 -> 35.86 | L15: =I15*K15 -> 0 | M15: =J15*K15 -> 0
A16: 1.2.2.3 | C16: Equipe de medicina e segurança do trabalho | D16: 1 | E16: 1 | F16: =E16*D16 -> 1 | G16: 9 | H16: 1 | I16: =F16*G16*H16 -> 9 | J16: =F16*G16*H16 -> 9 | K16: =K10 -> 35.86 | L16: =I16*K16 -> 322.74 | M16: =J16*K16 -> 322.74
A17: 1.2.3 | C17: Parcela Variável
A18: 1.2.3.1 | C18: Equipe de acomp de frentes de serviço - Sem atividades | D18: 0 | E18: 1 | F18: =E18*D18 -> 0 | G18: =G10 -> 9 | H18: 1 | I18: =F18*G18*H18 -> 0 | J18: =F18*G18*H18 -> 0 | K18: =K10 -> 35.86 | L18: =I18*K18 -> 0 | M18: =J18*K18 -> 0
A19: 1.2.3.2 | C19: Equipe de controle tecnológico - Mobilização com a van | D19: 3 | E19: 1 | F19: =E19*D19 -> 3 | G19: 8 | H19: 1 | I19: =F19*G19*H19 -> 24 | J19: =F19*G19*H19 -> 24 | K19: =K10 -> 35.86 | L19: =I19*K19 -> 860.64 | M19: =J19*K19 -> 860.64
A20: 1.2.3.3 | C20: Equipe de manejo ambiental | D20: 0 | E20: 1 | F20: =E20*D20 -> 0 | G20: =G10 -> 9 | H20: 1 | I20: =F20*G20*H20 -> 0 | J20: =F20*G20*H20 -> 0 | K20: =K10 -> 35.86 | L20: =I20*K20 -> 0 | M20: =J20*K20 -> 0
A21: 1.2.4 | C21: Parcela da Mão de Obra Ordinária
A22: 1.2.4.1 | C22: Funcionários da mão de obra ordinária | D22: ='Canteiro Id'!G16 -> 24 | E22: 0.5 | F22: =E22*D22 -> 12 | G22: =G10 -> 9 | H22: 1 | I22: =F22*G22*H22 -> 108 | J22: =F22*G22*H22 -> 108 | K22: =K10 -> 35.86 | L22: =I22*K22 -> 3872.88 | M22: =J22*K22 -> 3872.88
K23: CUSTO DE MOBILIZAÇÃO/DESMOBILIZAÇÃO DE PESSOAL (TOTAL) | L23: =SUM(L8:L22) -> 7889.2 | M23: =SUM(M8:M22) -> 7889.2
K24: QUANTIDADES DE MOBILIZAÇÃO/DESMOBILIZAÇÃO (DEBANDAS) | L24: 4 | M24: 4
K25: CUSTO DE MOBILIZAÇÃO/DESMOBILIZAÇÃO DE PESSOAL (UNITÁRIA) | L25: =ROUND(L23/L24,2) -> 1972.3 | M25: =ROUND(M23/M24,2) -> 1972.3
A26: Obs: | B26: Deslocamento de Parcela Fixa e Parcela Vinculada
B27: Deslocamento local (Belo Horizonte - Nova Era): 139 km
G28: Passagem (Out/2022): R$ 39,12 x 0,9166 = R$ | L28: =39.12*110/120 -> 35.86

Sheet Mob Equipamento
A1: =Cronograma!A4 -> Obra: Ponte sob o rio Piracicaba | N1: ='Mob Pessoal'!M1 -> Governo de Minas Gerais
A2: =Cronograma!A5 -> Rodovia: Ligação entre Rua Quincas Honorato e Rua Rio Piracicaba | N2: ='Mob Pessoal'!M2 -> Prefeitura Municipal de Nova Era
A3: =Cronograma!A6 -> Trecho: Ponto localizado
A4: =Cronograma!A7 -> Coordenadas: 19°45'54.13"S / 43° 1'45.24"O | N4: ='Mob Pessoal'!M4 -> Mobilização de Pessoal
A5: ="Extensão: "&Resumo!B23&" - Largura: "&Resumo!E23 -> Extensão: 125,4 - Largura: 14 | N5: ='Mob Pessoal'!M5 -> Data base: Julho de 2022
A6: Item | B6: Discriminação | D6: Transp Rodov | F6: DMT (km) | H6: Tempo de viagem | I6: Descanso (0,5 H/4H) | J6: Quant. | K6: Fator K | L6: Custo Hor Veíc | M6: Custo Hor Mot | N6: Custo Total
B7: Cód | C7: Equipamento | D7: Cód | E7: FU | F7: Pavim | G7: Não Pav | J7: (unid) | K7: (Retorno)
A8: 1.4 | C8: Equipamentos do canteiro, rodantes e pesados
A9: 1.4.1 | C9: Equipamentos do canteiro
A10: 1.4.1.1 | B10: M0041 | C10: 1 TEU com 2 banheiros | D10: E9665 | E10: 0.5 | F10: 140 | G10: 0 | H10: =TRUNC((F10/60)+(G10/50),2) -> 2.33 | I10: =TRUNC(H10/4,0)*0.5 -> 0 | J10: 2 | K10: 2 | L10: =VLOOKUP(D10,Equipamento!$A$8:$E$91,4,0) -> 420.178 | M10: ='Mão de obra'!$E$15 -> 21.8058 | N10: =TRUNC(((H10*L10)+(I10*M10))*E10*J10*K10,2) -> 1958.02
A11: 1.4.1.2 | B11: M0042 | C11: 1 TEU com janela | D11: E9665 | E11: 0.5 | F11: =$F$10 -> 140 | G11: =$G$10 -> 0 | H11: =TRUNC((F11/60)+(G11/50),2) -> 2.33 | I11: =TRUNC(H11/4,0)*0.5 -> 0 | J11: 2 | K11: 2 | L11: =VLOOKUP(D11,Equipamento!$A$8:$E$91,4,0) -> 420.178 | M11: ='Mão de obra'!$E$15 -> 21.8058 | N11: =TRUNC(((H11*L11)+(I11*M11))*E11*J11*K11,2) -> 1958.02
A12: 1.4.1.3 | B12: M0057 | C12: 1 TEU duplo (6,0 m x 4,88 m) c/ jan | D12: E9665 | E12: 0.5 | F12: =$F$10 -> 140 | G12: =$G$10 -> 0 | H12: =TRUNC((F12/60)+(G12/50),2) -> 2.33 | I12: =TRUNC(H12/4,0)*0.5 -> 0 | J12: 2 | K12: 2 | L12: =VLOOKUP(D12,Equipamento!$A$8:$E$91,4,0) -> 420.178 | M12: ='Mão de obra'!$E$15 -> 21.8058 | N12: =TRUNC(((H12*L12)+(I12*M12))*E12*J12*K12,2) -> 1958.02
A13: 1.4.1.4 | B13: M0058 | C13: 1 TEU duplo (6,0 m x 4,88 m) c/ jan e 2 lav | D13: E9665 | E13: 0.5 | F13: =$F$10 -> 140 | G13: =$G$10 -> 0 | H13: =TRUNC((F13/60)+(G13/50),2) -> 2.33 | I13: =TRUNC(H13/4,0)*0.5 -> 0 | J13: 1 | K13: 2 | L13: =VLOOKUP(D13,Equipamento!$A$8:$E$91,4,0) -> 420.178 | M13: ='Mão de obra'!$E$15 -> 21.8058 | N13: =TRUNC(((H13*L13)+(I13*M13))*E13*J13*K13,2) -> 979.01
A14: 1.4.1.5 | B14: M0059 | C14: 1 TEU revest térm (ar cond) c/ jan e 1 ban | D14: E9665 | E14: 0.5 | F14: =$F$10 -> 140 | G14: =$G$10 -> 0 | H14: =TRUNC((F14/60)+(G14/50),2) -> 2.33 | I14: =TRUNC(H14/4,0)*0.5 -> 0 | J14: 1 | K14: 2 | L14: =VLOOKUP(D14,Equipamento!$A$8:$E$91,4,0) -> 420.178 | M14: ='Mão de obra'!$E$15 -> 21.8058 | N14: =TRUNC(((H14*L14)+(I14*M14))*E14*J14*K14,2) -> 979.01
A15: 1.4.1.6 | B15: M0066 | C15: 2 TEU revest térm (ar cond) c/ jan e 1 ban | D15: E9665 | E15: 1 | F15: =$F$10 -> 140 | G15: =$G$10 -> 0 | H15: =TRUNC((F15/60)+(G15/50),2) -> 2.33 | I15: =TRUNC(H15/4,0)*0.5 -> 0 | J15: 1 | K15: 2 | L15: =VLOOKUP(D15,Equipamento!$A$8:$E$91,4,0) -> 420.178 | M15: ='Mão de obra'!$E$15 -> 21.8058 | N15: =TRUNC(((H15*L15)+(I15*M15))*E15*J15*K15,2) -> 1958.02
A16: 1.4.1.7 | B16: M0071 | C16: 1/2 de 1 teu, com 3 janelas, para guarita | D16: E9665 | E16: 0.25 | F16: =$F$10 -> 140 | G16: =$G$10 -> 0 | H16: =TRUNC((F16/60)+(G16/50),2) -> 2.33 | I16: =TRUNC(H16/4,0)*0.5 -> 0 | J16: 1 | K16: 2 | L16: =VLOOKUP(D16,Equipamento!$A$8:$E$91,4,0) -> 420.178 | M16: ='Mão de obra'!$E$15 -> 21.8058 | N16: =TRUNC(((H16*L16)+(I16*M16))*E16*J16*K16,2) -> 489.5
A17: 1.4.2 | C17: Equipamentos rodantes
A18: 1.4.2.1 | B18: E9041 | C18: Caminhão carroceria com guindauto com capacidade de 45 t.m - 188 kW | D18: E9041 | E18: 1 | F18: =$F$10 -> 140 | G18: =$G$10 -> 0 | H18: =TRUNC((F18/60)+(G18/50),2) -> 2.33 | I18: =TRUNC(H18/4,0)*0.5 -> 0 | J18: 1 | K18: 1 | L18: =VLOOKUP(B18,Equipamento!$A$8:$E$91,4,0) -> 435.0321 | M18: ='Mão de obra'!$E$15 -> 21.8058 | N18: =TRUNC(((H18*L18)+(I18*M18))*E18*J18*K18,2) -> 1013.62
A19: 1.4.2.2 | B19: E9579 | C19: Caminhão basculante com capacidade de 10 m³ - 188 kW | D19: E9579 | E19: 1 | F19: =$F$10 -> 140 | G19: =$G$10 -> 0 | H19: =TRUNC((F19/60)+(G19/50),2) -> 2.33 | I19: =TRUNC(H19/4,0)*0.5 -> 0 | J19: 1 | K19: 1 | L19: =VLOOKUP(B19,Equipamento!$A$8:$E$91,4,0) -> 310.3252 | M19: ='Mão de obra'!$E$15 -> 21.8058 | N19: =TRUNC(((H19*L19)+(I19*M19))*E19*J19*K19,2) -> 723.05
A20: 1.4.2.3 | B20: E9592 | C20: Caminhão carroceria com capacidade de 15 t - 188 kW | D20: E9592 | E20: 1 | F20: =$F$10 -> 140 | G20: =$G$10 -> 0 | H20: =TRUNC((F20/60)+(G20/50),2) -> 2.33 | I20: =TRUNC(H20/4,0)*0.5 -> 0 | J20: 1 | K20: 1 | L20: =VLOOKUP(B20,Equipamento!$A$8:$E$91,4,0) -> 295.6863 | M20: ='Mão de obra'!$E$15 -> 21.8058 | N20: =TRUNC(((H20*L20)+(I20*M20))*E20*J20*K20,2) -> 688.94
A21: 1.4.2.4 | B21: E9667 | C21: Caminhão basculante com capacidade de 14 m³ - 323 kW | D21: E9667 | E21: 1 | F21: =$F$10 -> 140 | G21: =$G$10 -> 0 | H21: =TRUNC((F21/60)+(G21/50),2) -> 2.33 | I21: =TRUNC(H21/4,0)*0.5 -> 0 | J21: 1 | K21: 1 | L21: =VLOOKUP(B21,Equipamento!$A$8:$E$91,4,0) -> 314.1405 | M21: ='Mão de obra'!$E$15 -> 21.8058 | N21: =TRUNC(((H21*L21)+(I21*M21))*E21*J21*K21,2) -> 731.94
A22: 1.4.2.5 | B22: E9571 | C22: Caminhão tanque com capacidade de 10.000 l - 188 kW | D22: =B22 -> E9571 | E22: 1 | F22: =$F$10 -> 140 | G22: =$G$10 -> 0 | H22: =TRUNC((F22/60)+(G22/50),2) -> 2.33 | I22: =TRUNC(H22/4,0)*0.5 -> 0 | J22: 1 | K22: 1 | L22: =VLOOKUP(B22,Equipamento!$A$8:$E$91,4,0) -> 370.0178 | M22: ='Mão de obra'!$E$15 -> 21.8058 | N22: =TRUNC(((H22*L22)+(I22*M22))*E22*J22*K22,2) -> 862.14
A23: 1.4.2.6 | B23: E9605 | C23: Caminhão tanque com capacidade de 6.000 l - 136 kW | D23: =B23 -> E9605 | E23: 1 | F23: =$F$10 -> 140 | G23: =$G$10 -> 0 | H23: =TRUNC((F23/60)+(G23/50),2) -> 2.33 | I23: =TRUNC(H23/4,0)*0.5 -> 0 | J23: 1 | K23: 1 | L23: =VLOOKUP(B23,Equipamento!$A$8:$E$91,4,0) -> 280.837 | M23: ='Mão de obra'!$E$15 -> 21.8058 | N23: =TRUNC(((H23*L23)+(I23*M23))*E23*J23*K23,2) -> 654.35
A24: 1.4.2.7 | B24: E9125 | C24: Van furgão - 93 kW | D24: E9125 | E24: 1 | F24: =$F$10 -> 140 | G24: =$G$10 -> 0 | H24: =TRUNC((F24/60)+(G24/50),2) -> 2.33 | I24: =TRUNC(H24/4,0)*0.5 -> 0 | J24: 1 | K24: 1 | L24: =VLOOKUP(B24,Equipamento!$A$8:$E$91,4,0) -> 77.3436 | M24: ='Mão de obra'!$E$16 -> 21.8506 | N24: =TRUNC(((H24*L24)+(I24*M24))*E24*J24*K24,2) -> 180.21
A25: 1.4.2.8 | B25: E9512 | C25: Veículo leve - 53 kW | D25: E9512 | E25: 1 | F25: =$F$10 -> 140 | G25: =$G$10 -> 0 | H25: =TRUNC((F25/60)+(G25/50),2) -> 2.33 | I25: =TRUNC(H25/4,0)*0.5 -> 0 | J25: 1 | K25: 1 | L25: =VLOOKUP(B25,Equipamento!$A$8:$E$91,4,0) -> 64.2452 | M25: ='Mão de obra'!$E$16 -> 21.8506 | N25: =TRUNC(((H25*L25)+(I25*M25))*E25*J25*K25,2) -> 149.69
A26: 1.4.2.9 | B26: E9094 | C26: Guindaste móvel sobre pneus com 6 eixos com capacidade de 10.500 kN.m - 450 Kw | D26: =B26 -> E9094 | E26: 1 | F26: =$F$10 -> 140 | G26: =$G$10 -> 0 | H26: =TRUNC((F26/60)+(G26/50),2) -> 2.33 | I26: =TRUNC(H26/4,0)*0.5 -> 0 | J26: 1 | K26: 1 | L26: =VLOOKUP(B26,Equipamento!$A$8:$E$91,4,0) -> 2345.3873 | M26: ='Mão de obra'!$E$15 -> 21.8058 | N26: =TRUNC(((H26*L26)+(I26*M26))*E26*J26*K26,2) -> 5464.75
A27: 1.4.3 | C27: Equipamentos pesados
A28: 1.4.3.1 | B28: E9541 | C28: Trator de esteiras com Lâmina - 259 kW | D28: E9666 | E28: 1 | F28: =$F$10 -> 140 | G28: =$G$10 -> 0 | H28: =TRUNC((F28/60)+(G28/50),2) -> 2.33 | I28: =TRUNC(H28/4,0)*0.5 -> 0 | J28: 1 | K28: 2 | L28: =VLOOKUP(D28,Equipamento!$A$8:$E$61,4,0) -> 454.7038 | M28: ='Mão de obra'!$E$15 -> 21.8058 | N28: =TRUNC(((H28*L28)+(I28*M28))*E28*J28*K28,2) -> 2118.91
A29: 1.4.3.2 | B29: E9577 | C29: Trator agrícola - 77 kW | D29: E9666 | E29: 1 | F29: =$F$10 -> 140 | G29: =$G$10 -> 0 | H29: =TRUNC((F29/60)+(G29/50),2) -> 2.33 | I29: =TRUNC(H29/4,0)*0.5 -> 0 | J29: 1 | K29: 2 | L29: =VLOOKUP(D29,Equipamento!$A$8:$E$61,4,0) -> 454.7038 | M29: ='Mão de obra'!$E$15 -> 21.8058 | N29: =TRUNC(((H29*L29)+(I29*M29))*E29*J29*K29,2) -> 2118.91
A30: 1.4.3.3 | B30: E9518 | C30: Grade de 24 discos rebocável de 24" | D30: E9666 | E30: 1 | F30: =$F$10 -> 140 | G30: =$G$10 -> 0 | H30: =TRUNC((F30/60)+(G30/50),2) -> 2.33 | I30: =TRUNC(H30/4,0)*0.5 -> 0 | J30: 1 | K30: 2 | L30: =VLOOKUP(D30,Equipamento!$A$8:$E$61,4,0) -> 454.7038 | M30: ='Mão de obra'!$E$15 -> 21.8058 | N30: =TRUNC(((H30*L30)+(I30*M30))*E30*J30*K30,2) -> 2118.91
A31: 1.4.3.4 | B31: E9685 | C31: Rolo compactador pé de carneiro vibratório autopropelido de 11,6 t - 82 kW | D31: E9666 | E31: 1 | F31: =$F$10 -> 140 | G31: =$G$10 -> 0 | H31: =TRUNC((F31/60)+(G31/50),2) -> 2.33 | I31: =TRUNC(H31/4,0)*0.5 -> 0 | J31: 1 | K31: 2 | L31: =VLOOKUP(D31,Equipamento!$A$8:$E$61,4,0) -> 454.7038 | M31: ='Mão de obra'!$E$15 -> 21.8058 | N31: =TRUNC(((H31*L31)+(I31*M31))*E31*J31*K31,2) -> 2118.91
A32: 1.4.3.5 | B32: E9524 | C32: Motoniveladora - 93 kW | D32: E9666 | E32: 1 | F32: =$F$10 -> 140 | G32: =$G$10 -> 0 | H32: =TRUNC((F32/60)+(G32/50),2) -> 2.33 | I32: =TRUNC(H32/4,0)*0.5 -> 0 | J32: 1 | K32: 2 | L32: =VLOOKUP(D32,Equipamento!$A$8:$E$61,4,0) -> 454.7038 | M32: ='Mão de obra'!$E$15 -> 21.8058 | N32: =TRUNC(((H32*L32)+(I32*M32))*E32*J32*K32,2) -> 2118.91
A33: 1.4.3.6 | B33: E9642 | C33: Perfuratriz hidráulica sobre esteiras para estaca raiz - 56 kW para execução das estacas raiz | D33: E9666 | E33: 1 | F33: =$F$10 -> 140 | G33: =$G$10 -> 0 | H33: =TRUNC((F33/60)+(G33/50),2) -> 2.33 | I33: =TRUNC(H33/4,0)*0.5 -> 0 | J33: 1 | K33: 2 | L33: =VLOOKUP(D33,Equipamento!$A$8:$E$61,4,0) -> 454.7038 | M33: ='Mão de obra'!$E$15 -> 21.8058 | N33: =TRUNC(((H33*L33)+(I33*M33))*E33*J33*K33,2) -> 2118.91
A34: 1.4.3.7 | B34: E9515 | C34: Escavadeira hidráulica sobre esteira com caçamba com capacidade de 1,5 m³ - 110 kW | D34: E9666 | E34: 1 | F34: =$F$10 -> 140 | G34: =$G$10 -> 0 | H34: =TRUNC((F34/60)+(G34/50),2) -> 2.33 | I34: =TRUNC(H34/4,0)*0.5 -> 0 | J34: 1 | K34: 2 | L34: =VLOOKUP(D34,Equipamento!$A$8:$E$61,4,0) -> 454.7038 | M34: ='Mão de obra'!$E$15 -> 21.8058 | N34: =TRUNC(((H34*L34)+(I34*M34))*E34*J34*K34,2) -> 2118.91
M35: CUSTO DE MOBILIZAÇÃO DE EQUIPAMENTO | N35: =SUM(N9:N34) -> 35580.66
M36: CUSTO DE DESMOBILIZAÇÃO DE EQUIPAMENTO | N36: =N35 -> 35580.66

Sheet Composições
A2: SISTEMA DE CUSTOS REFERENCIAIS DE OBRAS - SICRO | F2: FIC | G2: 0.03515
A3: Custo Unitário de Referência | D3: Julho/2022 | G3: Produção da equipe | H3: 230.19 | I3: m³
A4: 5502135 | B4: Escavação, carga e transporte de material de 1ª categoria - DMT de 50 a 200 m - caminho de serviço emrevestimento primário - com escavadeira e caminhão basculante de 14 m³ | C4: =I3 -> m³ | D4: =I27 -> 5.58 | I4: Valores em reais (R$)
D5: Utilização | F5: Custo Horário | I5: Custo
A6: A - EQUIPAMENTOS | C6: Quantidade | D6: Operativa | E6: Improdutiva | F6: Produtivo | G6: Improdutivo | I6: Horário Total
A7: E9667 | B7: Caminhão basculante com capacidade de 14 m³ - 188 kW | C7: 3,00000 | D7: 0.91 | E7: =1-D7 -> 0.09 | F7: =VLOOKUP(A7,Equipamento!$A$8:$E$91,4,0) -> 314.1405 | G7: =VLOOKUP(A7,Equipamento!$A$8:$E$91,5,0) -> 79.6405 | I7: =ROUND(C7*D7*F7+C7*E7*G7,4) -> 879.1065
A8: E9515 | B8: Escavadeira hidráulica sobre esteira com caçamba com capacidade de 1,56 m³ - 118 kW | C8: 1,00000 | D8: 1 | E8: 0,00 | F8: =VLOOKUP(A8,Equipamento!$A$8:$E$91,4,0) -> 344.9684 | G8: =VLOOKUP(A8,Equipamento!$A$8:$E$91,5,0) -> 144.5687 | I8: =ROUND(C8*D8*F8+C8*E8*G8,4) -> 344.9684
H9: Custo horário total de equipamentos | I9: =SUM(I7:I8) -> 1224.0749
A10: B - MÃO DE OBRA | C10: Quantidade | D10: Unidade | F10: Custo Hórario | I10: Custo Hórario Total
A11: P9824 | B11: Servente | C11: 1,00000 | D11: h | F11: =VLOOKUP(A11,'Mão de obra'!$A$3:$E$34,5,0) -> 16.7007 | I11: =ROUND(C11*F11,4) -> 16.7007
H12: Custo horário total de mão de obra | I12: =SUM(I11) -> 16.7007
H13: Custo horário total de execução | I13: =I12+I9 -> 1240.7756
H14: Custo unitário de execução | I14: =ROUND(I13/H3,4) -> 5.3902
H15: Custo do FIC | I15: =TRUNC(I14*G2,4) -> 0.1894
H16: Custo do FIT
A17: C - MATERIAL | C17: Quantidade | D17: Unidade | F17: Preço Unitário | I17: Custo Unitário
H18: Custo unitário total de material
A19: D - ATIVIDADES AUXILIARES | C19: Quantidade | D19: Unidade | F19: Custo Unitário | I19: Custo Unitário
H20: Custo total de atividades auxiliares
H21: Subtotal | I21: =I14+I15+I16+I18+I20 -> 5.5796
A22: E - TEMPO FIXO | C22: Código | D22: Quantidade | E22: Unidade | F22: Custo Unitário | I22: Custo Unitário
H23: Custo unitário total de tempo fixo
A24: F - MOMENTO DE TRANSPORTE | C24: Quantidade | D24: Unidade | F24: DMT | I24: Custo Unitário
E25: LN | F25: RP | G25: P
H26: Custo unitário total de transporte
H27: Custo unitário direto total | I27: =ROUND(I26+I21,2) -> 5.58
B28: Obs.
A30: SISTEMA DE CUSTOS REFERENCIAIS DE OBRAS - SICRO
A31: Custo Unitário de Referência | D31: =$D$3 -> Julho/2022 | G31: Produção da equipe | H31: 1 | I31: h
A32: 2003864 | B32: Esgotamento de água com bomba submersa | I32: Valores em reais (R$)
D33: Utilização | F33: Custo Horário | I33: Custo
A34: A - EQUIPAMENTOS | C34: Quantidade | D34: Operativa | E34: Improdutiva | F34: Produtivo | G34: Improdutivo | I34: Horário Total
A35: E9630 | B35: Bomba submersível com capacidade de 75 m³/h - 3,6 Kw | C35: 1 | D35: 1 | E35: 0 | F35: =VLOOKUP(A35,Equipamento!$A$8:$E$91,4,0) -> 0.7527 | G35: =VLOOKUP(A35,Equipamento!$A$8:$E$91,5,0) -> 0.44 | I35: =ROUND(C35*D35*F35+C35*E35*G35,4) -> 0.7527
A36: E9066 | B36: Grupo gerador - 13 / 14 kVA | C36: 1 | D36: 1 | E36: 0 | F36: =VLOOKUP(A36,Equipamento!$A$8:$E$91,4,0) -> 20.3656 | G36: =VLOOKUP(A36,Equipamento!$A$8:$E$91,5,0) -> 3.8375 | I36: =ROUND(C36*D36*F36+C36*E36*G36,4) -> 20.3656
H37: Custo horário total de equipamentos | I37: =SUM(I35:I36) -> 21.1183
A38: B - MÃO DE OBRA | C38: Quantidade | D38: Unidade | F38: Custo Hórario | I38: Custo Hórario Total
A39: P9807 | B39: Bombeiro hidráulico | C39: 0.05 | D39: h | F39: =VLOOKUP(A39,'Mão de obra'!$A$3:$E$34,5,0) -> 28.0621 | I39: =ROUND(C39*F39,4) -> 1.4031
A40: P9810 | B40: Eletricista | C40: 0.01 | D40: h | F40: =VLOOKUP(A40,'Mão de obra'!$A$3:$E$34,5,0) -> 23.4599 | I40: =ROUND(C40*F40,4) -> 0.2346
H41: Custo horário total de mão de obra | I41: =SUM(I39:I40) -> 1.6377
H42: Custo horário total de execução | I42: =I41+I37 -> 22.756
H43: Custo unitário de execução | I43: =ROUND(I42/H31,4) -> 22.756
H44: Custo do FIC | I44: 0
H45: Custo do FIT | I45: 0
A46: C - MATERIAL | C46: Quantidade | D46: Unidade | F46: Preço Unitário | I46: Custo Unitário
H47: Custo unitário total de material | I47: 0
A48: D - ATIVIDADES AUXILIARES | C48: Quantidade | D48: Unidade | F48: Custo Unitário | I48: Custo Unitário
H49: Custo total de atividades auxiliares | I49: 0
H50: Subtotal | I50: =I49+I47+SUM(I43:I45) -> 22.756
A51: E - TEMPO FIXO | C51: Código | D51: Quantidade | E51: Unidade | F51: Custo Unitário | I51: Custo Unitário
H52: Custo unitário total de tempo fixo
A53: F - MOMENTO DE TRANSPORTE | C53: Quantidade | D53: Unidade | F53: DMT | I53: Custo Unitário
E54: LN | F54: RP | G54: P
H55: Custo unitário total de transporte | I55: 0
H56: Custo unitário direto total | I56: =ROUND(I55+I52+I50,2) -> 22.76
A58: SISTEMA DE CUSTOS REFERENCIAIS DE OBRAS - SICRO
A59: Custo Unitário de Referência | D59: =$D$3 -> Julho/2022 | G59: Produção da equipe | H59: 2.81 | I59: m³
A60: 4915671 | B60: Reaterro e compactação com soquete vibratório | I60: Valores em reais (R$)
D61: Utilização | F61: Custo Horário | I61: Custo
A62: A - EQUIPAMENTOS | C62: Quantidade | D62: Operativa | E62: Improdutiva | F62: Produtivo | G62: Improdutivo | I62: Horário Total
A63: E9647 | B63: Compactador manual com soquete vibratório - 4,1 kW | C63: 1 | D63: 1 | E63: 0 | F63: =VLOOKUP(A63,Equipamento!$A$8:$E$91,4,0) -> 11.9019 | G63: =VLOOKUP(A63,Equipamento!$A$8:$E$91,5,0) -> 1.1344 | I63: =ROUND(C63*D63*F63+C63*E63*G63,4) -> 11.9019
H64: Custo horário total de equipamentos | I64: =SUM(I63:I63) -> 11.9019
A65: B - MÃO DE OBRA | C65: Quantidade | D65: Unidade | F65: Custo Hórario | I65: Custo Hórario Total
A66: P9824 | B66: Servente | C66: 2 | D66: h | F66: =VLOOKUP(A66,'Mão de obra'!$A$3:$E$34,5,0) -> 16.7007 | I66: =ROUND(C66*F66,4) -> 33.4014
H67: Custo horário total de mão de obra | I67: =SUM(I66:I66) -> 33.4014
H68: Custo horário total de execução | I68: =I67+I64 -> 45.3033
H69: Custo unitário de execução | I69: =ROUND(I68/H59,4) -> 16.1222
H70: Custo do FIC | I70: 0
H71: Custo do FIT | I71: 0
A72: C - MATERIAL | C72: Quantidade | D72: Unidade | F72: Preço Unitário | I72: Custo Unitário
H73: Custo unitário total de material | I73: 0
A74: D - ATIVIDADES AUXILIARES | C74: Quantidade | D74: Unidade | F74: Custo Unitário | I74: Custo Unitário
H75: Custo total de atividades auxiliares | I75: 0
H76: Subtotal | I76: =I75+I73+SUM(I69:I71) -> 16.1222
A77: E - TEMPO FIXO | C77: Código | D77: Quantidade | E77: Unidade | F77: Custo Unitário | I77: Custo Unitário
H78: Custo unitário total de tempo fixo
A79: F - MOMENTO DE TRANSPORTE | C79: Quantidade | D79: Unidade | F79: DMT | I79: Custo Unitário
E80: LN | F80: RP | G80: P
H81: Custo unitário total de transporte | I81: 0
H82: Custo unitário direto total | I82: =ROUND(I81+I78+I76,2) -> 16.12
A84: SISTEMA DE CUSTOS REFERENCIAIS DE OBRAS - SICRO
A85: Custo Unitário de Referência | D85: =$D$3 -> Julho/2022 | G85: Produção da equipe | H85: 3.154 | I85: m³
A86: 2306066 | B86: Estaca raiz perfurada no solo com D = 40 cm - confecção | C86: =I85 -> m³ | D86: =I122 -> 472.55 | I86: Valores em reais (R$)
D87: Utilização | F87: Custo Horário | I87: Custo
A88: A - EQUIPAMENTOS | C88: Quantidade | D88: Operativa | E88: Improdutiva | F88: Produtivo | G88: Improdutivo | I88: Horário Total
A89: E9702 | B89: Bomba de injeção de argamassa com capacidade de 340 l/min | C89: 0.12 | D89: 1 | E89: 0,00 | F89: =VLOOKUP(A89,Equipamento!$A$8:$E$91,4,0) -> 53.9097 | G89: =VLOOKUP(A89,Equipamento!$A$8:$E$91,5,0) -> 29.927 | I89: =ROUND(C89*D89*F89+C89*E89*G89,4) -> 6.4692
A90: E9605 | B90: Caminhão tanque com capacidade de 6.000 l - 136 Kw | C90: 1 | D90: 0.08 | E90: 0.92 | F90: =VLOOKUP(A90,Equipamento!$A$8:$E$91,4,0) -> 280.837 | G90: =VLOOKUP(A90,Equipamento!$A$8:$E$91,5,0) -> 63.3525 | I90: =ROUND(C90*D90*F90+C90*E90*G90,4) -> 80.7513
A91: E9649 | B91: Compressor de ar portátil de 197 PCM - 55 kW | C91: 1 | D91: 1 | E91: 0 | F91: =VLOOKUP(A91,Equipamento!$A$8:$E$91,4,0) -> 66.3123 | G91: =VLOOKUP(A91,Equipamento!$A$8:$E$91,5,0) -> 13.3424 | I91: =ROUND(C91*D91*F91+C91*E91*G91,4) -> 66.3123
A92: E9779 | B92: Grupo gerador - 100/110 kVA | C92: 0.12 | D92: 1 | E92: 0 | F92: =VLOOKUP(A92,Equipamento!$A$8:$E$91,4,0) -> 118.7978 | G92: =VLOOKUP(A92,Equipamento!$A$8:$E$91,5,0) -> 5.2741 | I92: =ROUND(C92*D92*F92+C92*E92*G92,4) -> 14.2557
A93: E9694 | B93: Misturador de argamassa de alta turbulência com capacidade de 220 l | C93: 0.12059 | D93: 1 | E93: 0 | F93: =VLOOKUP(A93,Equipamento!$A$8:$E$91,4,0) -> 22.8276 | G93: =VLOOKUP(A93,Equipamento!$A$8:$E$91,5,0) -> 21.1542 | I93: =ROUND(C93*D93*F93+C93*E93*G93,4) -> 2.7528
A94: E9642 | B94: Perfuratriz hidráulica sobre esteiras para estaca raiz - 56 kW | C94: 1 | D94: 1 | E94: 0 | F94: =VLOOKUP(A94,Equipamento!$A$8:$E$91,4,0) -> 268.8893 | G94: =VLOOKUP(A94,Equipamento!$A$8:$E$91,5,0) -> 140.0424 | I94: =ROUND(C94*D94*F94+C94*E94*G94,4) -> 268.8893
A95: E9071 | B95: Transportador manual carrinho de mão com capacidade de 80 l | C95: 0.68289 | D95: 1 | E95: 0 | F95: =VLOOKUP(A95,Equipamento!$A$8:$E$91,4,0) -> 0.7713 | G95: =VLOOKUP(A95,Equipamento!$A$8:$E$91,5,0) -> 0.5244 | I95: =ROUND(C95*D95*F95+C95*E95*G95,4) -> 0.5267
H96: Custo horário total de equipamentos | I96: =SUM(I89:I95) -> 439.9573
A97: B - MÃO DE OBRA | C97: Quantidade | D97: Unidade | F97: Custo Hórario | I97: Custo Hórario Total
A98: P9824 | B98: Servente | C98: 4.68289 | D98: h | F98: =VLOOKUP(A98,'Mão de obra'!$A$3:$E$34,5,0) -> 16.7007 | I98: =ROUND(C98*F98,4) -> 78.2075
H99: Custo horário total de mão de obra | I99: =SUM(I98:I98) -> 78.2075
H100: Custo horário total de execução | I100: =I99+I96 -> 518.1648
H101: Custo unitário de execução | I101: =ROUND(I100/H85,4) -> 164.2881
H102: Custo do FIC | I102: 0
H103: Custo do FIT | I103: 0
A104: C - MATERIAL | C104: Quantidade | D104: Unidade | F104: Preço Unitário | I104: Custo Unitário
...

Sheet Equipamento
A1: =Cronograma!A4 -> Obra: Ponte sob o rio Piracicaba
A2: =Cronograma!A5 -> Rodovia: Ligação entre Rua Quincas Honorato e Rua Rio Piracicaba
A3: =Cronograma!A6 -> Trecho: Ponto localizado
A4: =Cronograma!A7 -> Coordenadas: 19°45'54.13"S / 43° 1'45.24"O
A5: PREÇO UNITÁRIO DE CUSTO HORÁRIO DE EQUIPAMENTOS - JULHO/2022 (DESONER)
A6: CÓD. | B6: EQUIPAMENTO | C6: UNID. | D6: C. HOR. OPERAT. | E6: C. HOR. IMPROD.
A8: E9010 | B8: Balança plataforma digital com mesa de 75 x 75 cm com capacidade de 500 kg | C8: hora | D8: 1.5928 | E8: 1.07 | G8: x
A9: E9702 | B9: Bomba de injeção de argamassa com capacidade de 340l/min | C9: hora | D9: 53.9097 | E9: 29.927 | G9: x
A10: E9649 | B10: Compressor de ar portátil de 197 PCM - 55 kW | C10: hora | D10: 66.3123 | E10: 13.3424 | G10: x
A11: E9779 | B11: Grupo gerador - 100/110 kVA | C11: hora | D11: 118.7978 | E11: 5.2741 | G11: x
A12: E9694 | B12: Misturador de argamassa de alta turbulência com capacidade de 220 l | C12: hora | D12: 22.8276 | E12: 21.1542 | G12: x
A13: E9642 | B13: Perfuratriz hidráulica sobre esteiras para estaca raiz - 56 kW | C13: hora | D13: 268.8893 | E13: 140.0424 | G13: x
A14: E9652 | B14: Compressor de ar portátil de 1.146 PCM - 369 Kw | C14: hora | D14: 509.9481 | E14: 66.7999 | G14: x
A15: E9722 | B15: Conjunto bomba e macaco hidráulico para protensão com capacidade de 2.000 kN | C15: hora | D15: 38.9745 | E15: 36.4252 | G15: x
A16: E9723 | B16: Conjunto bomba e macaco hidráulico para protensão com capacidade de 2.500 kN | C16: hora | D16: 40.0359 | E16: 37.0268
A17: E9724 | B17: Conjunto bomba e macaco hidráulico para protensão com capacidade de 4.000 kN | C17: hora | D17: 40.5182 | E17: 37.3002
A18: E9026 | B18: Bomba para injeção de nata de cimento - 2,2 Kw | C18: hora | D18: 4.937 | E18: 2.8861 | G18: x
A19: E9024 | B19: Misturador de nata cimento - 1,5 Kw | C19: hora | D19: 19.8863 | E19: 19.4347 | G19: x
A20: E9041 | B20: Caminhão carroceria com guindauto com capacidade de 45 t.m - 188 kW | C20: hora | D20: 435.0321 | E20: 119.832
A21: E9050 | B21: Guindaste sobre rodas com capacidade de 370 kNm - 75 kW | C21: hora | D21: 291.8079 | E21: 148.3015
A22: E9064 | B22: Transportador manual gerica com capacidade de 180 l | C22: hora | D22: 1.6178 | E22: 1.0998
A23: E9066 | B23: Grupo gerador - 13 / 14 kVA | C23: hora | D23: 20.3656 | E23: 3.8375
A24: E9071 | B24: Transportador manual carrinho de mão com capacidade de 80 l | C24: hora | D24: 0.7713 | E24: 0.5244
A25: E9076 | B25: Equipamento de pintura com cabine de 7,00 kW e estufa de 80.000 kCal para pintura eletrostática | C25: hora | D25: 39.1473 | E25: 32.9692
A26: E9078 | B26: Treliça lançadeira com capacidade de carga de 120 a 150 t e vão máximo de 45 m - 110 kW | C26: hora | D26: 242.9704 | E26: 184.4621
A27: E9093 | B27: Veículo leve - 53 kW (sem motorista) | C27: hora | D27: 42.3946 | E27: 5.6387
A28: E9094 | B28: Guindaste móvel sobre pneus com 6 eixos com capacidade de 10.500 kNm - 450 kW | C28: hora | D28: 2345.3873 | E28: 1188.5985
A29: E9125 | B29: Van furgão - 93 kW | C29: hora | D29: 77.3436 | E29: 35.8093
A30: E9502 | B30: Bate-estaca de gravidade para 3,5 a 4,0 t - 119 kW | C30: hora | D30: 259.3255 | E30: 105.9967
A31: E9507 | B31: Computador, plotter de recorte e software | C31: hora | D31: 18.6477 | E31: 11.7556
... A88: S-93287 | B88: Guindaste hidraulico autopropelido, com lança telescópica 40m, capacidade 60 ton, 260 Kw | C88: hora | D88: 353.83 | E88: 87.71
A89: S/C | B89: Van passageiro - 93 kW | C89: hora | D89: ='Custo Equipamentos'!J14 -> 52.1513 | E89: ='Custo Equipamentos'!K14 -> 29.0803
A90: S/C | B90: Treliça lançadeira com capacidade de carga de 30 t e vão máximo de 25 m | C90: hora | D90: ='Custo Equipamentos'!J9 -> 49.1939 | E90: ='Custo Equipamentos'!K9 -> 44.6939
A91: S/C | B91: Talha manual 10 ton com 5 metros de corrente | C91: hora | D91: ='Custo Equipamentos'!J10 -> 0.3308 | E91: ='Custo Equipamentos'!K10 -> 0.2293

Sheet Material
A1: =Cronograma!A4 -> Obra: Ponte sob o rio Piracicaba
A2: =Cronograma!A5 -> Rodovia: Ligação entre Rua Quincas Honorato e Rua Rio Piracicaba
A3: =Cronograma!A6 -> Trecho: Ponto localizado
A4: =Cronograma!A7 -> Coordenadas: 19°45'54.13"S / 43° 1'45.24"O
A5: PREÇO UNITÁRIO DE MATERIAL - DATA BASE: JULHO/2022 (DESONER)
A6: COD. | B6: MATERIAL | C6: UNID. | D6: PREÇO UNITÁRIO | F6: DISTÂNCIAS DE TRANSPORTE
F7: LN | G7: RP | H7: PV
A8: M0004 | B8: Aço CA 50 | C8: kg | D8: =Cotações!G13 -> 6.0709 | F8: =Cotações!H13 -> 0 | G8: =Cotações!I13 -> 0 | H8: =Cotações!J13 -> 0
A9: M0014 | B9: Aço CA 60 | C9: kg | D9: =Cotações!G18 -> 7.5966 | F9: =Cotações!H18 -> 0 | G9: =Cotações!I18 -> 22 | H9: =Cotações!J18 -> 391
A10: M0003 | B10: Aço CA 25 | C10: kg | D10: =Cotações!G9 -> 7.5325 | F10: =Cotações!H9 -> 0 | G10: =Cotações!I9 -> 22 | H10: =Cotações!J9 -> 391
A11: M2321 | B11: Revestimento para estaca raiz SCH 80 - D Externo = 323,8 mm - 132,04 kg/m | C11: m | D11: 2652.9308
A12: M1644 | B12: Bit de botão esférico - D = 9 7/8" | C12: un | D12: 9247.9637
A13: M0669 | B13: Martelo de fundo DTH - D = 8" | C13: un | D13: 30869.09
A14: M0798 | B14: Apoio de neoprene fretado | C14: dm³ | D14: 82.7651
A15: M0088 | B15: Ancoragem ativa em ferro fundido nodular para 8 cordoalhas - D = 12,7mm | C15: un | D15: 686.8995
A16: M0091 | B16: Ancoragem ativa em ferro fundido nodular para 10 cordoalhas - D = 12,7mm | C16: un | D16: 846.6992
A17: M0092 | B17: Ancoragem ativa em ferro fundido nodular para 12 cordoalhas - D = 12,7mm | C17: un | D17: 1078.8766
A18: M0093 | B18: Ancoragem ativa em ferro fundido nodular para 15 cordoalhas - D = 12,7mm | C18: un | D18: 1491.4612
A19: M2468 | B19: Bainha metálica - D = 55 mm | C19: m | D19: 43.3239
A20: M2470 | B20: Bainha metálica - D = 65 mm | C20: m | D20: 67.9751
A21: M2471 | B21: Bainha metálica - D = 70 mm | C21: m | D21: 71.7066
A22: M0052 | B22: Fita de PVC de 50 mm x 50m | C22: m | D22: 0.0988
... A32: M0076 | B32: Disco de corte para policorte - D = 30 cm | C32: un | D32: 15.2299
A33: M0082 | B33: Areia média lavada | C33: m³ | D33: =Cotações!G23 -> 78.0123 | F33: =Cotações!H23 -> 0 | G33: =Cotações!I23 -> 0 | H33: =Cotações!J23 -> 0
A34: M0085 | B34: Ancoragem ativa em ferro fundido nodular para 4 cordoalhas - D = 12,7 mm | C34: un | D34: 340.527
A35: M0191 | B35: Brita 1 | C35: m³ | D35: =Cotações!G27 -> 77.2535 | F35: =Cotações!H27 -> 0 | G35: =Cotações!I27 -> 0 | H35: =Cotações!J27 -> 0
A36: M0192 | B36: Brita 2 | C36: m³ | D36: =Cotações!G32 -> 77.2535 | F36: =Cotações!H32 -> 0 | G36: =Cotações!I32 -> 0 | H36: =Cotações!J32 -> 0
A37: M0284 | B37: Caibro de pinho de 7,5 x 7,5 cm | C37: m | D37: 14.9762
A38: M0301 | B38: Pontalete para escoramento - D = 10 cm | C38: m | D38: 5.5994
A39: M0286 | B39: Tábua de 2,5 x 30 cm | C39: m | D39: 13.3641
A40: M0289 | B40: Tábua de 2,5 x 15 cm | C40: m | D40: 4.9313
A41: M0290 | B41: Tábua de 2,5 x 10 cm | C41: m | D41: 4.0986
A42: M0310 | B42: Peça de madeira de 2,5 x 7,5 cm | C42: m | D42: 3.1218
A43: M0365 | B43: Cantoneira de ferro de 1" x 1" x 3/16" | C43: kg | D43: 10.04
A44: M0424 | B44: Cimento Portland CP II - 32 | C44: kg | D44: =Cotações!G35 -> 0.5454 | F44: =Cotações!H38 -> 0 | G44: =Cotações!I38 -> 0 | H44: =Cotações!J38 -> 0
A45: M0427 | B45: Cordoalha CP 190 RB - D = 12,7 mm | C45: kg | D45: 12.9225
A46: M0446 | B46: Compensado resinado de 10 mm | C46: m² | D46: 30.3873
A47: M0459 | B47: Compensado resinado de 12 mm | C47: m² | D47: 56.9214
A48: M0450 | B48: Compensado de virola de 6 mm | C48: m² | D48: 33.3341
A49: M0536 | B49: Quadro tubular contraventado com acessórios de 1,0 x 1,0 x 1,2 m³ e capacidade de 6 t por poste | C49: un | D49: 418.3412
A50: M0560 | B50: Desmoldante para formas | C50: l | D50: 11.4905
A51: M0804 | B51: Cabo de aço - D = 13 mm | C51: m | D51: 30.0242
A52: M0879 | B52: Lixa para ferro | C52: un | D52: 3.498
A53: M0999 | B53: Tela de aço eletrosoldada | C53: kg | D53: 9.673
A54: M1103 | B54: Pedrisco | C54: m³ | D54: 143.28
A55: M1205 | B55: Prego de ferro | C55: kg | D55: 18.3425
A56: M1367 | B56: Chapa de aço galvanizado | C56: kg | D56: 17.9927
... A94: M3132 | B94: Luva para bainha metálica - D = 55 mm | C94: un | D94: 4.7842
A95: M2041 | B95: Adesivo à base de resina poliéster | D95: 28.985
A96: M1528 | B96: Broca de widia - D = 13 mm e C = 150 mm | D96: 22.0461
A97: M3821 | B97: Tacha refletiva em plástico injetado bidirecional com um pino - tipo I | D97: 13.7712
A98: M1971 | B98: Módulo de transição de defensa metálica tipo dupla onda com lâmina adicional para barreira rígida | C98: un | D98: 6708.9722
A100: M3134 | B100: Luva para bainha metálica - D = 65 mm | C100: un | D100: 5.4798
A101: SIN4813 | B101: Placa de obra em chapa galvanizada nº 22 - 2 x 1,125 m | C101: m² | D101: 300
A102: SIN0012 | B102: Escova de aço com cabo 4 x 15 fileiras de cerdas | C102: un | D102: 9.11
A103: SIN4229 | B103: Graxa Lubrificante | C103: kg | D103: 28.99
A104: SIN0393 | B104: Abraçadeira Ø 1" | C104: un | D104: 1.67

Sheet Mão de obra
A1: QUADRO | B1: ESCALA SALARIAL DE MÃO-DE-OBRA
A2: CÓDIGO | B2: CATEGORIA PROFISSIONAL | D2: PADRÃO SALARIAL | E2: SALÁRIO / HORA (R$)
A3: P9801 | B3: Ajudante | E3: 18.3846
A4: P9802 | B4: Ajudante especializado | E4: 21.776
A5: P9805 | B5: Armador | E5: 27.1954
A6: P9808 | B6: Carpinteiro | E6: 20.5572
A7: P9810 | B7: Eletricista | E7: 23.4599
A8: P9821 | B8: Pedreiro | E8: 20.5095
A9: P9822 | B9: Pintor | E9: 27.2485
A10: P9823 | B10: Serralheiro | E10: 27.1242
A11: P9824 | B11: Servente | E11: 16.7007
A12: P9825 | B12: Soldador | E12: 34.4384
A13: P9830 | B13: Montador | E13: 29.9016
A14: P9853 | B14: Pré-marcador | E14: 18.1483
... A16: P9870 | B16: Motorista de veículo leve | E16: 21.8506
A17: P9804 | B17: Apontador | D17: 3636.1655
A18: P9806 | B18: Auxiliar administrativo | D18: 3501.0247
A19: P9807 | B19: Bombeiro hidráulico | E19: 28.0621
A20: P9819 | B20: Engenheiro supervisor | D20: 20145.679
A21: P9827 | B21: Vigia | D21: 3666.1621
A22: P9833 | B22: Auxiliar de laboratório | D22: 4588.7321
A23: P9842 | B23: Faxineiro | D23: 3687.765
A24: P9858 | B24: Laboratorista | D24: 4824.4776
A25: P9869 | B25: Encarregado de obras de artes especiais | D25: 7461.9394
A26: P9875 | B26: Encarregado de turma | D26: 4875.0161
A27: P9876 | B27: Técnico de segurança do trabalho | D27: 5720.5522
A28: P9897 | B28: Técnico de meio ambiente | D28: 5972.8843
A29: P9949 | B29: Topógrafo | D29: 5341.4178
A30: P9950 | B30: Auxiliar de topografia | D30: 4985.1869
A31: P9952 | B31: Pedreiro - mensalista | D31: 3799.5236
... A33: P9954 | B33: Servente - mensalista | D33: 3097.444
A35: =Orçamento!A1 -> OBRA: PONTE SOB O RIO PIRACICABA | D35: OBSERVAÇÕES:
A36: =Orçamento!A2 -> RODOVIA: LIGAÇÃO ENTRE RUA QUINCAS HONORATO E RUA RIO PIRACICABA | D36: SALÁRIO BASE: R$ | E36: 1212
A37: =Orçamento!A3 -> TRECHO: PONTO LOCALIZADO | D37: METODOLOGIA: | E37: SICRO/DNIT
A38: =Orçamento!A4 -> COORDENADAS: 19°45'54.13"S / 43° 1'45.24"O | D38: DATA DE REFERÊNCIA: | E38: JULHO/2022 (DES)
A39: ="EXTENSÃO: "&Resumo!B23 -> EXTENSÃO: 125,4 | D39: PREFEITURA MUNICIPAL DE NOVA ERA

Sheet BDI
A1: =Cronograma!A4 -> Obra: Ponte sob o rio Piracicaba
A2: =Cronograma!A5 -> Rodovia: Ligação entre Rua Quincas Honorato e Rua Rio Piracicaba
A3: =Cronograma!A6 -> Trecho: Ponto localizado
A4: =Cronograma!A7 -> Coordenadas: 19°45'54.13"S / 43° 1'45.24"O
A5: BENEFÍCIOS E DESPESAS INDIRETAS (BDI) - SERVIÇOS - DESONERADO
A6: VARIÁVEL | B6: COMPONENTE | C6: 1º QUARTIL (%) | D6: TAXA (%) | E6: 3º QUARTIL (%)
A8: R | B8: RISCO | C8: 0.5 | D8: 0.56 | E8: 0.97
A9: S+G | B9: SEGURO+GARANTIA | C9: 0.32 | D9: 0.4 | E9: 0.74
A10: DF | B10: DESPESAS FINANCEIRAS | C10: 1.02 | D10: 1.11 | E10: 1.21
A11: AC | B11: ADMINISTRAÇÃO CENTRAL | C11: 3.8 | D11: 4.01 | E11: 4.67
A12: L | B12: LUCRO | C12: 6.64 | D12: 7.3 | E12: 8.69
A13: I | B13: TRIBUTOS | D13: =SUM(D14:D17) -> 10.15
B14: PIS | D14: 0.65
B15: COFINS | D15: 3
B16: ISSQN | D16: 2
B17: INSS (CPRB) | D17: 4.5
A19: BDI | D19: =TRUNC(100*(((1+(D11/100)+(D8/100)+(D9/100))*(1+(D10/100))*(1+(D12/100)))/(1-(D13/100))-1),2) -> 26.74
A21: BENEFÍCIOS E DESPESAS INDIRETAS (BDI) - MATERIAL E EQUIPAMENTOS - DESONERADO
A22: VARIÁVEL | B22: COMPONENTE | C22: 1º QUARTIL (%) | D22: TAXA (%) | E22: 3º QUARTIL (%)
A24: R | B24: RISCO | C24: 0.56 | D24: 0.85 | E24: 0.89
A25: S+G | B25: SEGURO+GARANTIA | C25: 0.3 | D25: 0.48 | E25: 0.82
A26: DF | B26: DESPESAS FINANCEIRAS | C26: 0.85 | D26: 0.85 | E26: 1.11
A27: AC | B27: ADMINISTRAÇÃO CENTRAL | C27: 1.5 | D27: 3.45 | E27: 4.49
A28: L | B28: LUCRO | C28: 3.5 | D28: 5.11 | E28: 6.22
A29: I | B29: TRIBUTOS | D29: =SUM(D30:D33) -> 8.15
B30: PIS | D30: 0.65
B31: COFINS | D31: 3
B32: ISSQN | D32: 0
B33: INSS (CPRB) | D33: 4.5
A35: BDI | D35: =TRUNC(100*(((1+(D27/100)+(D24/100)+(D25/100))*(1+(D26/100))*(1+(D28/100)))/(1-(D29/100))-1),2) -> 20.92

Sheet Cotações
A1: =Cronograma!A4 -> Obra: Ponte sob o rio Piracicaba
A2: =Cronograma!A5 -> Rodovia: Ligação entre Rua Quincas Honorato e Rua Rio Piracicaba
A3: =Cronograma!A6 -> Trecho: Ponto localizado
A4: =Cronograma!A7 -> Coordenadas: 19°45'54.13"S / 43° 1'45.24"O | M4: Índice de Referencia (DNIT OAE): | N4: 44896 | O4: 475.197
A5: COTAÇÕES - DATA BASE: JULHO/2022 (DESONER)
A6: COD. | B6: MATERIAL | C6: UNID. | D6: PREÇO COTAÇÃO | E6: INCC | G6: PREÇO AJUST. | H6: DMT | K6: PREÇO UNIT. TRANSP. | N6: CUSTO TRANSP. | O6: PREÇO UNIT. C/ TRANSP.
E7: MÊS | F7: INDICE | H7: LN | I7: RP | J7: PV | K7: LN | L7: RP | M7: PV
A8: M0003 | B8: Aço CA 25 | C8: kg
B9: SICRO | C9: =C8 -> kg | D9: 7.626 | E9: 44743 | F9: 481.095 | G9: =TRUNC(($O$4/F9)*D9,4) -> 7.5325 | H9: 0 | I9: 22 | J9: 391 | K9: =Composições!$I$1426 -> 1.22 | L9: =Composições!$I$1452 -> 0.97 | M9: =Composições!$I$1478 -> 0.79 | N9: =(K9*H9+I9*L9+J9*M9)/1000 -> 0.33023 | O9: =N9+G9 -> 7.86273
A11: M0004 | B11: Aço CA 50 | C11: kg
B12: SICRO | C12: =C11 -> kg | D12: 6.5603 | E12: 44743 | F12: 481.095 | G12: =TRUNC(($O$4/F12)*D12,4) -> 6.4798 | H12: 0 | I12: =$I$9 -> 22 | J12: =$J$9 -> 391 | K12: =Composições!$I$1426 -> 1.22 | L12: =Composições!$I$1452 -> 0.97 | M12: =Composições!$I$1478 -> 0.79 | N12: =(K12*H12+I12*L12+J12*M12)/1000 -> 0.33023 | O12: =N12+G12 -> 6.81003
A13: x | B13: Açotel | C13: kg | D13: 6.07 | E13: 44866 | F13: 475.122 | G13: =TRUNC(($O$4/F13)*D13,4) -> 6.0709 | H13: 0 | I13: 0 | J13: 0 | K13: =Composições!$I$1426 -> 1.22 | L13: =Composições!$I$1452 -> 0.97 | M13: =Composições!$I$1478 -> 0.79 | N13: =(K13*H13+I13*L13+J13*M13)/1000 -> 0 | O13: =N13+G13 -> 6.0709
B14: Gerdau | C14: kg | D14: 7.4 | E14: 44866 | F14: 475.122 | G14: =TRUNC(($O$4/F14)*D14,4) -> 7.4011 | H14: 0 | I14: 0 | J14: 0 | K14: =Composições!$I$1426 -> 1.22 | L14: =Composições!$I$1452 -> 0.97 | M14: =Composições!$I$1478 -> 0.79 | N14: =(K14*H14+I14*L14+J14*M14)/1000 -> 0 | O14: =N14+G14 -> 7.4011
B15: Cotta Material de Construção | C15: kg | D15: 6.48 | E15: 44866 | F15: 475.122 | G15: =TRUNC(($O$4/F15)*D15,4) -> 6.481 | H15: 0 | I15: 0 | J15: 0 | K15: =Composições!$I$1426 -> 1.22 | L15: =Composições!$I$1452 -> 0.97 | M15: =Composições!$I$1478 -> 0.79 | N15: =(K15*H15+I15*L15+J15*M15)/1000 -> 0 | O15: =N15+G15 -> 6.481
A17: M0014 | B17: Aço CA 60 | C17: kg
B18: SICRO | C18: =C17 -> kg | D18: 7.6909 | E18: =$E$9 -> 44743 | F18: =$F$9 -> 481.095 | G18: =TRUNC(($O$4/F18)*D18,4) -> 7.5966 | H18: 0 | I18: =$I$9 -> 22 | J18: =$J$9 -> 391 | K18: =Composições!$I$1426 -> 1.22 | L18: =Composições!$I$1452 -> 0.97 | M18: =Composições!$I$1478 -> 0.79 | N18: =(K18*H18+I18*L18+J18*M18)/1000 -> 0.33023 | O18: =N18+G18 -> 7.92683
A19: x | B19: Açotel | C19: kg | D19: 8.11 | E19: 44866 | F19: 475.122 | G19: =TRUNC(($O$4/F19)*D19,4) -> 8.1112 | H19: 0 | I19: 0 | J19: 0 | K19: =Composições!$I$1426 -> 1.22 | L19: =Composições!$I$1452 -> 0.97 | M19: =Composições!$I$1478 -> 0.79 | N19: =(K19*H19+I19*L19+J19*M19)/1000 -> 0 | O19: =N19+G19 -> 8.1112
A21: M0082 | B21: Areia média lavada | C21: m³
B22: SICRO | C22: =C21 -> m³ | D22: 188.3175 | E22: =$E$9 -> 44743 | F22: =$F$9 -> 481.095 | G22: =TRUNC(($O$4/F22)*D22,4) -> 186.0088 | H22: 0 | I22: =$I$9 -> 22 | J22: =$J$9 -> 391 | K22: =Composições!$I$1504 -> 1.27 | L22: =Composições!$I$1530 -> 1.02 | M22: =Composições!$I$1556 -> 0.83 | N22: =(K22*H22+I22*L22+J22*M22)*1.5 -> 520.455 | O22: =N22+G22 -> 706.4638
A23: x | B23: Cotta Material de Construção | C23: =C22 -> m³ | D23: 78 | E23: 44866 | F23: 475.122 | G23: =TRUNC(($O$4/F23)*D23,4) -> 78.0123 | H23: 0 | I23: 0 | J23: 0 | K23: =Composições!$I$1504 -> 1.27 | L23: =Composições!$I$1530 -> 1.02 | M23: =Composições!$I$1556 -> 0.83 | N23: =(K23*H23+I23*L23+J23*M23)*1.5 -> 0 | O23: =N23+G23 -> 78.0123
A25: M0191 | B25: Brita 1 | C25: m³
B26: SICRO | C26: =C25 -> m³ | D26: 141.3314 | E26: =$E$9 -> 44743 | F26: =$F$9 -> 481.095 | G26: =TRUNC(($O$4/F26)*D26,4) -> 139.5987 | H26: 0 | I26: =$I$9 -> 22 | J26: =$J$9 -> 391 | K26: =Composições!$I$1504 -> 1.27 | L26: =Composições!$I$1530 -> 1.02 | M26: =Composições!$I$1556 -> 0.83 | N26: =(K26*H26+I26*L26+J26*M26)*1.5 -> 520.455 | O26: =N26+G26 -> 660.0537
A27: x | B27: Cotta Material de Construção | C27: =C26 -> m³ | D27: =112/1.45 -> 77.241379 | E27: 44866 | F27: 475.122 | G27: =TRUNC(($O$4/F27)*D27,4) -> 77.2535 | H27: 0 | I27: 0 | J27: 0 | K27: =Composições!$I$1504 -> 1.27 | L27: =Composições!$I$1530 -> 1.02 | M27: =Composições!$I$1556 -> 0.83 | N27: =(K27*H27+I27*L27+J27*M27)*1.5 -> 0 | O27: =N27+G27 -> 77.2535
A30: M0192 | B30: Brita 2 | C30: m³
B31: SICRO | C31: =C30 -> m³ | D31: 137.4277 | E31: =$E$9 -> 44743 | F31: =$F$9 -> 481.095 | G31: =TRUNC(($O$4/F31)*D31,4) -> 135.7429 | H31: 0 | I31: =$I$9 -> 22 | J31: =$J$9 -> 391 | K31: =Composições!$I$1504 -> 1.27 | L31: =Composições!$I$1530 -> 1.02 | M31: =Composições!$I$1556 -> 0.83 | N31: =(K31*H31+I31*L31+J31*M31)*1.5 -> 520.455 | O31: =N31+G31 -> 656.1979
A32: x | B32: Cotta Material de Construção | C32: =C31 -> m³ | D32: =112/1.45 -> 77.241379 | E32: 44866 | F32: 475.122 | G32: =TRUNC(($O$4/F32)*D32,4) -> 77.2535 | H32: 0 | I32: 0 | J32: 0 | K32: =Composições!$I$1504 -> 1.27 | L32: =Composições!$I$1530 -> 1.02 | M32: =Composições!$I$1556 -> 0.83 | N32: =(K32*H32+I32*L32+J32*M32)*1.5 -> 0 | O32: =N32+G32 -> 77.2535
A34: M0424 | B34: Cimento Portland CP II - 32 | C34: kg
A35: x | B35: SICRO | C35: =C34 -> kg | D35: 0.5522 | E35: =$E$9 -> 44743 | F35: =$F$9 -> 481.095 | G35: =TRUNC(($O$4/F35)*D35,4) -> 0.5454 | H35: 0 | I35: =$I$9 -> 22 | J35: =$J$9 -> 391 | K35: =Composições!$I$1504 -> 1.27 | L35: =Composições!$I$1530 -> 1.02 | M35: =Composições!$I$1556 -> 0.83 | N35: =(K35*H35+I35*L35+J35*M35)/1000 -> 0.34697 | O35: =N35+G35 -> 0.89237
A37: M1968 | B37: Defensa H2 A W4 | C37: m
A38: x | B38: Marangoni | C38: m | D38: 374.39 | E38: 44682 | F38: =O4 -> 475.197 | G38: =TRUNC(($O$4/F38)*D38,4) -> 374.39 | H38: 0 | I38: 0 | J38: 0 | K38: 0.97 | L38: 0.77 | M38: 0.62 | N38: =(K38*H38+I38*L38+J38*M38)/1000 -> 0 | O38: =N38+G38 -> 374.39
A40: S/C | B40: Poste Ornamental Republicano | C40: un
A41: x | B41: Ramos Comercial | C41: un | D41: 8143.6 | E41: 44896 | F41: =$O$4 -> 475.197 | G41: =TRUNC(($O$4/F41)*D41,4) -> 8143.6 | H41: 0 | I41: 0 | J41: 0 | K41: 0.97 | L41: 0.77 | M41: 0.62 | N41: =(K41*H41+I41*L41+J41*M41)/1000 -> 0 | O41: =N41+G41 -> 8143.6
A43: S/C | B43: Luminária fechada para iluminação pública, inclusive lâmpadas de Led 120W | C43: un
A44: x | B44: EcoSoli | C44: un | D44: 299.9 | E44: 44896 | F44: =$O$4 -> 475.197 | G44: =TRUNC(($O$4/F44)*D44,4) -> 299.9 | H44: 0 | I44: 0 | J44: 0 | K44: 0.97 | L44: 0.77 | M44: 0.62 | N44: =(K44*H44+I44*L44+J44*M44)/1000 -> 0 | O44: =N44+G44 -> 299.9
A46: S/C | B46: Refletor Led 30 W, 127 V | C46: un
A47: x | B47: Amazon | C47: un | D47: 49.91 | E47: 44896 | F47: =$O$4 -> 475.197 | G47: =TRUNC(($O$4/F47)*D47,4) -> 49.91 | H47: 0 | I47: 0 | J47: 0 | K47: 0.97 | L47: 0.77 | M47: 0.62 | N47: =(K47*H47+I47*L47+J47*M47)/1000 -> 0 | O47: =N47+G47 -> 49.91
A49: S/C | B49: Disjuntor termomagnetico monopolar padrão nema | C49: un
A50: x | B50: Amazon | C50: un | D50: 33.99 | E50: 44896 | F50: =$O$4 -> 475.197 | G50: =TRUNC(($O$4/F50)*D50,4) -> 33.99 | H50: 0 | I50: 0 | J50: 0 | K50: 0.97 | L50: 0.77 | M50: 0.62 | N50: =(K50*H50+I50*L50+J50*M50)/1000 -> 0 | O50: =N50+G50 -> 33.99
A52: S/C | B52: Cabo de cobre nú para aterramento - 6,00mm² | C52: m
A53: x | B53: Cetti Materiais Elétricos | C53: m | D53: 15.4 | E53: 44896 | F53: =$O$4 -> 475.197 | G53: =TRUNC(($O$4/F53)*D53,4) -> 15.4 | H53: 0 | I53: 0 | J53: 0 | K53: 0.97 | L53: 0.77 | M53: 0.62 | N53: =(K53*H53+I53*L53+J53*M53)/1000 -> 0 | O53: =N53+G53 -> 15.4
A55: S/C | B55: Cinta de ferro galvanizado, lisa com presilha | C55: un
A56: x | B56: Linkeletric | C56: un | D56: 7.25 | E56: 44896 | F56: =$O$4 -> 475.197 | G56: =TRUNC(($O$4/F56)*D56,4) -> 7.25 | H56: 0 | I56: 0 | J56: 0 | K56: 0.97 | L56: 0.77 | M56: 0.62 | N56: =(K56*H56+I56*L56+J56*M56)/1000 -> 0 | O56: =N56+G56 -> 7.25
A60: S/C | B60: Eletroduto de aço galvanizado eletrolítico, tipo leve I - 2" | C60: m
A61: x | B61: Copafer | C61: m | D61: 60.9 | E61: 44896 | F61: =$O$4 -> 475.197 | G61: =TRUNC(($O$4/F61)*D61,4) -> 60.9 | H61: 0 | I61: 0 | J61: 0 | K61: 0.97 | L61: 0.77 | M61: 0.62 | N61: =(K61*H61+I61*L61+J61*M61)/1000 -> 0 | O61: =N61+G61 -> 60.9
A63: S/C | B63: Curva 180 graus para eletroduto, PVC, roscável, dn 50 mm | C63: un
A64: x | B64: Copafer | C64: un | D64: 31.5 | E64: 44896 | F64: =$O$4 -> 475.197 | G64: =TRUNC(($O$4/F64)*D64,4) -> 31.5 | H64: 0 | I64: 0 | J64: 0 | K64: 0.97 | L64: 0.77 | M64: 0.62 | N64: =(K64*H64+I64*L64+J64*M64)/1000 -> 0 | O64: =N64+G64 -> 31.5
A66: S/C | B66: Duto espiral flexível singelo PEAD D=100mm | C66: m
A67: x | B67: Teky | C67: m | D67: 29.3 | E67: 44896 | F67: =$O$4 -> 475.197 | G67: =TRUNC(($O$4/F67)*D67,4) -> 29.3 | H67: 0 | I67: 0 | J67: 0 | K67: 0.97 | L67: 0.77 | M67: 0.62 | N67: =(K67*H67+I67*L67+J67*M67)/1000 -> 0 | O67: =N67+G67 -> 29.3
A69: S/C | B69: Duto espiral flexível singelo PEAD D=50mm | C69: m
A70: x | B70: Teky | C70: m | D70: 9.2 | E70: 44896 | F70: =$O$4 -> 475.197 | G70: =TRUNC(($O$4/F70)*D70,4) -> 9.2 | H70: 0 | I70: 0 | J70: 0 | K70: 0.97 | L70: 0.77 | M70: 0.62 | N70: =(K70*H70+I70*L70+J70*M70)/1000 -> 0 | O70: =N70+G70 -> 9.2
A72: S/C | B72: Caixa de passagem e tampa pré-moldadas em concreto, sem fundo, 40x40cm | C72: un
A73: x | B73: Atacado do Concreto | C73: un | D73: 109.9 | E73: 44896 | F73: =$O$4 -> 475.197 | G73: =TRUNC(($O$4/F73)*D73,4) -> 109.9 | H73: 0 | I73: 0 | J73: 0 | K73: 0.97 | L73: 0.77 | M73: 0.62 | N73: =(K73*H73+I73*L73+J73*M73)/1000 -> 0 | O73: =N73+G73 -> 109.9
A75: S/C | B75: Caixa de passagem de pvc 4x4 | C75: un
A76: x | B76: Eletronor | C76: un | D76: 3.2 | E76: 44896 | F76: =$O$4 -> 475.197 | G76: =TRUNC(($O$4/F76)*D76,4) -> 3.2 | H76: 0 | I76: 0 | J76: 0 | K76: 0.97 | L76: 0.77 | M76: 0.62 | N76: =(K76*H76+I76*L76+J76*M76)/1000 -> 0 | O76: =N76+G76 -> 3.2
A78: S/C | B78: Caixa de passagem e tampa pré-moldadas em concreto, sem fundo, 85x65x80cm | C78: un
A79: x | B79: Atacado do Concreto | C79: un | D79: 189.9 | E79: 44896 | F79: =$O$4 -> 475.197 | G79: =TRUNC(($O$4/F79)*D79,4) -> 189.9 | H79: 0 | I79: 0 | J79: 0 | K79: 0.97 | L79: 0.77 | M79: 0.62 | N79: =(K79*H79+I79*L79+J79*M79)/1000 -> 0 | O79: =N79+G79 -> 189.9
A81: S/C | B81: Instalação de fita de advertência subterrânea (7,6cmx300m) | C81: m
A82: x | B82: Seton | C82: m | D82: 270.7 | E82: 44896 | F82: =$O$4 -> 475.197 | G82: =TRUNC(($O$4/F82)*D82,4) -> 270.7 | H82: 0 | I82: 0 | J82: 0 | K82: 0.97 | L82: 0.77 | M82: 0.62 | N82: =(K82*H82+I82*L82+J82*M82)/1000 -> 0 | O82: =N82+G82 -> 270.7

Sheet Custo Equipamentos
A1: =Cronograma!A4 -> Obra: Ponte sob o rio Piracicaba
A2: =Cronograma!A5 -> Rodovia: Ligação entre Rua Quincas Honorato e Rua Rio Piracicaba
A3: =Cronograma!A6 -> Trecho: Ponto localizado
A4: =Cronograma!A7 -> Coordenadas: 19°45'54.13"S / 43° 1'45.24"O
A5: CÁLCULO DO CUSTO HORÁRIO DE EQUIPAMENTOS - DATA BASE DE JULHO/2022
A6: Código | B6: Equipamento | C6: Valor de Aquisição | D6: Deprecição | E6: Oportunidade de capital | F6: Seguro e impostos | G6: Manutenção | H6: Operação | I6: Mão de obra de operação | J6: Custo Produtivo | K6: Custo Improdutivo
L7: Potência | M7: Valor residual | O7: Via útil | P7: Horas trab | Q7: Vm | R7: i (juros) | S7: Coef Manut | T7: Coef Comb | U7: Diesel
A8: E9078 | B8: Treliça lançadeira com capacidade de carga de 120 a 150 t e vão máximo de 45 m - 110 kW | C8: 2853300 | D8: =ROUND((C8-N8)/(O8*P8),4) -> 76.088 | E8: 41.2777 | F8: 0 | G8: =ROUND((C8*S8)/(O8*P8),4) -> 47.555 | H8: 0 | I8: 34.5239 | J8: =D8+E8+F8+G8+H8+I8 -> 199.4446 | K8: =D8+E8+I8 -> 151.8896 | M8: 0.2 | N8: =C8*M8 -> 570660 | O8: 15 | P8: 2000 | Q8: =((O8+1)/(2*O8))*C8 -> 1521760 | R8: 0.06 | S8: 0.5
A9: S/C | B9: Treliça lançadeira com capacidade de carga de 30 t e vão máximo de 25 m | C9: 180000 | D9: =ROUND((C9-N9)/(O9*P9),4) -> 7.2 | E9: =ROUND(Q9*R9/P9,4) -> 2.97 | F9: 0 | G9: =ROUND((C9*S9)/(O9*P9),4) -> 4.5 | H9: 0 | I9: =I8 -> 34.5239 | J9: =D9+E9+F9+G9+H9+I9 -> 49.1939 | K9: =D9+E9+I9 -> 44.6939 | M9: 0.2 | N9: =C9*M9 -> 36000 | O9: 10 | P9: 2000 | Q9: =((O9+1)/(2*O9))*C9 -> 99000 | R9: 0.06 | S9: 0.5
A10: S/C | B10: Talha manual 10 ton com 5 metros de corrente | C10: 4058 | D10: =ROUND((C10-N10)/(O10*P10),4) -> 0.1623 | E10: =ROUND(Q10*R10/P10,4) -> 0.067 | F10: 0 | G10: =ROUND((C10*S10)/(O10*P10),4) -> 0.1015 | H10: 0 | I10: 0 | J10: =D10+E10+F10+G10+H10+I10 -> 0.3308 | K10: =D10+E10+I10 -> 0.2293 | M10: 0.2 | N10: =C10*M10 -> 811.6 | O10: 10 | P10: 2000 | Q10: =((O10+1)/(2*O10))*C10 -> 2231.9 | R10: 0.06 | S10: 0.5
A12: E9560 | B12: Ônibus com capacidade para 80 lugares - 175 kW | C12: 674536.48 | D12: =ROUND((C12-N12)/(O12*P12),4) -> 28.9087 | E12: 10.4553 | F12: 4.8181 | G12: =ROUND((C12*S12)/(O12*P12),4) -> 43.3631 | H12: 130.4098 | I12: 26.2354 | J12: =D12+E12+F12+G12+H12+I12 -> 244.1904 | K12: =D12+E12+F12+I12 -> 70.4175 | L12: 175 | M12: 0.4 | N12: =C12*M12 -> 269814.59 | O12: 7 | P12: 2000 | Q12: =((O12+1)/(2*O12))*C12 -> 385449.42 | R12: 0.06 | S12: 0.9 | T12: 0.18 | U12: 3.0063
A13: E9125 | B13: Van furgão - 93 kW | C13: 163714.63 | D13: =ROUND((C13-N13)/(O13*P13),4) -> 8.1857 | E13: 2.5904 | F13: 1.1938 | G13: =ROUND((C13*S13)/(O13*P13),4) -> 8.1857 | H13: 18.2378 | I13: 24.912 | J13: =D13+E13+F13+G13+H13+I13 -> 63.3054 | K13: =D13+E13+F13+I13 -> 36.8819 | L13: 93 | M13: 0.4 | N13: =C13*M13 -> 65485.852 | O13: 6 | P13: 2000 | Q13: =((O13+1)/(2*O13))*C13 -> 95500.201 | R13: 0.06 | S13: 0.6 | T13: 0.18 | U13: 3.0063
A14: S/C | B14: Van passageiro - 93 kW | C14: 96664.65 | D14: =ROUND((C14-N14)/(O14*P14),4) -> 4.8332 | E14: =ROUND(Q14*R14/P14,4) -> 1.6916 | F14: =ROUND((C14/C13)*F13,4) -> 0.7049 | G14: =ROUND((C14*S14)/(O14*P14),4) -> 4.8332 | H14: =H13 -> 18.2378 | I14: ='Mão de obra'!E16 -> 21.8506 | J14: =D14+E14+F14+G14+H14+I14 -> 52.1513 | K14: =D14+E14+F14+I14 -> 29.0803 | L14: 93 | M14: 0.4 | N14: =C14*M14 -> 38665.86 | O14: 6 | P14: 2000 | Q14: =((O14+1)/(2*O14))*C14 -> 56387.713 | R14: 0.06 | S14: 0.6 | T14: 0.18 | U14: 3.0063
J15: Custo Sem Motorista: | K15: =K14-I14 -> 7.2297
